Workbook

Sheet Überblick
B3: Hinweise zum Umgang mit den Planungstabellen
B6: Unten finden Sie in den farbigen Registern zu jedem Handlungsfeld eine eigene Planungstabelle.
B10: Tragen Sie dort zeilenweise die Klimaschutzmaßnahmen ein, die Ihre Schule umsetzen möchten oder bereits umgesetzt hat. Auch Maßnahmen, die in der Vergangenheit bereits umgesetzt worden sind, können zur Dokumentation eingetragen werden. Zusätzlich müssen aber auch immer zukünftige Maßnahmen in einem Handlungsfeld enthalten sein. Für die Erstzertifizierung sind die ersten acht Handlungsfelder relevant. Die letzten drei Handlungsfelder sind freiwillig. Für die Rezertifizierung ist zusätzlich das Handlungsfeld "17 SDGs" in den Zertifizierungsstufen Silber und Gold verpflichtend.
B11: Im Reiter "CO2-Reduktionspfad" entwicklen Schulen, die in der Zertifizierungsstufe Gold ausgezeichnet werden möchten, einen CO2-Reduktionspfad für die kommenden 10 Jahre. Bei Schwierigkeiten im Umgang mit den Vorlagen finden Sie im Reiter "FAQ" weitere Hinweise sowie auf der Website des Programms Klimaschule Bayern: www.klimaschule.bayern.de/klimaschutzplan/. Gerne können Sie sich auch an die Landeskoordination des Programms Klimaschule wenden: info@klimaschule.bayern.de
B12: Basisangaben (bitte ausfüllen)
B13: Bitte tragen Sie im Folgenden ein, wann die Bewerbung zur Erstzertifizierung geplant ist. Das Kalenderjahr für die 2. oder 3. Bewerbungen wird erst eingetragen, wenn die 2. bzw. 3. Bewerbung erfolgt.
B14: Zeitpunkt der ersten Bewerbung zur Klimaschule | F14: 2025
B16: Zeitpunkt der zweiten Bewerbung (Rezertifierung) | F16: 2026
B18: Zeitpunkt dritten Bewerbung (Rezertifierung)
B21: Überblick über die Anzahl der Maßnahmen im Klimaschutzplans (Erstzertifizierung)
B22: Die folgende Übersicht gibt einen Überblick über die Anzahl der Maßnahmen im Klimaschutzplan und spiegelt den aktuellen Stand der Umsetzung wider. Darin enthalten sind auch diejenigen Maßnahmen, die in den freiwilligen Handlungsfeldern "Klimawandelanpassung", "Weitere Projekte zu den 17 Nachhaltigkeitszielen" sowie "Kompensation" aufgeführt sind. Die Übersicht wird automatisch ergänzt und erfordert hier keine eigenen Eintragungen. Die rote Kategorie "Anzahl der nicht umsetzbaren Maßnahmen" wird in der Regel erst beim zweiten Klimachutzplan (Rezertifizierung) relevant, wenn geplante Klimaschutzmaßnahmen nicht umgesetzt werden konnten.
C25: Anzahl aller Maßnahmen im Klimaschutzplan | E25: =COUNTA(Abfall!E8:E13,Einkauf!E8:E13,Ernährung!E11:E15,Kommunikation!E8:E13,Kohlenstoffbindung!E8:E12,Mobilität!E8:E13,Strom!E8:E13,Wärme!E8:E13,'17 SDGs'!E8:E11,'KW-Anpassung'!E8:E12,Kompensation!D19:D28) -> 34
C27: Anzahl der umgesetzen Maßnahmen | E27: =COUNTIF(Abfall!E8:E13,"umgesetzt")+COUNTIF(Einkauf!E8:E13,"umgesetzt")+COUNTIF(Ernährung!E11:E15,"umgesetzt")+COUNTIF(Kommunikation!E8:E13,"umgesetzt")+COUNTIF(Kohlenstoffbindung!E8:E12,"umgesetzt")+COUNTIF(Mobilität!E8:E13,"umgesetzt")+COUNTIF(Strom!E8:E13,"umgesetzt")+COUNTIF(Wärme!E8:E13,"umgesetzt")+COUNTIF('17 SDGs'!E8:E11,"umgesetzt")+ COUNTIF('KW-Anpassung'!E8:E12,"umgesetzt")+COUNTIF(Kompensation!D19:D28,"umgesetzt")+COUNTIF(Abfall!E8:E13,"wird laufend umgesetzt")+COUNTIF(Einkauf!E8:E13,"wird laufend umgesetzt")+COUNTIF(Ernährung!E11:E15,"wird laufend umgesetzt")+COUNTIF(Kommunikation!E8:E13,"wird laufend umgesetzt")+COUNTIF(Kohlenstoffbindung!E8:E12,"wird laufend umgesetzt")+COUNTIF(Mobilität!E8:E13,"wird laufend umgesetzt")+COUNTIF(Strom!E8:E13,"wird laufend umgesetzt")+COUNTIF(Wärme!E8:E13,"wird laufend umgesetzt")+COUNTIF('17 SDGs'!E8:E11,"wird laufend umgesetzt")+ COUNTIF('KW-Anpassung'!E8:E12,"wird laufend umgesetzt")+COUNTIF(Kompensation!D19:D28,"wird laufend umgesetzt") -> 21
C29: Anzahl der in Umsetzung befindlichen Maßnahmen | E29: =COUNTIF(Abfall!E8:E13,"in Umsetzung (Anfang)")+COUNTIF(Einkauf!E8:E13,"in Umsetzung (Anfang)")+COUNTIF(Ernährung!E11:E15,"in Umsetzung (Anfang)")+COUNTIF(Kommunikation!E8:E13,"in Umsetzung (Anfang)")+COUNTIF(Kohlenstoffbindung!E8:E12,"in Umsetzung (Anfang)")+COUNTIF(Mobilität!E8:E13,"in Umsetzung (Anfang)")+COUNTIF(Strom!E8:E13,"in Umsetzung (Anfang)")+COUNTIF(Wärme!E8:E13,"in Umsetzung (Anfang)")+COUNTIF('17 SDGs'!E8:E11,"in Umsetzung (Anfang)")+ COUNTIF('KW-Anpassung'!E8:E12,"in Umsetzung (Anfang)")+COUNTIF(Kompensation!D19:D28,"in Umsetzung (Anfang)")+COUNTIF(Abfall!E8:E9,"in Umsetzung (Mitte)")+COUNTIF(Einkauf!E8:E13,"in Umsetzung (Mitte)")+COUNTIF(Ernährung!E11:E15,"in Umsetzung (Mitte)")+COUNTIF(Kommunikation!E8:E13,"in Umsetzung (Mitte)")+COUNTIF(Kohlenstoffbindung!E8:E12,"in Umsetzung (Mitte)")+COUNTIF(Mobilität!E8:E13,"in Umsetzung (Mitte)")+COUNTIF(Strom!E8:E13,"in Umsetzung (Mitte)")+COUNTIF(Wärme!E8:E13,"in Umsetzung (Mitte)")+COUNTIF('17 SDGs'!E8:E11,"in Umsetzung (Mitte)")+ COUNTIF('KW-Anpassung'!E8:E12,"in Umsetzung (Mitte)")+COUNTIF(Kompensation!D19:D28,"in Umsetzung (Mitte)")+COUNTIF(Abfall!E8:E13,"in Umsetzung (Ende)")+COUNTIF(Einkauf!E8:E13,"in Umsetzung (Ende)")+COUNTIF(Ernährung!E11:E15,"in Umsetzung (Ende)")+COUNTIF(Kommunikation!E8:E13,"in Umsetzung (Ende)")+COUNTIF(Kohlenstoffbindung!E8:E12,"in Umsetzung (Ende)")+COUNTIF(Mobilität!E8:E13,"in Umsetzung (Ende)")+COUNTIF(Strom!E8:E13,"in Umsetzung (Ende)")+COUNTIF(Wärme!E8:E13,"in Umsetzung (Ende)")+COUNTIF('17 SDGs'!E8:E11,"in Umsetzung (Ende)")+ COUNTIF('KW-Anpassung'!E8:E12,"in Umsetzung (Ende)")+COUNTIF(Kompensation!D19:D28,"in Umsetzung (Ende)") -> 7
C31: Anzahl der zukünftig geplanten Maßnahmen | E31: =COUNTIF(Abfall!E8:E13,"zukünftiger Termin")+COUNTIF(Einkauf!E8:E13,"zukünftiger Termin")+COUNTIF(Ernährung!E11:E15,"zukünftiger Termin")+COUNTIF(Kommunikation!E8:E13,"zukünftiger Termin")+COUNTIF(Kohlenstoffbindung!E8:E12,"zukünftiger Termin")+COUNTIF(Mobilität!E8:E13,"zukünftiger Termin")+COUNTIF(Strom!E8:E13,"zukünftiger Termin")+COUNTIF(Wärme!E8:E13,"zukünftiger Termin")+COUNTIF('17 SDGs'!E8:E11,"zukünftiger Termin")+ COUNTIF('KW-Anpassung'!E8:E12,"zukünftiger Termin")+COUNTIF(Kompensation!D19:D28,"zukünftiger Termin") -> 6
C33: Anzahl der nicht umsetzbaren Maßnahmen | E33: =COUNTIF(Abfall!E8:E13,"bisher nicht umgesetzt")+COUNTIF(Einkauf!E8:E13,"bisher nicht umgesetzt")+COUNTIF(Ernährung!E11:E15,"bisher nicht umgesetzt")+COUNTIF(Kommunikation!E8:E13,"bisher nicht umgesetzt")+COUNTIF(Kohlenstoffbindung!E8:E12,"bisher nicht umgesetzt")+COUNTIF(Mobilität!E8:E13,"bisher nicht umgesetzt")+COUNTIF(Strom!E8:E13,"bisher nicht umgesetzt")+COUNTIF(Wärme!E8:E13,"bisher nicht umgesetzt")+COUNTIF('17 SDGs'!E8:E11,"bisher nicht umgesetzt")+ COUNTIF('KW-Anpassung'!E8:E12,"bisher nicht umgesetzt")+COUNTIF(Kompensation!D19:D28,"bisher nicht umgesetzt")+ COUNTIF(Abfall!E8:E13,"Umsetzung nicht möglich")+COUNTIF(Einkauf!E8:E13,"Umsetzung nicht möglich")+COUNTIF(Ernährung!E11:E15,"Umsetzung nicht möglich")+COUNTIF(Kommunikation!E8:E13,"Umsetzung nicht möglich")+COUNTIF(Kohlenstoffbindung!E8:E12,"Umsetzung nicht möglich")+COUNTIF(Mobilität!E8:E13,"Umsetzung nicht möglich")+COUNTIF(Strom!E8:E13,"Umsetzung nicht möglich")+COUNTIF(Wärme!E8:E13,"Umsetzung nicht möglich")+COUNTIF('17 SDGs'!E8:E11,"Umsetzung nicht möglich")+ COUNTIF('KW-Anpassung'!E8:E12,"Umsetzung nicht möglich")+COUNTIF(Kompensation!D19:D28,"Umsetzung nicht möglich") -> 0
B38: Überblick über die Anzahl der Maßnahmen im Klimaschutzplans (1. Rezertifizierung)
B39: Die folgende Übersicht gibt einen Überblick über die Anzahl der Maßnahmen im Klimaschutzplan und spiegelt den Stand der Umsetzung zum Zeitpunkt der ersten Rezertifizierung wider. Die Übersicht wird ebenfalls automatisch ergänzt und erfordert keine eigenen Eintragungen.
C42: Anzahl aller Maßnahmen im Klimaschutzplan | E42: =COUNTA(Abfall!F8:F13,Einkauf!F8:F13,Ernährung!F11:F15,Kommunikation!F8:F13,Kohlenstoffbindung!F8:F12,Mobilität!F8:F13,Strom!F8:F13,Wärme!F8:F13,'17 SDGs'!F8:F11,'KW-Anpassung'!F8:F12,Kompensation!E19:E28) -> 41
C44: Anzahl der umgesetzen Maßnahmen | E44: =COUNTIF(Abfall!F8:F13,"umgesetzt")+COUNTIF(Einkauf!F8:F13,"umgesetzt")+COUNTIF(Ernährung!F11:F15,"umgesetzt")+COUNTIF(Kommunikation!F8:F13,"umgesetzt")+COUNTIF(Kohlenstoffbindung!F8:F12,"umgesetzt")+COUNTIF(Mobilität!F8:F13,"umgesetzt")+COUNTIF(Strom!F8:F13,"umgesetzt")+COUNTIF(Wärme!F8:F13,"umgesetzt")+COUNTIF('17 SDGs'!F8:F11,"umgesetzt")+ COUNTIF('KW-Anpassung'!F8:F12,"umgesetzt")+COUNTIF(Kompensation!E19:E28,"umgesetzt")+COUNTIF(Abfall!F8:F13,"wird laufend umgesetzt")+COUNTIF(Einkauf!F8:F13,"wird laufend umgesetzt")+COUNTIF(Ernährung!F11:F15,"wird laufend umgesetzt")+COUNTIF(Kommunikation!F8:F13,"wird laufend umgesetzt")+COUNTIF(Kohlenstoffbindung!F8:F12,"wird laufend umgesetzt")+COUNTIF(Mobilität!F8:F13,"wird laufend umgesetzt")+COUNTIF(Strom!F8:F13,"wird laufend umgesetzt")+COUNTIF(Wärme!F8:F13,"wird laufend umgesetzt")+COUNTIF('17 SDGs'!F8:F11,"wird laufend umgesetzt")+ COUNTIF('KW-Anpassung'!F8:F12,"wird laufend umgesetzt")+COUNTIF(Kompensation!E19:E28,"wird laufend umgesetzt") -> 33
C46: Anzahl der in Umsetzung befindlichen Maßnahmen | E46: =COUNTIF(Abfall!F8:F13,"in Umsetzung (Anfang)")+COUNTIF(Einkauf!F8:F13,"in Umsetzung (Anfang)")+COUNTIF(Ernährung!F11:F15,"in Umsetzung (Anfang)")+COUNTIF(Kommunikation!F8:F13,"in Umsetzung (Anfang)")+COUNTIF(Kohlenstoffbindung!F8:F12,"in Umsetzung (Anfang)")+COUNTIF(Mobilität!F8:F13,"in Umsetzung (Anfang)")+COUNTIF(Strom!F8:F13,"in Umsetzung (Anfang)")+COUNTIF(Wärme!F8:F13,"in Umsetzung (Anfang)")+COUNTIF('17 SDGs'!F8:F11,"in Umsetzung (Anfang)")+ COUNTIF('KW-Anpassung'!F8:F12,"in Umsetzung (Anfang)")+COUNTIF(Kompensation!E19:E28,"in Umsetzung (Anfang)")+COUNTIF(Abfall!E8:E9,"in Umsetzung (Mitte)")+COUNTIF(Einkauf!F8:F13,"in Umsetzung (Mitte)")+COUNTIF(Ernährung!F11:F15,"in Umsetzung (Mitte)")+COUNTIF(Kommunikation!F8:F13,"in Umsetzung (Mitte)")+COUNTIF(Kohlenstoffbindung!F8:F12,"in Umsetzung (Mitte)")+COUNTIF(Mobilität!F8:F13,"in Umsetzung (Mitte)")+COUNTIF(Strom!F8:F13,"in Umsetzung (Mitte)")+COUNTIF(Wärme!F8:F13,"in Umsetzung (Mitte)")+COUNTIF('17 SDGs'!F8:F11,"in Umsetzung (Mitte)")+ COUNTIF('KW-Anpassung'!F8:F12,"in Umsetzung (Mitte)")+COUNTIF(Kompensation!E19:E28,"in Umsetzung (Mitte)")+COUNTIF(Abfall!F8:F13,"in Umsetzung (Ende)")+COUNTIF(Einkauf!F8:F13,"in Umsetzung (Ende)")+COUNTIF(Ernährung!F11:F15,"in Umsetzung (Ende)")+COUNTIF(Kommunikation!F8:F13,"in Umsetzung (Ende)")+COUNTIF(Kohlenstoffbindung!F8:F12,"in Umsetzung (Ende)")+COUNTIF(Mobilität!F8:F13,"in Umsetzung (Ende)")+COUNTIF(Strom!F8:F13,"in Umsetzung (Ende)")+COUNTIF(Wärme!F8:F13,"in Umsetzung (Ende)")+COUNTIF('17 SDGs'!F8:F11,"in Umsetzung (Ende)")+ COUNTIF('KW-Anpassung'!F8:F12,"in Umsetzung (Ende)")+COUNTIF(Kompensation!E19:E28,"in Umsetzung (Ende)") -> 2
C48: Anzahl der zukünftig geplanten Maßnahmen | E48: =COUNTIF(Abfall!F8:F13,"zukünftiger Termin")+COUNTIF(Einkauf!F8:F13,"zukünftiger Termin")+COUNTIF(Ernährung!F11:F15,"zukünftiger Termin")+COUNTIF(Kommunikation!F8:F13,"zukünftiger Termin")+COUNTIF(Kohlenstoffbindung!F8:F12,"zukünftiger Termin")+COUNTIF(Mobilität!F8:F13,"zukünftiger Termin")+COUNTIF(Strom!F8:F13,"zukünftiger Termin")+COUNTIF(Wärme!F8:F13,"zukünftiger Termin")+COUNTIF('17 SDGs'!F8:F11,"zukünftiger Termin")+ COUNTIF('KW-Anpassung'!F8:F12,"zukünftiger Termin")+COUNTIF(Kompensation!E19:E28,"zukünftiger Termin") -> 5
C50: Anzahl der nicht umsetzbaren Maßnahmen | E50: =COUNTIF(Abfall!F8:F13,"bisher nicht umgesetzt")+COUNTIF(Einkauf!F8:F13,"bisher nicht umgesetzt")+COUNTIF(Ernährung!F11:F15,"bisher nicht umgesetzt")+COUNTIF(Kommunikation!F8:F13,"bisher nicht umgesetzt")+COUNTIF(Kohlenstoffbindung!F8:F12,"bisher nicht umgesetzt")+COUNTIF(Mobilität!F8:F13,"bisher nicht umgesetzt")+COUNTIF(Strom!F8:F13,"bisher nicht umgesetzt")+COUNTIF(Wärme!F8:F13,"bisher nicht umgesetzt")+COUNTIF('17 SDGs'!F8:F11,"bisher nicht umgesetzt")+ COUNTIF('KW-Anpassung'!F8:F12,"bisher nicht umgesetzt")+COUNTIF(Kompensation!E19:E28,"bisher nicht umgesetzt")+ COUNTIF(Abfall!F8:F13,"Umsetzung nicht möglich")+COUNTIF(Einkauf!F8:F13,"Umsetzung nicht möglich")+COUNTIF(Ernährung!F11:F15,"Umsetzung nicht möglich")+COUNTIF(Kommunikation!F8:F13,"Umsetzung nicht möglich")+COUNTIF(Kohlenstoffbindung!F8:F12,"Umsetzung nicht möglich")+COUNTIF(Mobilität!F8:F13,"Umsetzung nicht möglich")+COUNTIF(Strom!F8:F13,"Umsetzung nicht möglich")+COUNTIF(Wärme!F8:F13,"Umsetzung nicht möglich")+COUNTIF('17 SDGs'!F8:F11,"Umsetzung nicht möglich")+ COUNTIF('KW-Anpassung'!F8:F12,"Umsetzung nicht möglich")+COUNTIF(Kompensation!E19:E28,"Umsetzung nicht möglich") -> 0
B56: Überblick über die Anzahl der Maßnahmen im Klimaschutzplans (2. Rezertifizierung)
B57: Die folgende Übersicht gibt einen Überblick über die Anzahl der Maßnahmen im Klimaschutzplan und spiegelt den Stand der Umsetzung zum Zeitpunkt der zweiten Rezertifizierung wider. Die Übersicht wird ebenfalls automatisch ergänzt und erfordert keine eigenen Eintragungen.
C60: Anzahl aller Maßnahmen im Klimaschutzplan | E60: =COUNTA(Abfall!G8:G13,Einkauf!G8:G13,Ernährung!G11:G15,Kommunikation!G8:G13,Kohlenstoffbindung!G8:G12,Mobilität!G8:G13,Strom!G8:G13,Wärme!G8:G13,'17 SDGs'!G8:G11,'KW-Anpassung'!G8:G12,Kompensation!F19:F28) -> 0
C62: Anzahl der umgesetzen Maßnahmen | E62: =COUNTIF(Abfall!G8:G13,"umgesetzt")+COUNTIF(Einkauf!G8:G13,"umgesetzt")+COUNTIF(Ernährung!G11:G15,"umgesetzt")+COUNTIF(Kommunikation!G8:G13,"umgesetzt")+COUNTIF(Kohlenstoffbindung!G8:G12,"umgesetzt")+COUNTIF(Mobilität!G8:G13,"umgesetzt")+COUNTIF(Strom!G8:G13,"umgesetzt")+COUNTIF(Wärme!G8:G13,"umgesetzt")+COUNTIF('17 SDGs'!G8:G11,"umgesetzt")+ COUNTIF('KW-Anpassung'!G8:G12,"umgesetzt")+COUNTIF(Kompensation!F19:F28,"umgesetzt")+COUNTIF(Abfall!G8:G13,"wird laufend umgesetzt")+COUNTIF(Einkauf!G8:G13,"wird laufend umgesetzt")+COUNTIF(Ernährung!G11:G15,"wird laufend umgesetzt")+COUNTIF(Kommunikation!G8:G13,"wird laufend umgesetzt")+COUNTIF(Kohlenstoffbindung!G8:G12,"wird laufend umgesetzt")+COUNTIF(Mobilität!G8:G13,"wird laufend umgesetzt")+COUNTIF(Strom!G8:G13,"wird laufend umgesetzt")+COUNTIF(Wärme!G8:G13,"wird laufend umgesetzt")+COUNTIF('17 SDGs'!G8:G11,"wird laufend umgesetzt")+ COUNTIF('KW-Anpassung'!G8:G12,"wird laufend umgesetzt")+COUNTIF(Kompensation!F19:F28,"wird laufend umgesetzt") -> 0
C64: Anzahl der in Umsetzung befindlichen Maßnahmen | E64: =COUNTIF(Abfall!G8:G13,"in Umsetzung (Anfang)")+COUNTIF(Einkauf!G8:G13,"in Umsetzung (Anfang)")+COUNTIF(Ernährung!G11:G15,"in Umsetzung (Anfang)")+COUNTIF(Kommunikation!G8:G13,"in Umsetzung (Anfang)")+COUNTIF(Kohlenstoffbindung!G8:G12,"in Umsetzung (Anfang)")+COUNTIF(Mobilität!G8:G13,"in Umsetzung (Anfang)")+COUNTIF(Strom!G8:G13,"in Umsetzung (Anfang)")+COUNTIF(Wärme!G8:G13,"in Umsetzung (Anfang)")+COUNTIF('17 SDGs'!G8:G11,"in Umsetzung (Anfang)")+ COUNTIF('KW-Anpassung'!G8:G12,"in Umsetzung (Anfang)")+COUNTIF(Kompensation!F19:F28,"in Umsetzung (Anfang)")+COUNTIF(Abfall!E8:E9,"in Umsetzung (Mitte)")+COUNTIF(Einkauf!G8:G13,"in Umsetzung (Mitte)")+COUNTIF(Ernährung!G11:G15,"in Umsetzung (Mitte)")+COUNTIF(Kommunikation!G8:G13,"in Umsetzung (Mitte)")+COUNTIF(Kohlenstoffbindung!G8:G12,"in Umsetzung (Mitte)")+COUNTIF(Mobilität!G8:G13,"in Umsetzung (Mitte)")+COUNTIF(Strom!G8:G13,"in Umsetzung (Mitte)")+COUNTIF(Wärme!G8:G13,"in Umsetzung (Mitte)")+COUNTIF('17 SDGs'!G8:G11,"in Umsetzung (Mitte)")+ COUNTIF('KW-Anpassung'!G8:G12,"in Umsetzung (Mitte)")+COUNTIF(Kompensation!F19:F28,"in Umsetzung (Mitte)")+COUNTIF(Abfall!G8:G13,"in Umsetzung (Ende)")+COUNTIF(Einkauf!G8:G13,"in Umsetzung (Ende)")+COUNTIF(Ernährung!G11:G15,"in Umsetzung (Ende)")+COUNTIF(Kommunikation!G8:G13,"in Umsetzung (Ende)")+COUNTIF(Kohlenstoffbindung!G8:G12,"in Umsetzung (Ende)")+COUNTIF(Mobilität!G8:G13,"in Umsetzung (Ende)")+COUNTIF(Strom!G8:G13,"in Umsetzung (Ende)")+COUNTIF(Wärme!G8:G13,"in Umsetzung (Ende)")+COUNTIF('17 SDGs'!G8:G11,"in Umsetzung (Ende)")+ COUNTIF('KW-Anpassung'!G8:G12,"in Umsetzung (Ende)")+COUNTIF(Kompensation!F19:F28,"in Umsetzung (Ende)") -> 0
C66: Anzahl der zukünftig geplanten Maßnahmen | E66: =COUNTIF(Abfall!G8:G13,"zukünftiger Termin")+COUNTIF(Einkauf!G8:G13,"zukünftiger Termin")+COUNTIF(Ernährung!G11:G15,"zukünftiger Termin")+COUNTIF(Kommunikation!G8:G13,"zukünftiger Termin")+COUNTIF(Kohlenstoffbindung!G8:G12,"zukünftiger Termin")+COUNTIF(Mobilität!G8:G13,"zukünftiger Termin")+COUNTIF(Strom!G8:G13,"zukünftiger Termin")+COUNTIF(Wärme!G8:G13,"zukünftiger Termin")+COUNTIF('17 SDGs'!G8:G11,"zukünftiger Termin")+ COUNTIF('KW-Anpassung'!G8:G12,"zukünftiger Termin")+COUNTIF(Kompensation!F19:F28,"zukünftiger Termin") -> 0
C68: Anzahl der nicht umsetzbaren Maßnahmen | E68: =COUNTIF(Abfall!G8:G13,"bisher nicht umgesetzt")+COUNTIF(Einkauf!G8:G13,"bisher nicht umgesetzt")+COUNTIF(Ernährung!G11:G15,"bisher nicht umgesetzt")+COUNTIF(Kommunikation!G8:G13,"bisher nicht umgesetzt")+COUNTIF(Kohlenstoffbindung!G8:G12,"bisher nicht umgesetzt")+COUNTIF(Mobilität!G8:G13,"bisher nicht umgesetzt")+COUNTIF(Strom!G8:G13,"bisher nicht umgesetzt")+COUNTIF(Wärme!G8:G13,"bisher nicht umgesetzt")+COUNTIF('17 SDGs'!G8:G11,"bisher nicht umgesetzt")+ COUNTIF('KW-Anpassung'!G8:G12,"bisher nicht umgesetzt")+COUNTIF(Kompensation!F19:F28,"bisher nicht umgesetzt")+ COUNTIF(Abfall!G8:G13,"Umsetzung nicht möglich")+COUNTIF(Einkauf!G8:G13,"Umsetzung nicht möglich")+COUNTIF(Ernährung!G11:G15,"Umsetzung nicht möglich")+COUNTIF(Kommunikation!G8:G13,"Umsetzung nicht möglich")+COUNTIF(Kohlenstoffbindung!G8:G12,"Umsetzung nicht möglich")+COUNTIF(Mobilität!G8:G13,"Umsetzung nicht möglich")+COUNTIF(Strom!G8:G13,"Umsetzung nicht möglich")+COUNTIF(Wärme!G8:G13,"Umsetzung nicht möglich")+COUNTIF('17 SDGs'!G8:G11,"Umsetzung nicht möglich")+ COUNTIF('KW-Anpassung'!G8:G12,"Umsetzung nicht möglich")+COUNTIF(Kompensation!F19:F28,"Umsetzung nicht möglich") -> 0
B75: Version: 15.11.2024

Sheet CO2-Reduktionspfad_alt
A2: Der CO2-Reduktionspfad
A4: Schulen, die die Zertifizierungsstufe Klimaschule Gold, müssen einen CO2-Reduktionspfad für die nächsten 10 Jahre, ausgehend von der ersten Treibhausgasbilanz der Schule, entwicklen. Der CO2-Reduktionspfad ergibt sich aus den geplanten Klimaschutzmaßnahmen und den damit verbunden CO2-Einsparpotentialen, die von Schulen mithilfe des CO2-Einsparungsrechner berechnet werden müssen.
A6: Ausgangssituation (Bitte ausfüllen)
A8: Kalenderjahr der ersten Treibhausgasbilanz | C8: 2022
A10: Ergebnis des ersten Treibhausgasbilanz in Tonnen laut des CO2-Rechners für Schulen | C10: 415.4
B16: Geplante jährliche CO2-Einsparung aller Maßnahmen laut Klimaschutzplan 10 Jahre im voraus. Hierbei handelt es sich um Maßnahmen, die dauerhaft den CO2-Fußabdruck der Schule senken. | C16: =(Abfall!#REF!+Ernährung!J16+Einkauf!J14+Kohlenstoffbindung!J13+Kommunikation!J22+Mobilität!J17+Strom!J16+Wärme!J15)/1000 -> #REF!
B17: Geplante prozentuale Einsparung im Vergleich zum ersten Treibhausgasbilanz. | C17: =C16/C10 -> #REF! | E17: Die geplante Einsparung wird ab der ersten Startbilanz gleichmäßig auf die folgenden 10 Jahre verteilt und liefert den geplanten CO2-Reduktionspfad
B18: Gesamte geplante Kompensationsleistung laut Klimaschutzplan | C18: =Kompensation!H29/1000 -> 0
C23: ="Startbilanz "&CHAR(10)&C8 -> Startbilanz 2022 | D23: =C8+1 -> 2023 | E23: =D23+1 -> 2024 | F23: =E23+1 -> 2025 | G23: =F23+1 -> 2026 | H23: =G23+1 -> 2027 | I23: =H23+1 -> 2028 | J23: =I23+1 -> 2029 | K23: =J23+1 -> 2030 | L23: =K23+1 -> 2031 | M23: =L23+1 -> 2032
A24: Real ohne Kompensation | B24: Reale Treibhausgasemissionen laut CO2-Rechner für Schulen ohne Kompensationsmaßnahmen (bitte eintragen) | C24: =C10 -> 415.4 | F24: 450 | I24: 452 | L24: 530
A25: Real mit Kompensation | B25: Reale Treibhausgasemissionen laut CO2-Rechner für Schulen mit Kompensationsmaßnahmen (bitte eintragen) | C25: 250 | F25: 350 | I25: 325 | K25: 230
A26: Ziele ohne Kompensation | B26: CO2-Emissionsziele der Schule laut Klimaschutzplan ohne Kompensationsmaßnahmen | C26: =C24 -> 415.4 | D26: =C26-(0.1*C16) -> #REF! | E26: =C26-(0.2*C16) -> #REF! | F26: =C10-(0.3*C16) -> #REF! | G26: =C26-(0.4*C16) -> #REF! | H26: =C26-(0.5*C16) -> #REF! | I26: =C26-(0.6*C16) -> #REF! | J26: =C26-(0.7*C16) -> #REF! | K26: =C26-(0.8*C16) -> #REF! | L26: =C26-(0.9*C16) -> #REF! | M26: =C26-C16 -> #REF! | O26: gleichmäßige Verteilung ist für mich ok
A27: Ziele mit Kompensation | B27: CO2-Emissionsziele der Schule laut Klimaschutzplan mit Kompensationsmaßnahmen | C27: =C24 -> 415.4 | D27: =D26-(0.1*C18) -> #REF! | E27: =E26-(0.1*C18) -> #REF! | F27: =F26-C18*0.1 -> #REF! | G27: =G26-(0.1*C18) -> #REF! | H27: =H26-(0.1*C18) -> #REF! | I27: =I26-(0.1*C18) -> #REF! | J27: =J26-(0.1*C18) -> #REF! | K27: =K26-(0.1*C18) -> #REF! | L27: =L26-(0.1*C18) -> #REF! | M27: =M26-(0.1*C18) -> #REF!
B28: CO2-Emissionsziele der Schule laut Klimaschutzplan mit Kompensationsmaßnahmen | C28: =C24 -> 415.4 | D28: =Tabelle33[[#This Row],[0]]-IF(Kompensation!I19='CO2-Reduktionspfad_alt'!C8+1,Kompensation!H19/1000,0)-IF(Kompensation!I20='CO2-Reduktionspfad_alt'!C8+1,Kompensation!H20/1000,0)-IF(Kompensation!I21='CO2-Reduktionspfad_alt'!C8+1,Kompensation!H21/1000,0)-IF(Kompensation!I22='CO2-Reduktionspfad_alt'!C8+1,Kompensation!H22/1000,0)-IF(Kompensation!#REF!='CO2-Reduktionspfad_alt'!C8+1,Kompensation!#REF!/1000,0)-IF(Kompensation!I29='CO2-Reduktionspfad_alt'!C8+1,Kompensation!H29/1000,0)-IF(Kompensation!I30='CO2-Reduktionspfad_alt'!C8+1,Kompensation!H30/1000,0)-IF(Kompensation!#REF!='CO2-Reduktionspfad_alt'!C8+1,Kompensation!#REF!/1000,0) -> #REF! | E28: =E27-(0.1*C19) -> #REF! | F28: =F27-C19*0.1 -> #REF! | G28: =G27-(0.1*C19) -> #REF! | H28: =H27-(0.1*C19) -> #REF! | I28: =I27-(0.1*C19) -> #REF! | J28: =J27-(0.1*C19) -> #REF! | K28: =K27-(0.1*C19) -> #REF! | L28: =L27-(0.1*C19) -> #REF! | M28: =M27-(0.1*C19) -> #REF! | O28: Eine gleichmäßige Vertzeilung macht keinen Sinn!

Sheet Abfall
A6: Nr. | B6: Maßnahme | C6: Beschreibung der Maßnahme und Form der CO2-Einsparung | D6: Start der Maßnahme | E6: ="Status 1. Bewerbung"&CHAR(10)&Überblick!$F$14 -> Status 1. Bewerbung 2025 | F6: ="Status 2. Bewerbung"&CHAR(10)&Überblick!$F$16 -> Status 2. Bewerbung 2026 | G6: ="Status 3. Bewerbung"&CHAR(10)&Überblick!$F$18 -> Status 3. Bewerbung | H6: Verantwortlich & Akteure für die Umsetzung | I6: Reichweite | J6: CO2-Einsparpotential pro Jahr | K6: Ziel: CO2-Einsparpotential erreicht bis | M6: Maßnahmen, die zur Berechnung von CO2-Reduktionen geeignet sind | N6: Zugehörige Maßnahme im Klimaschutzplan | O6: Aktueller Müllverbrauch pro Jahr | P6: Geplante Einsparung pro Jahr in % | Q6: Geplante CO2-Reduktion pro Jahr
A8: AF1 | B8: Jede Klasse sammelt auf dem Pausenhof zwei Wochen lang Müll. | C8: Jede Klasse sammelt zwei Wochen lang Müll auf dem Pausenhof. Dabei erkennen die Schüler, wie viel Müll alltäglich anfällt und lernen, wie wichtig es ist, Abfall zu vermeiden oder korrekt zu entsorgen. Da momentan nur Restmüll und Papiermüll zur Verfügung stehen, wird der gesammelte Müll entsprechend diesen Kategorien sortiert. Obwohl der Müll momentan nur in Restmüll und Papiermüll getrennt wird, fördert die Sammelaktion das Bewusstsein der Schüler für die Menge an Abfall und die Wichtigkeit von Müllvermeidung. Jede vermiedene Plastiktüte oder Verpackung reduziert den CO₂-Ausstoß, der bei der Produktion und Entsorgung von Einwegmaterialien entsteht. | D8: 43344 | E8: wird laufend umgesetzt | F8: wird laufend umgesetzt | H8: Hausmeister & Klassenlehrkräfte | I8: Ganze Schule | Q8: =IF(M8="Restmüll reduzieren (Einheit m³)",O8*P8*[1]Faktoren!$E$4,0)+IF(M8="Restmüll reduzieren (Einheit t)",O8*P8*[1]Faktoren!$E$5,0)+IF(M8="Papiermüll reduzieren (Einheit m³)",O8*P8*[1]Faktoren!$E$6,0)+IF(M8="Papiermüll reduzieren (Einheit t)",O8*P8*[1]Faktoren!$E$7,0) -> 0
A9: AF2 | B9: Müllsammelaktion der Stadt Illertissen | C9: Die Stadt Illertissen veranstaltet einmal im Jahr eine Müllsammelaktion. An dieser Aktion nehmen alle Schüler der 5. bis 8. Jahrgangsstufe teil. Eine Müllsammelaktion reduziert die Menge an Abfällen, die unkontrolliert in der Natur landen. Müll, der in der Umwelt liegt, zersetzt sich oft nur sehr langsam und kann schädliche Treibhausgase wie Methan freisetzen, insbesondere bei biologischen Abfällen. Durch das Einsammeln und fachgerechte Entsorgen wird verhindert, dass solche Gase entstehen. Zudem wird Recycling ermöglicht: Wertstoffe wie Glas, Metall oder Plastik können aufbereitet und wiederverwendet werden, anstatt neue Rohstoffe zu fördern, was CO2 einspart. Gleichzeitig sensibilisiert die Aktion die Schüler für den Umweltschutz und die Vermeidung von Müll. | D9: 44075 | E9: wird laufend umgesetzt | F9: wird laufend umgesetzt | H9: Stadt Illertissen Florian Pfeiffer | I9: Über die Schule hinaus | M9: Gelbe Tonne einführen | N9: AF6 | Q9: 1900
A10: AF3 | B10: Ausgabe von Papiertüten beim Bäckerverkauf nur auf Nachfrage | C10: Wenn Papiertüten nur auf Nachfrage ausgegeben werden, sinkt die Gesamtmenge der produzierten und verwendeten Tüten. Weniger Verbrauch bedeutet weniger Ressourcenverbrauch und Transportaufwand, was den CO2-Ausstoß reduziert | D10: 44440 | E10: wird laufend umgesetzt | F10: wird laufend umgesetzt | H10: Bäckerverkauf | I10: Ganze Schule | Q10: =IF(M10="Restmüll reduzieren (Einheit m³)",O10*P10*Faktoren!$E$4,0)+IF(M10="Restmüll reduzieren (Einheit t)",O10*P10*Faktoren!$E$5,0)+IF(M10="Papiermüll reduzieren (Einheit m³)",O10*P10*Faktoren!$E$6,0)+IF(M10="Papiermüll reduzieren (Einheit t)",O10*P10*Faktoren!$E$7,0) -> 0
A11: AF4 | B11: Verkauf von wiederverwendbaren Trinkfalschen im Rektorat | C11: Wiederverwendbare Trinkflaschen reduzieren die Nachfrage nach Einwegplastikflaschen, die in der Herstellung und Entsorgung viel Energie und Ressourcen benötigen. Außerdem fördern sie den bewussteren Umgang mit Ressourcen und vermeiden unnötigen Abfall. | D11: 45536 | E11: wird laufend umgesetzt | F11: wird laufend umgesetzt | H11: Monika Scherzer | I11: Ganze Schule | Q11: =IF(M11="Restmüll reduzieren (Einheit m³)",O11*P11*Faktoren!$E$4,0)+IF(M11="Restmüll reduzieren (Einheit t)",O11*P11*Faktoren!$E$5,0)+IF(M11="Papiermüll reduzieren (Einheit m³)",O11*P11*Faktoren!$E$6,0)+IF(M11="Papiermüll reduzieren (Einheit t)",O11*P11*Faktoren!$E$7,0) -> 0
A12: AF5 | B12: Wiederverwendung von alten Büchern als Weihnachtsartikel | C12: Die Klasse 5c hat alte, aussortierte Bücher vor dem Wegwerfen bewahrt und die Seiten kreativ genutzt, um daraus weihnachtliche Dekorationen herzustellen und zu verkaufen. Auf diese Weise wurden Abfall vermieden und Ressourcen weiterverwendet. Die Hälfte des Erlöses wurde an Afrika gespendet, um den Bau von Brunnen zu unterstützen. Damit trägt die Aktion sowohl zur Müllvermeidung als auch indirekt zum Klimaschutz bei, da Wiederverwertung CO₂ spart und die Spende nachhaltige Projekte fördert. | D12: 45992 | F12: umgesetzt | H12: Anna Tröbelsberger | I12: Über die Schule hinaus | Q12: =IF(M12="Restmüll reduzieren (Einheit m³)",#REF!*P12*Faktoren!$E$4,0)+IF(M12="Restmüll reduzieren (Einheit t)",#REF!*P12*Faktoren!$E$5,0)+IF(M12="Papiermüll reduzieren (Einheit m³)",#REF!*P12*Faktoren!$E$6,0)+IF(M12="Papiermüll reduzieren (Einheit t)",#REF!*P12*Faktoren!$E$7,0) -> 0
A13: AF6 | B13: Mülltrennung optimieren | C13: Bisher wird unser Müll nur nach Papier und Restmüll getrennt, da uns noch keine gelbe Tonne von der Stadt Illertissen genehmigt worden ist. Das soll sich für die Zukunft ändern. Eine erweiterte Mülltrennung ermöglicht es, Plastik gezielt zu recyceln. Recycling spart CO2, da für die Wiederverwertung weniger Energie benötigt wird als für die Herstellung neuer Produkte aus Rohstoffen. | D13: 46113 | E13: zukünftiger Termin | F13: In Umsetzung (Mitte) | H13: Monika Scherzer Stephan Deak | I13: Ganze Schule | J13: 1900 | K13: 2027 | Q13: =IF(M13="Restmüll reduzieren (Einheit m³)",#REF!*P13*Faktoren!$E$4,0)+IF(M13="Restmüll reduzieren (Einheit t)",#REF!*P13*Faktoren!$E$5,0)+IF(M13="Papiermüll reduzieren (Einheit m³)",#REF!*P13*Faktoren!$E$6,0)+IF(M13="Papiermüll reduzieren (Einheit t)",#REF!*P13*Faktoren!$E$7,0) -> 0
A14: AF7 | B14: Word Clean up Day | C14: Die Schule nimmt am World Cleanup Day am 20. September 2026 teil, der größten weltweiten Bürgerbewegung zur Bekämpfung von Umweltverschmutzung. An diesem Tag sammeln Schülerinnen und Schüler gemeinsam Müll im Schulumfeld und leisten so einen direkten Beitrag zum Schutz der Natur. Durch das Entfernen von Abfall werden Umwelt und Tiere geschützt, Mikroplastik gelangt seltener in Böden und Gewässer, und die Schüler entwickeln ein stärkeres Bewusstsein dafür, wie wichtig saubere Lebensräume und verantwortungsvolles Verhalten für den Klimaschutz sind. | D14: 46266 | F14: zukünftiger Termin | H14: Stephan Deak + Herr Ziegler (Stadt Illertissen) | I14: Über die Schule hinaus
I15: Summen | J15: =SUM(J8:J14) -> 1900

Sheet Einkauf
A6: Nr. | B6: Maßnahme | C6: Beschreibung der Maßnahme und Form der CO2-Einsparung | D6: Start der Maßnahme | E6: ="Status 1. Bewerbung"&CHAR(10)&Überblick!$F$14 -> Status 1. Bewerbung 2025 | F6: ="Status 2. Bewerbung"&CHAR(10)&Überblick!$F$16 -> Status 2. Bewerbung 2026 | G6: ="Status 3. Bewerbung"&CHAR(10)&Überblick!$F$18 -> Status 3. Bewerbung | H6: Verantwortlich & Akteure für die Umsetzung | I6: Reichweite | J6: CO2-Einsparpotential pro Jahr | K6: Ziel: CO2-Einsparpotential erreicht bis | N6: Maßnahmen, die zur Berechnung von CO2-Reduktionen geeignet sind | O6: Zugehörige Maßnahme im Klimaschutzplan | P6: Aktueller Papierverbrauch pro Jahr | Q6: Geplante Einsparung bzw. geplante Umstellung pro Jahr in % | R6: Geplante CO2-Reduktion pro Jahr
A8: EK1 | B8: ausschließlich Recyclingpapier für Toilette und Papierspender | C8: In allen Toiletten und Klassenzimmern wird ausschließlich recyceltes Papier verwendet. Das spart CO², da Recycling weniger CO² ausstößt, als neues Papier herzustellen | D8: 42248 | E8: wird laufend umgesetzt | F8: wird laufend umgesetzt | H8: Hausmeister, Sekretariat | I8: Ganze Schule | N8: Kopierpapier: Frischfaserpapier durch Recyclingpapier ersetzen | O8: EK5 | P8: 151750 | Q8: 0.9 | R8: =IF(N8="Kopierpapier: Frischfaserpapier durch Recyclingpapier ersetzen",Einkauf!P8*Einkauf!Q8*Faktoren!$E$9,0)+IF(N8="Kopierpapier: Papierverbrauch reduzieren (Frischfaser)",Einkauf!P8*Einkauf!Q8*Faktoren!$E$10,0)+IF(N8="Kopierpapier: Papierverbrauch reduzieren (Recycling)",Einkauf!P8*Einkauf!Q8*Faktoren!$E$11,0)+IF(N8="Toilettenpapier: Frischfaser- durch Recyclingpapier ersetzen (Normalrolle)",Einkauf!P8*Einkauf!Q8*Faktoren!$E$12,0)+IF(N8="Toilettenpapier: Frischfaser- durch Recyclingpapier ersetzen (Jumborolle)",Einkauf!P8*Einkauf!Q8*Faktoren!$E$13,0)+IF(N8="Toilettenpapier: Verbrauch reduzieren (Jumborolle, Frischfaser)",Einkauf!P8*Einkauf!Q8*Faktoren!$E$14,0)+IF(N8="Toilettenpapier: Verbrauch reduzieren (Jumborolle, Recycling)",Einkauf!P8*Einkauf!Q8*Faktoren!$E$15,0)+IF(N8="Toilettenpapier: Verbrauch reduzieren (Normalrolle, Frischfaser)",Einkauf!P8*Einkauf!Q8*Faktoren!$E$16,0)+IF(N8="Toilettenpapier: Verbrauch reduzieren (Normalrolle, Recycling)",Einkauf!P8*Einkauf!Q8*Faktoren!$E$17,0)+IF(N8="Papierhandtücher: Frischfaser durch Recyclingpapier ersetzen",Einkauf!P8*Einkauf!Q8*Faktoren!$E$18,0)+IF(N8="Papierhandtücher: Verbrauch reduzieren (Frischfaser)",Einkauf!P8*Einkauf!Q8*Faktoren!$E$19,0)+IF(N8="Papierhandtücher: Verbrauch reduzieren (Recycling)",Einkauf!P8*Einkauf!Q8*Faktoren!$E$20,0) -> 122.66183
A9: EK2 | B9: Abfallvermeidung im ES-Unterricht | C9: Um Abfall zu vermeiden, wird übrig gebliebenes Essen nicht weggeworfen, sondern sinnvoll weiterverwendet: Es wird an die Schülerinnen und Schüler verteilt, bevor es abläuft, oder als Restgericht verkocht. Dadurch werden Lebensmittelverschwendung und unnötige Entsorgung reduziert. Da bei der Produktion von Lebensmitteln bereits CO₂ entsteht, spart man durch das Vermeiden von Lebensmittelabfall CO₂ ein – denn weniger Essen muss neu produziert, transportiert und entsorgt werden. | D9: 43734 | E9: wird laufend umgesetzt | F9: wird laufend umgesetzt | H9: Ulrike Exl | I9: Mehrere Jahrgangsstufen
A10: EK3 | B10: Papiereinsparung durch Digitalisierung. | C10: Die Kommunikation im Schulleben erfolgt über die digitale Seite Edupage. Digitale Kommunikation reduziert den Verbrauch von Papier, Druckertinte und Energie, die für den Transport von Briefen oder Handzetteln nötig wäre. Statt Ausdrucke oder Elternbriefe zu verschicken, können alle wichtigen Informationen wie Stundenpläne, Mitteilungen oder Aufgaben online bereitgestellt werden. Dies spart nicht nur Ressourcen, sondern verringert auch die CO2-Emissionen, die mit der Herstellung und dem Transport von Papierprodukten verbunden sind. | D10: 45536 | E10: In Umsetzung (Mitte) | F10: wird laufend umgesetzt | H10: Stephan Deak | I10: Ganze Schule | J10: 696 | K10: 2025 | N10: Kopierpapier: Papierverbrauch reduzieren (Frischfaser) | O10: EK3 | P10: 303500 | Q10: 0.5 | R10: =IF(N10="Kopierpapier: Frischfaserpapier durch Recyclingpapier ersetzen",Einkauf!P10*Einkauf!Q10*Faktoren!$E$9,0)+IF(N10="Kopierpapier: Papierverbrauch reduzieren (Frischfaser)",Einkauf!P10*Einkauf!Q10*Faktoren!$E$10,0)+IF(N10="Kopierpapier: Papierverbrauch reduzieren (Recycling)",Einkauf!P10*Einkauf!Q10*Faktoren!$E$11,0)+IF(N10="Toilettenpapier: Frischfaser- durch Recyclingpapier ersetzen (Normalrolle)",Einkauf!P10*Einkauf!Q10*Faktoren!$E$12,0)+IF(N10="Toilettenpapier: Frischfaser- durch Recyclingpapier ersetzen (Jumborolle)",Einkauf!P10*Einkauf!Q10*Faktoren!$E$13,0)+IF(N10="Toilettenpapier: Verbrauch reduzieren (Jumborolle, Frischfaser)",Einkauf!P10*Einkauf!Q10*Faktoren!$E$14,0)+IF(N10="Toilettenpapier: Verbrauch reduzieren (Jumborolle, Recycling)",Einkauf!P10*Einkauf!Q10*Faktoren!$E$15,0)+IF(N10="Toilettenpapier: Verbrauch reduzieren (Normalrolle, Frischfaser)",Einkauf!P10*Einkauf!Q10*Faktoren!$E$16,0)+IF(N10="Toilettenpapier: Verbrauch reduzieren (Normalrolle, Recycling)",Einkauf!P10*Einkauf!Q10*Faktoren!$E$17,0)+IF(N10="Papierhandtücher: Frischfaser durch Recyclingpapier ersetzen",Einkauf!P10*Einkauf!Q10*Faktoren!$E$18,0)+IF(N10="Papierhandtücher: Verbrauch reduzieren (Frischfaser)",Einkauf!P10*Einkauf!Q10*Faktoren!$E$19,0)+IF(N10="Papierhandtücher: Verbrauch reduzieren (Recycling)",Einkauf!P10*Einkauf!Q10*Faktoren!$E$20,0) -> 696.14375
A11: EK4 | B11: Tauschregal | C11: Abschlussklassen spenden ihre Bücher und Formelsammlungen, welche die nächstjährige Abschlussklasse verwenden kann. Diese Maßnahme zeigt, wie sinnvoll es ist, Dinge mehrfach zu nutzen, anstatt sie wegzuwerfen, und trägt zu einem nachhaltigen Umgang mit Materialien bei. | D11: 45858 | E11: In Umsetzung (Mitte) | F11: wird laufend umgesetzt | H11: Florian Pfeiffer | I11: Ganze Schule | J11: 3 | K11: 2026
A12: EK5 | B12: Umweltpapier für alle Ausdrucke | C12: Die Schule verwendet intern nur noch Recyclingpapier, um Ressourcen zu schonen und den Papierverbrauch klimafreundlicher zu gestalten. Lediglich Zeugnisse und offizielle Schreiben an höhere Stellen werden weiterhin auf normalem Papier gedruckt, da dies dort vorgeschrieben oder notwendig ist. Durch die Umstellung auf Recyclingpapier werden Energie, Wasser und Holz eingespart, und der CO₂-Ausstoß, der bei der Papierherstellung entsteht, deutlich reduziert. So leistet die Schule einen einfachen, aber wirkungsvollen Beitrag zum Klimaschutz. | D12: 46113 | F12: In Umsetzung (Mitte) | H12: Stephan Deak | I12: Ganze Schule | J12: 123 | K12: 2027 | N12: Papiermüll reduzieren (Einheit m³) | O12: EK4 | P12: 65 | Q12: 0.01 | R12: =IF(N12="Restmüll reduzieren (Einheit m³)",P12*Q12*Faktoren!$E$4,0)+IF(N12="Restmüll reduzieren (Einheit t)",P12*Q12*Faktoren!$E$5,0)+IF(N12="Papiermüll reduzieren (Einheit m³)",P12*Q12*Faktoren!$E$6,0)+IF(N12="Papiermüll reduzieren (Einheit t)",P12*Q12*Faktoren!$E$7,0) -> 2.76822
A13: EK6 | B13: Schulflohmarkt | C13: Die Schule organisiert einen Schulflohmarkt, bei dem gut erhaltene Gegenstände weiterverkauft oder getauscht werden. Dadurch erhalten Kleidung, Spiele, Bücher und andere Alltagsgegenstände ein zweites Leben, statt im Müll zu landen oder neu gekauft werden zu müssen. Das spart Ressourcen, vermeidet Abfall und reduziert CO₂, weil für wiederverwendete Produkte keine neue Herstellung und keine zusätzlichen Transportwege nötig sind. So fördert der Flohmarkt nachhaltigen Konsum und macht den Schülern anschaulich klar, wie wertvoll Wiederverwendung für den Klimaschutz ist. | D13: 46997 | F13: zukünftiger Termin | H13: Pfeiffer Florian | I13: Über die Schule hinaus | R13: =IF(N13="Kopierpapier: Frischfaserpapier durch Recyclingpapier ersetzen",Einkauf!P13*Einkauf!Q13*Faktoren!$E$9,0)+IF(N13="Kopierpapier: Papierverbrauch reduzieren (Frischfaser)",Einkauf!P13*Einkauf!Q13*Faktoren!$E$10,0)+IF(N13="Kopierpapier: Papierverbrauch reduzieren (Recycling)",Einkauf!P13*Einkauf!Q13*Faktoren!$E$11,0)+IF(N13="Toilettenpapier: Frischfaser- durch Recyclingpapier ersetzen (Normalrolle)",Einkauf!P13*Einkauf!Q13*Faktoren!$E$12,0)+IF(N13="Toilettenpapier: Frischfaser- durch Recyclingpapier ersetzen (Jumborolle)",Einkauf!P13*Einkauf!Q13*Faktoren!$E$13,0)+IF(N13="Toilettenpapier: Verbrauch reduzieren (Jumborolle, Frischfaser)",Einkauf!P13*Einkauf!Q13*Faktoren!$E$14,0)+IF(N13="Toilettenpapier: Verbrauch reduzieren (Jumborolle, Recycling)",Einkauf!P13*Einkauf!Q13*Faktoren!$E$15,0)+IF(N13="Toilettenpapier: Verbrauch reduzieren (Normalrolle, Frischfaser)",Einkauf!P13*Einkauf!Q13*Faktoren!$E$16,0)+IF(N13="Toilettenpapier: Verbrauch reduzieren (Normalrolle, Recycling)",Einkauf!P13*Einkauf!Q13*Faktoren!$E$17,0)+IF(N13="Papierhandtücher: Frischfaser durch Recyclingpapier ersetzen",Einkauf!P13*Einkauf!Q13*Faktoren!$E$18,0)+IF(N13="Papierhandtücher: Verbrauch reduzieren (Frischfaser)",Einkauf!P13*Einkauf!Q13*Faktoren!$E$19,0)+IF(N13="Papierhandtücher: Verbrauch reduzieren (Recycling)",Einkauf!P13*Einkauf!Q13*Faktoren!$E$20,0) -> 0
I14: Summen | J14: =SUM(J8:J13) -> 822

Sheet Ernährung
A6: Nr. | B6: Maßnahme | C6: Beschreibung der Maßnahme und Form der CO2-Einsparung | D6: Start der Maßnahme | E6: ="Status 1. Bewerbung"&CHAR(10)&Überblick!$F$14 -> Status 1. Bewerbung 2025 | F6: ="Status 2. Bewerbung"&CHAR(10)&Überblick!$F$16 -> Status 2. Bewerbung 2026 | G6: ="Status 3. Bewerbung"&CHAR(10)&Überblick!$F$18 -> Status 3. Bewerbung | H6: Verantwortlich & Akteure für die Umsetzung | I6: Reichweite | J6: CO2-Einsparpotential pro Jahr | K6: Ziel: CO2-Einsparpotential erreicht bis | M6: Maßnahmen, die zur Berechnung von CO2-Reduktionen geeignet sind | N6: Zugehörige Maßnahme im Klimaschutzplan | O6: Aktueller Verbrauch pro Jahr | P6: Geplante Einsparung bzw. geplante Umstellung pro Jahr in % | Q6: Geplante CO2-Reduktion pro Jahr
A8: ER1 | B8: Catering AG | C8: Die Catering-AG der EVMS besteht aus mehreren SuS. der Ganztagesklassen. Die AG ist für die Verköstigung von verschiedenen Schul-Veranstaltungen, welche im laufe des Jahres stattfinden, verantwortlich (z. B. Bewerberforum, Tag der offenen Tür, Abschlussfeier). Sie produziert dafür verschiedene passende Speisen (z. B. Kuchen, Gebäck) und bietet diese auch zusammen mit Getränke an. In den AG-Stunden wird dafür vorab ausprobiert und geplant. Die Catering-AG kann CO2 einsparen, indem sie auf regionale, saisonale und möglichst unverpackte Zutaten setzt. Regionale Lebensmittel haben kürzere Transportwege und verursachen weniger CO2-Emissionen, während saisonale Produkte keine energieintensive Lagerung erfordern. Durch das Selberkochen in der Schule werden zudem industrielle Prozesse und Verpackungsmaterialien vermieden, die normalerweise bei Fertigprodukten anfallen. Zusätzlich kann die AG klimafreundliche Alternativen wie vegetarische oder vegane Speisen ausprobieren, die eine deutlich geringere CO2-Bilanz aufweisen als Fleischprodukte. Das bewusste Planen und Produzieren verhindert außerdem Lebensmittelverschwendung, was ein weiterer wichtiger Beitrag zum Klimaschutz ist. Darüber hinaus sensibilisiert die Catering-AG die Schüler für nachhaltige Ernährungsweisen, was langfristig auch außerhalb der Schule zu einem klimafreundlicheren Verhalten führen kann. | D8: 42005 | E8: wird laufend umgesetzt | F8: wird laufend umgesetzt | H8: Christine Fuhrmann | I8: Über die Schule hinaus | M8: Getränkeautomat durch Trinkwasserspender ersetzen | N8: ER5 | O8: 15740 | P8: 0.2 | Q8: =IF(M8="Mensa: Fleischgerichte durch vegetarische Gerichte ersetzen",Ernährung!O8*Ernährung!P8*Faktoren!$E$23,0)+IF(M8="Mensa: Fleischgerichte durch vegane Gerichte ersetzen",Ernährung!O8*Ernährung!P8*Faktoren!$E$24,0)+IF(M8="Mensa: Vegetarische Gerichte durch vegane Gerichte ersetzen",Ernährung!O8*Ernährung!P8*Faktoren!$E$25,0)+IF(M8="Pausenverkauf: Wurstbrötchen durch vegetarisch belegte Brötchen ersetzen",Ernährung!O8*Ernährung!P8*Faktoren!$E$26,0)+IF(M8="Pausenverkauf: Wurstbrötchen durch vegan belegte Brötchen ersetzen",Ernährung!O8*Ernährung!P8*Faktoren!$E$27,0)+IF(M8="Pausenverkauf: Vegetarisch belegte Brötchen durch vegan belegte Brötchen ersetzen",Ernährung!O8*Ernährung!P8*Faktoren!$E$28,0)+IF(M8="Pausenverkauf: Wurstverkauf (Wiener, Bockwurst) reduzieren",Ernährung!O8*Ernährung!P8*Faktoren!$E$29,0)+IF(M8="Kaffeekonsum reduzieren (in kg)",Ernährung!O8*Ernährung!P8*Faktoren!$E$30,0)+IF(M8="Kaffeekonsum reduzieren (in Liter)",Ernährung!O8*Ernährung!P8*Faktoren!$E$31,0)+IF(M8="Milchverbrauch reduzieren",Ernährung!O8*Ernährung!P8*Faktoren!$E$32,0)+IF(M8="Milch durch veganes Milchgetränk ersetzen",Ernährung!O8*Ernährung!P8*Faktoren!$E$33,0)+IF(M8="Getränkeautomat durch Trinkwasserspender ersetzen",Ernährung!O8*Ernährung!P8*Faktoren!$E$34,0) -> 1620.7509
A9: ER2 | B9: ausschließlicher Verkauf von Pfandflaschen + Pfandflaschenautomat | C9: Pfandflaschen sind wiederverwendbar, was ihren ökologischen Fußabdruck erheblich verringert. Im Vergleich zu Einwegflaschen oder Dosen benötigen sie weniger Ressourcen und Energie für die Produktion und Entsorgung. Jede wiederverwendete Flasche spart CO2-Emissionen, die durch die Herstellung neuer Einwegbehälter entstehen würden. Ein Pfandflaschenautomat erleichtert die Rückgabe und sorgt dafür, dass leere Flaschen in den Recyclingkreislauf gelangen. Dadurch wird sichergestellt, dass weniger Flaschen im Müll landen und mehr Material wiederverwendet wird. | D9: 42005 | E9: wird laufend umgesetzt | F9: wird laufend umgesetzt | H9: Monika Scherzer | I9: Ganze Schule | Q9: =IF(M9="Mensa: Fleischgerichte durch vegetarische Gerichte ersetzen",Ernährung!O9*Ernährung!P9*Faktoren!$E$23,0)+IF(M9="Mensa: Fleischgerichte durch vegane Gerichte ersetzen",Ernährung!O9*Ernährung!P9*Faktoren!$E$24,0)+IF(M9="Mensa: Vegetarische Gerichte durch vegane Gerichte ersetzen",Ernährung!O9*Ernährung!P9*Faktoren!$E$25,0)+IF(M9="Pausenverkauf: Wurstbrötchen durch vegetarisch belegte Brötchen ersetzen",Ernährung!O9*Ernährung!P9*Faktoren!$E$26,0)+IF(M9="Pausenverkauf: Wurstbrötchen durch vegan belegte Brötchen ersetzen",Ernährung!O9*Ernährung!P9*Faktoren!$E$27,0)+IF(M9="Pausenverkauf: Vegetarisch belegte Brötchen durch vegan belegte Brötchen ersetzen",Ernährung!O9*Ernährung!P9*Faktoren!$E$28,0)+IF(M9="Pausenverkauf: Wurstverkauf (Wiener, Bockwurst) reduzieren",Ernährung!O9*Ernährung!P9*Faktoren!$E$29,0)+IF(M9="Kaffeekonsum reduzieren (in kg)",Ernährung!O9*Ernährung!P9*Faktoren!$E$30,0)+IF(M9="Kaffeekonsum reduzieren (in Liter)",Ernährung!O9*Ernährung!P9*Faktoren!$E$31,0)+IF(M9="Milchverbrauch reduzieren",Ernährung!O9*Ernährung!P9*Faktoren!$E$32,0)+IF(M9="Milch durch veganes Milchgetränk ersetzen",Ernährung!O9*Ernährung!P9*Faktoren!$E$33,0)+IF(M9="Getränkeautomat durch Trinkwasserspender ersetzen",Ernährung!O9*Ernährung!P9*Faktoren!$E$34,0) -> 0
A10: ER3 | B10: AG Schulgarten | C10: Die AG Schulgarten kümmert sich um die Pflege des Schulgartens und baut dort verschiedene Kräuter an. Diese Kräuter werden im Fach „Ernährung und Soziales“ (ES) verwendet, sodass frische, selbst angebaute Zutaten in den Unterricht einfließen. Die Schüler lernen dabei nicht nur den Anbau und die Pflege von Pflanzen, sondern auch den nachhaltigen Umgang mit Lebensmitteln. Durch den Anbau eigener Kräuter entfällt der Transport von gekauften Kräutern aus dem Supermarkt, die oft über weite Strecken transportiert werden und CO₂ verursachen. Zudem werden Verpackungsmüll und energieintensive Produktionsmethoden vermieden. Frische Kräuter direkt aus dem Schulgarten sind nicht nur nachhaltiger, sondern auch gesünder. Das Projekt stärkt das Bewusstsein der Schüler für regionale und saisonale Lebensmittel und fördert einen ressourcenschonenden Lebensstil. | D10: 42005 | E10: wird laufend umgesetzt | F10: wird laufend umgesetzt | H10: Ulrike Exl | I10: Ganze Schule | Q10: =IF(M10="Mensa: Fleischgerichte durch vegetarische Gerichte ersetzen",Ernährung!O10*Ernährung!P10*Faktoren!$E$23,0)+IF(M10="Mensa: Fleischgerichte durch vegane Gerichte ersetzen",Ernährung!O10*Ernährung!P10*Faktoren!$E$24,0)+IF(M10="Mensa: Vegetarische Gerichte durch vegane Gerichte ersetzen",Ernährung!O10*Ernährung!P10*Faktoren!$E$25,0)+IF(M10="Pausenverkauf: Wurstbrötchen durch vegetarisch belegte Brötchen ersetzen",Ernährung!O10*Ernährung!P10*Faktoren!$E$26,0)+IF(M10="Pausenverkauf: Wurstbrötchen durch vegan belegte Brötchen ersetzen",Ernährung!O10*Ernährung!P10*Faktoren!$E$27,0)+IF(M10="Pausenverkauf: Vegetarisch belegte Brötchen durch vegan belegte Brötchen ersetzen",Ernährung!O10*Ernährung!P10*Faktoren!$E$28,0)+IF(M10="Pausenverkauf: Wurstverkauf (Wiener, Bockwurst) reduzieren",Ernährung!O10*Ernährung!P10*Faktoren!$E$29,0)+IF(M10="Kaffeekonsum reduzieren (in kg)",Ernährung!O10*Ernährung!P10*Faktoren!$E$30,0)+IF(M10="Kaffeekonsum reduzieren (in Liter)",Ernährung!O10*Ernährung!P10*Faktoren!$E$31,0)+IF(M10="Milchverbrauch reduzieren",Ernährung!O10*Ernährung!P10*Faktoren!$E$32,0)+IF(M10="Milch durch veganes Milchgetränk ersetzen",Ernährung!O10*Ernährung!P10*Faktoren!$E$33,0)+IF(M10="Getränkeautomat durch Trinkwasserspender ersetzen",Ernährung!O10*Ernährung!P10*Faktoren!$E$34,0) -> 0
A11: ER4 | B11: Vegetarische Tage | C11: Im Mittagsverkauf wird jeden zweiten Tag ausschließlich vegetarische Gerichte angeboten. Die Produktion von Fleisch verursacht deutlich mehr CO2-Emissionen als die Herstellung pflanzlicher Lebensmittel. Wenn jeden zweiten Tag vegetarische Gerichte angeboten werden, sinkt der Fleischkonsum, und dadurch wird die CO2-Belastung reduziert. Zudem zeigt diese Maßnahme, wie lecker und vielseitig vegetarisches Essen sein kann, was langfristig zu einem nachhaltigeren Essverhalten beiträgt. | D11: 45170 | E11: wird laufend umgesetzt | F11: wird laufend umgesetzt | H11: Mittagsverkauf | I11: Ganze Schule | Q11: =IF(M11="Mensa: Fleischgerichte durch vegetarische Gerichte ersetzen",Ernährung!O11*Ernährung!P11*Faktoren!$E$23,0)+IF(M11="Mensa: Fleischgerichte durch vegane Gerichte ersetzen",Ernährung!O11*Ernährung!P11*Faktoren!$E$24,0)+IF(M11="Mensa: Vegetarische Gerichte durch vegane Gerichte ersetzen",Ernährung!O11*Ernährung!P11*Faktoren!$E$25,0)+IF(M11="Pausenverkauf: Wurstbrötchen durch vegetarisch belegte Brötchen ersetzen",Ernährung!O11*Ernährung!P11*Faktoren!$E$26,0)+IF(M11="Pausenverkauf: Wurstbrötchen durch vegan belegte Brötchen ersetzen",Ernährung!O11*Ernährung!P11*Faktoren!$E$27,0)+IF(M11="Pausenverkauf: Vegetarisch belegte Brötchen durch vegan belegte Brötchen ersetzen",Ernährung!O11*Ernährung!P11*Faktoren!$E$28,0)+IF(M11="Pausenverkauf: Wurstverkauf (Wiener, Bockwurst) reduzieren",Ernährung!O11*Ernährung!P11*Faktoren!$E$29,0)+IF(M11="Kaffeekonsum reduzieren (in kg)",Ernährung!O11*Ernährung!P11*Faktoren!$E$30,0)+IF(M11="Kaffeekonsum reduzieren (in Liter)",Ernährung!O11*Ernährung!P11*Faktoren!$E$31,0)+IF(M11="Milchverbrauch reduzieren",Ernährung!O11*Ernährung!P11*Faktoren!$E$32,0)+IF(M11="Milch durch veganes Milchgetränk ersetzen",Ernährung!O11*Ernährung!P11*Faktoren!$E$33,0)+IF(M11="Getränkeautomat durch Trinkwasserspender ersetzen",Ernährung!O11*Ernährung!P11*Faktoren!$E$34,0) -> 0
A12: ER5 | B12: Besitz eines Wasserspenders | C12: Ein Wasserspender bietet eine nachhaltige Alternative zu abgefülltem Wasser in Plastikflaschen. Die Produktion und der Transport von Einwegflaschen verursachen erhebliche CO2-Emissionen. Mit einem Wasserspender können die Schüler ihre eigenen Trinkflaschen immer wieder auffüllen, wodurch die Nachfrage nach Einwegflaschen sinkt. Das spart Rohstoffe, Energie und reduziert Plastikmüll. Gleichzeitig wird der bewusste Umgang mit Ressourcen gefördert, was zu einem nachhaltigeren Verhalten beiträgt | D12: 45413 | E12: In Umsetzung (Mitte) | F12: wird laufend umgesetzt | H12: Monika Scherzer | I12: Ganze Schule | J12: 1621 | K12: 2026 | Q12: =M1 -> 0
A13: ER6 | B13: Feuerstelle und Sitzgelegenheiten im Schulgarten | C13: Eine Feuerstelle im Schulgarten kann nachhaltig genutzt werden, z. B. für das Verbrennen von Gartenabfällen wie Ästen und Holzresten, die ansonsten aufwendig transportiert und entsorgt werden müssten. Der Verzicht auf fossile Brennstoffe oder chemische Mittel für die Entsorgung spart CO2-Emissionen. Sitzgelegenheiten fördern die Nutzung des Schulgartens als Treffpunkt oder Lernort im Freien, wodurch Aktivitäten von innen nach draußen verlagert werden können. Dies spart Beleuchtungs- und Heizkosten in Innenräumen. Zudem sensibilisiert die Feuerstelle in Kombination mit Umweltprojekten die Schüler für nachhaltigen Ressourcenumgang, z. B. durch Diskussionen über verantwortungsvolles Heizen und Energieeinsparung. | D13: 45901 | E13: umgesetzt | F13: umgesetzt | H13: Ulrike Exl | I13: Ganze Schule | Q13: =IF(M13="Mensa: Fleischgerichte durch vegetarische Gerichte ersetzen",Ernährung!O13*Ernährung!P13*Faktoren!$E$23,0)+IF(M13="Mensa: Fleischgerichte durch vegane Gerichte ersetzen",Ernährung!O13*Ernährung!P13*Faktoren!$E$24,0)+IF(M13="Mensa: Vegetarische Gerichte durch vegane Gerichte ersetzen",Ernährung!O13*Ernährung!P13*Faktoren!$E$25,0)+IF(M13="Pausenverkauf: Wurstbrötchen durch vegetarisch belegte Brötchen ersetzen",Ernährung!O13*Ernährung!P13*Faktoren!$E$26,0)+IF(M13="Pausenverkauf: Wurstbrötchen durch vegan belegte Brötchen ersetzen",Ernährung!O13*Ernährung!P13*Faktoren!$E$27,0)+IF(M13="Pausenverkauf: Vegetarisch belegte Brötchen durch vegan belegte Brötchen ersetzen",Ernährung!O13*Ernährung!P13*Faktoren!$E$28,0)+IF(M13="Pausenverkauf: Wurstverkauf (Wiener, Bockwurst) reduzieren",Ernährung!O13*Ernährung!P13*Faktoren!$E$29,0)+IF(M13="Kaffeekonsum reduzieren (in kg)",Ernährung!O13*Ernährung!P13*Faktoren!$E$30,0)+IF(M13="Kaffeekonsum reduzieren (in Liter)",Ernährung!O13*Ernährung!P13*Faktoren!$E$31,0)+IF(M13="Milchverbrauch reduzieren",Ernährung!O13*Ernährung!P13*Faktoren!$E$32,0)+IF(M13="Milch durch veganes Milchgetränk ersetzen",Ernährung!O13*Ernährung!P13*Faktoren!$E$33,0)+IF(M13="Getränkeautomat durch Trinkwasserspender ersetzen",Ernährung!O13*Ernährung!P13*Faktoren!$E$34,0) -> 0
A14: ER7 | B14: Gesundes Frühstück | C14: Einmal pro Woche bietet die Schule ein gesundes Frühstück an, das alle Schülerinnen und Schüler kostenlos abholen können. Dieses Angebot ist besonders wichtig, weil viele Jugendliche an der Mittelschule gar nicht oder nur sehr ungesund frühstücken. Durch das gemeinsame Frühstück bekommen sie nicht nur einen besseren Start in den Tag, sondern lernen auch, wie abwechslungsreich und klimafreundlich gesundes Essen sein kann. Regionale und möglichst unverarbeitete Lebensmittel verursachen weniger CO₂, und gleichzeitig fördert das Angebot ein bewusstes Ernährungs- und Gesundheitsverhalten, das langfristig zu mehr Nachhaltigkeit beiträgt. | D14: 46266 | F14: zukünftiger Termin | H14: Ulrike Exl, Stephan Deak | I14: Ganze Schule
A15: ER8 | B15: Gesunder Snack-Automat | C15: Die Schule plant die Einführung eines Snackautomaten, der ausschließlich gesunde Snacks anbietet. Die SMV setzt sich bereits seit mehreren Jahren dafür ein und möchte so eine echte Alternative zu ungesunden Zwischenmahlzeiten schaffen. Durch die Auswahl von nährstoffreichen, möglichst regionalen und weniger verarbeiteten Produkten wird nicht nur die Gesundheit der Schülerinnen und Schüler gefördert, sondern auch der CO₂-Ausstoß reduziert, da solche Snacks in der Regel eine bessere Umweltbilanz haben. Der Automat unterstützt damit sowohl eine bewusste Ernährung als auch nachhaltiges Konsumverhalten im Schulalltag. | D15: 46631 | F15: zukünftiger Termin | H15: Denis Vespermann | I15: Ganze Schule | Q15: =IF(M15="Mensa: Fleischgerichte durch vegetarische Gerichte ersetzen",Ernährung!O15*Ernährung!P15*Faktoren!$E$23,0)+IF(M15="Mensa: Fleischgerichte durch vegane Gerichte ersetzen",Ernährung!O15*Ernährung!P15*Faktoren!$E$24,0)+IF(M15="Mensa: Vegetarische Gerichte durch vegane Gerichte ersetzen",Ernährung!O15*Ernährung!P15*Faktoren!$E$25,0)+IF(M15="Pausenverkauf: Wurstbrötchen durch vegetarisch belegte Brötchen ersetzen",Ernährung!O15*Ernährung!P15*Faktoren!$E$26,0)+IF(M15="Pausenverkauf: Wurstbrötchen durch vegan belegte Brötchen ersetzen",Ernährung!O15*Ernährung!P15*Faktoren!$E$27,0)+IF(M15="Pausenverkauf: Vegetarisch belegte Brötchen durch vegan belegte Brötchen ersetzen",Ernährung!O15*Ernährung!P15*Faktoren!$E$28,0)+IF(M15="Pausenverkauf: Wurstverkauf (Wiener, Bockwurst) reduzieren",Ernährung!O15*Ernährung!P15*Faktoren!$E$29,0)+IF(M15="Kaffeekonsum reduzieren (in kg)",Ernährung!O15*Ernährung!P15*Faktoren!$E$30,0)+IF(M15="Kaffeekonsum reduzieren (in Liter)",Ernährung!O15*Ernährung!P15*Faktoren!$E$31,0)+IF(M15="Milchverbrauch reduzieren",Ernährung!O15*Ernährung!P15*Faktoren!$E$32,0)+IF(M15="Milch durch veganes Milchgetränk ersetzen",Ernährung!O15*Ernährung!P15*Faktoren!$E$33,0)+IF(M15="Getränkeautomat durch Trinkwasserspender ersetzen",Ernährung!O15*Ernährung!P15*Faktoren!$E$34,0) -> 0
I16: Summen | J16: =SUM(J11:J15) -> 1621

Sheet Kohlenstoffbindung
A6: Nr. | B6: Maßnahme | C6: Beschreibung der Maßnahme und Form der CO2-Einsparung | D6: Start der Maßnahme | E6: ="Status 1. Bewerbung"&CHAR(10)&Überblick!$F$14 -> Status 1. Bewerbung 2025 | F6: ="Status 2. Bewerbung"&CHAR(10)&Überblick!$F$16 -> Status 2. Bewerbung 2026 | G6: ="Status 3. Bewerbung"&CHAR(10)&Überblick!$F$18 -> Status 3. Bewerbung | H6: Verantwortlich & Akteure für die Umsetzung | I6: Reichweite | J6: CO2-Einsparpotential pro Jahr | K6: Ziel: CO2-Einsparpotential erreicht bis
A8: KB1
A9: KB2
A10: KB3
A11: KB4
A12: KB5

Sheet Kommunikation
A6: Nr. | B6: Maßnahme | C6: Beschreibung der Maßnahme und Form der CO2-Einsparung | D6: Start der Maßnahme | E6: ="Status 1. Bewerbung"&CHAR(10)&Überblick!$F$14 -> Status 1. Bewerbung 2025 | F6: ="Status 2. Bewerbung"&CHAR(10)&Überblick!$F$16 -> Status 2. Bewerbung 2026 | G6: ="Status 3. Bewerbung"&CHAR(10)&Überblick!$F$18 -> Status 3. Bewerbung | H6: Verantwortlich & Akteure für die Umsetzung | I6: Reichweite | J6: CO2-Einsparpotential pro Jahr | K6: Ziel: CO2-Einsparpotential erreicht bis
A8: KV1 | B8: Exkursionen zum Thema Umwelt/Naturerfahrungen | C8: Solche Exkursionen sensibilisieren die Teilnehmer für den Wert und die Bedeutung der Natur. Wenn Schüler lernen, wie empfindlich Ökosysteme sind und welchen Einfluss menschliches Handeln auf die Umwelt hat, entwickeln sie oft ein stärkeres Bewusstsein für nachhaltiges Verhalten. Dies kann dazu führen, dass sie ihren Lebensstil anpassen, zum Beispiel weniger Ressourcen verschwenden, Müll vermeiden oder klimafreundliche Entscheidungen treffen. | D8: 44805 | E8: wird laufend umgesetzt | F8: wird laufend umgesetzt | H8: Klassenlehrkräfte | I8: Mehrere Jahrgangsstufen
A9: KV2 | B9: LBV - Spendenwoche + Bildungsmaßnahme | C9: Alle fünften Klassen nehmen an der LBV- Spendenwoche teil. Als Dank stellt der LBV den Schülern immer eine Bildungsveranstaltung zur Verfügung. Diese verfolgt das Ziel, die Schüler für unsere Umwelt zu sensibilisieren und mit unserer Umwelt vertraut zu werden. Damit die Kinder eine intrinsische Motivation erfahren, die Natur schützen zu wollen. | D9: 45292 | E9: wird laufend umgesetzt | F9: wird laufend umgesetzt | H9: Florian Pfeiffer | I9: Jahrgangsstufe
A10: KV3 | B10: Klimatage an der Schule | C10: Im Landkreis Neu-Ulm sind Umwelttage für alle Mittelschulen verpflichtend. Jede Schule gibt an, wie sie an diesem Tag etwas für den Umweltschutz beiträgt. | D10: 45292 | E10: wird laufend umgesetzt | F10: wird laufend umgesetzt | H10: Elisabeth Holand Florian Pfeiffer | I10: Ganze Schule
A11: KV4 | B11: Ecosia als Suchmaschine | C11: Ecosia ist eine Suchmaschine, die mit ihren Einnahmen Bäume pflanzt. Bäume nehmen während ihres Wachstums CO2 aus der Atmosphäre auf und speichern es, wodurch sie aktiv zur Reduktion von Treibhausgasen beitragen. Zudem nutzt Ecosia für den Betrieb seiner Server ausschließlich erneuerbare Energien, was den CO2-Fußabdruck der Suchanfragen minimiert. | D11: 45658 | E11: In Umsetzung (Mitte) | F11: wird laufend umgesetzt | H11: Stephan Deak | I11: Ganze Schule
A12: KV5 | B12: Walderlebnistage | C12: Walderlebnistage fördern bei Schülern ein tieferes Verständnis für die Bedeutung von Wäldern im Klimaschutz. Wälder sind natürliche CO2-Speicher, da sie während ihres Wachstums CO2 aus der Atmosphäre aufnehmen und langfristig binden. Wenn Schüler dies direkt erleben, entwickeln sie eine Wertschätzung für den Wald und lernen, wie wichtig es ist, ihn zu schützen. Dieses Bewusstsein kann sie dazu motivieren, umweltfreundlicher zu handeln. | D12: 45901 | E12: zukünftiger Termin | F12: wird laufend umgesetzt | H12: Judith Mester | I12: Mehrere Jahrgangsstufen
A13: KV6 | B13: Klimaschule als festes Thema in SMV-Sitzungen | C13: Wenn Klimaschutz regelmäßig in SMV-Sitzungen besprochen wird, wird das Thema fest im Schulleben verankert. Schüler haben die Möglichkeit, konkrete Projekte und Maßnahmen zu planen, wie Mülltrennung, Energiesparen oder klimafreundliche Schulfeste. Durch die aktive Beteiligung der Schüler entstehen innovative Ideen, die den CO2-Ausstoß der Schule nachhaltig reduzieren können. Zudem übernehmen die Schüler Verantwortung und tragen das Bewusstsein für Klimaschutz in ihren Alltag, was eine Multiplikatorwirkung auf die gesamte Schulgemeinschaft und ihre Familien hat. | D13: 45901 | E13: zukünftiger Termin | F13: wird laufend umgesetzt | H13: Denis Vespermann & Anna Tröbelsberger | I13: Ganze Schule
A14: KV7 | B14: Teilnahme am Projekt "Naturhelden" | C14: Unsere Schule nimmt mit den Jahrgangsstufen 5 und 6 am Projekt „Naturhelden“ teil, einem Umwelt- und Klimaschutz-Programm im Rahmen der Initiative Gesunde Erde, Gesunde Kinder.. Dabei lernen die Schülerinnen und Schüler spielerisch, wie Müll vermieden, recycelt und warum saubere Umwelt und Gesundheit zusammenhängen. Ziel des Projekts ist es, Kinder für Natur- und Umweltschutz zu sensibilisieren, ihnen Strategien gegen Umweltverschmutzung an die Hand zu geben und sie zu motivieren, aktiv an einer lebenswerten Zukunft mitzuwirken. Durch praxisnahe Aktionen, Unterrichtsmaterialien und Umwelt-Projekte werden diese Inhalte im Schulalltag verankert und tragen so zur CO₂-Reduktion und einer nachhaltigeren Lebensweise bei. | D14: 45901 | F14: wird laufend umgesetzt | H14: Judith Mester | I14: Mehrere Jahrgangsstufen
A15: KV8 | B15: Klassensprecher als Klimabotschafter | C15: Klassensprecher übernehmen Verantwortung für Klima- und Umweltschutz. Als Klimaschutzbotschafter bringen sie Ideen aus ihren Klassen ein, sind Bindeglied zwischen Schülerschaft und Klimaschule und stärken die Schülerpartizipation. Durch ihre Präsenz im Schulalltag fördern sie nachhaltiges Verhalten und tragen zur Reduzierung von CO₂-Emissionen bei. | D15: 46023 | F15: wird laufend umgesetzt | H15: Anna Tröbelsberger & Florian Pfeiffer & Denis Vespermann & Janina Biliczky | I15: Ganze Schule
A16: KV9 | B16: Ideenkasten | C16: Der Ideenkasten wurde in der Aula errichtet und gut sichtbar aufgehängt, sodass er für alle Schülerinnen und Schüler jederzeit präsent ist. Er dient als zentrale Sammelstelle für Ideen und Vorschläge rund um Klima- und Umweltschutz. Durch den Ideenkasten werden Verantwortung und Partizipation der Schülerschaft gestärkt, denn jede Person kann aktiv Vorschläge einreichen. Gleichzeitig ermöglicht er einen direkten Austausch zwischen den Schülerinnen und Schülern und der Klimaschule, sodass Ideen aufgenommen, diskutiert und umgesetzt werden können. | D16: 46023 | F16: wird laufend umgesetzt | H16: Anna Tröbelsberger & Florian Pfeiffer | I16: Ganze Schule
A17: KV10 | B17: Klimaschutz-Challenges | C17: Wöchentlich erhalten die Klassen kleine Alltagsaufgaben zum Klima- und Umweltschutz. Die Ergebnisse werden in einem Ranking über das Schuljahr gesammelt und freitags prämiert. Am Ende des Jahres erhält die beste Klasse als Auszeichnung einen Ausflug. So wird Klimaschutz im Schulalltag präsent gemacht und als Teil der Klimaschule gelebt. | D17: 46054 | F17: wird laufend umgesetzt | H17: Anna Tröbelsberger & Florian Pfeiffer | I17: Ganze Schule
A18: KV11 | B18: Klimaschule macht Blau | C18: „Klimaschule macht blau“ ist ein Projekt, das Aufmerksamkeit für Klimaschutz auch außerhalb der Schule erzeugen soll. Dazu werden blau bemalte Schuhe – in Anlehnung an das Projekt „Blue School“ – an den Ortseingängen der Stadt Illertissen aufgehängt. Die ungewöhnliche Aktion sorgt zunächst für Verwirrung und weckt Neugier in der Bevölkerung. Später wird die Aktion durch einen Zeitungsartikel aufgeklärt und mit dem Thema Klimaschutz in Verbindung gebracht. Zusätzlich ist ein Stand auf dem Ökomarkt möglich, um das Projekt weiter zu erklären und ins Gespräch zu kommen. Eine Abklärung mit der Stadt Illertissen wird dazu noch durchgeführt. | D18: 46113 | F18: In Umsetzung (Mitte) | H18: Anna Tröbelsberger & Florian Pfeiffer & Stadt Illertissen | I18: Über die Schule hinaus
A19: KV12 | B19: Monitor | C19: Ein Monitor in der Aula soll die bereits erfolgten Projekte der Klimaschule sichtbar machen. Ziel ist es, mit Bildern, Videos und kurzen Infos zum Klimaschutz zu informieren und das Thema im Schulalltag präsent zu halten. Außerdem werden ein Quiz und das Ranking der Klima-Challenges gezeigt. Für die Finanzierung gibt es einen Zuschuss von der Stadt Illertissen, Anfragen bei der Raiffeisenbank und Sparkasse sind noch ausstehend. | D19: 46113 | F19: In Umsetzung (Mitte) | H19: Anna Tröbelsberger & Florian Pfeiffer & Stadt Illertissen | I19: Ganze Schule
A20: KV13 | B20: jährliches Treffen mit Stadtrat | C20: Die Schule plant ein jährliches Treffen mit dem Stadtrat Illertissen, um gemeinsam über neue Möglichkeiten für Klimaschutz zu sprechen. Die Chancen auf eine enge Zusammenarbeit stehen gut, da sowohl ehemalige als auch aktuelle Kolleginnen und Kollegen – sowie deren Verwandte – sich für den Stadtrat bewerben und dadurch ein direkter Austausch erleichtert wird. Durch das regelmäßige Treffen können lokale Projekte gezielt abgestimmt, Unterstützung organisiert und klimafreundliche Ideen schneller umgesetzt werden. So trägt die Schule aktiv dazu bei, kommunale Klimaschutzmaßnahmen voranzubringen. | D20: 46266 | F20: zukünftiger Termin | H20: Vespermann/Pfeiffer | I20: Über die Schule hinaus
A21: KV14

Sheet Faktoren
B3: Sektor | C3: Maßnahme | D3: Einheit | E3: Einsparungsfaktor pro Einheit | F3: Quelle
B4: Abfall | C4: Restmüll reduzieren (Einheit m³) | D4: Einsparung pro m³ | E4: =21.294*0.1 -> 2.1294
C5: Restmüll reduzieren (Einheit t) | D5: Einsparung pro Tonne | E5: =E4*10 -> 21.294
C6: Papiermüll reduzieren (Einheit m³) | D6: Einsparung pro m³ | E6: =E7*0.2 -> 4.2588
C7: Papiermüll reduzieren (Einheit t) | D7: Einsparung pro Tonne | E7: 21.294
B9: Einkauf | C9: Kopierpapier: Frischfaserpapier durch Recyclingpapier ersetzen | D9: Einsparung pro Blatt | E9: ='Übersicht Emissionsfaktoren'!E16-'Übersicht Emissionsfaktoren'!E17 -> 0.000898128
C10: Kopierpapier: Papierverbrauch reduzieren (Frischfaser) | E10: ='Übersicht Emissionsfaktoren'!E16 -> 0.0045874382
C11: Kopierpapier: Papierverbrauch reduzieren (Recycling) | E11: ='Übersicht Emissionsfaktoren'!E17 -> 0.0036893102
C12: Toilettenpapier: Frischfaser- durch Recyclingpapier ersetzen (Normalrolle) | E12: ='Übersicht Emissionsfaktoren'!E18-'Übersicht Emissionsfaktoren'!E20 -> 0.0315
C13: Toilettenpapier: Frischfaser- durch Recyclingpapier ersetzen (Jumborolle) | E13: ='Übersicht Emissionsfaktoren'!E19-'Übersicht Emissionsfaktoren'!E21 -> 0.2835
C14: Toilettenpapier: Verbrauch reduzieren (Jumborolle, Frischfaser) | E14: ='Übersicht Emissionsfaktoren'!E19 -> 1.448055
C15: Toilettenpapier: Verbrauch reduzieren (Jumborolle, Recycling) | E15: ='Übersicht Emissionsfaktoren'!E21 -> 1.164555
C16: Toilettenpapier: Verbrauch reduzieren (Normalrolle, Frischfaser) | E16: ='Übersicht Emissionsfaktoren'!E18 -> 0.160895
C17: Toilettenpapier: Verbrauch reduzieren (Normalrolle, Recycling) | E17: ='Übersicht Emissionsfaktoren'!E20 -> 0.129395
C18: Papierhandtücher: Frischfaser durch Recyclingpapier ersetzen | E18: ='Übersicht Emissionsfaktoren'!E22-'Übersicht Emissionsfaktoren'!E23 -> 0.00036000744
C19: Papierhandtücher: Verbrauch reduzieren (Frischfaser) | E19: ='Übersicht Emissionsfaktoren'!E22 -> 0.0018388
C20: Papierhandtücher: Verbrauch reduzieren (Recycling) | E20: ='Übersicht Emissionsfaktoren'!E23 -> 0.0014787926
B23: Ernährung | C23: Mensa: Fleischgerichte durch vegetarische Gerichte ersetzen | E23: ='Übersicht Emissionsfaktoren'!E25-'Übersicht Emissionsfaktoren'!E24 -> 0.8
C24: Mensa: Fleischgerichte durch vegane Gerichte ersetzen | E24: ='Übersicht Emissionsfaktoren'!E25-'Übersicht Emissionsfaktoren'!E26 -> 1
C25: Mensa: Vegetarische Gerichte durch vegane Gerichte ersetzen | E25: ='Übersicht Emissionsfaktoren'!E24-'Übersicht Emissionsfaktoren'!E26 -> 0.2
B26: Ernährung- Pausenverkauf | C26: Pausenverkauf: Wurstbrötchen durch vegetarisch belegte Brötchen ersetzen | E26: ='Übersicht Emissionsfaktoren'!E28-'Übersicht Emissionsfaktoren'!E32 -> -0.084
C27: Pausenverkauf: Wurstbrötchen durch vegan belegte Brötchen ersetzen | E27: ='Übersicht Emissionsfaktoren'!E28-'Übersicht Emissionsfaktoren'!E36 -> 0.109
C28: Pausenverkauf: Vegetarisch belegte Brötchen durch vegan belegte Brötchen ersetzen | E28: ='Übersicht Emissionsfaktoren'!E32-'Übersicht Emissionsfaktoren'!E36 -> 0.193
C29: Pausenverkauf: Wurstverkauf (Wiener, Bockwurst) reduzieren | E29: ='Übersicht Emissionsfaktoren'!E45 -> 0.232
B30: Ernährung Getränke | C30: Kaffeekonsum reduzieren (in kg) | E30: ='Übersicht Emissionsfaktoren'!E46 -> 5.6
C31: Kaffeekonsum reduzieren (in Liter) | E31: ='Übersicht Emissionsfaktoren'!E47 -> 0.3192
C32: Milchverbrauch reduzieren | E32: ='Übersicht Emissionsfaktoren'!E48 -> 1.3592233
C33: Milch durch veganes Milchgetränk ersetzen | E33: ='Übersicht Emissionsfaktoren'!E49 -> 0.4
C34: Getränkeautomat durch Trinkwasserspender ersetzen | E34: ='Übersicht Emissionsfaktoren'!E50-'Übersicht Emissionsfaktoren'!E126/1000 -> 0.514851
B36: Mobilität | C36: Auto: Fahrgemeinschaften bilden (Wechsel von Alleinfahrt (Verbrenner) zur Fahrgemeinschaft (Verbrenner)) | E36: ='Übersicht Emissionsfaktoren'!E53-'Übersicht Emissionsfaktoren'!E54 -> 0.12027826
C37: Auto: Alleinfahrten mit dem Auto reduzieren | E37: ='Übersicht Emissionsfaktoren'!E53 -> 0.2128
C38: Auto (Verbrenner) durch e-Auto ersetzen | E38: ='Übersicht Emissionsfaktoren'!E53-'Übersicht Emissionsfaktoren'!E56 -> 0.16009
C39: eAuto: Fahrgemeinschaften bilden (Wechsel von Alleinfahrt (eAuto) zur Fahrgemeinschaft (eAuto)) | E39: ='Übersicht Emissionsfaktoren'!E56-'Übersicht Emissionsfaktoren'!E59 -> 0.029792609
C40: eAuto: Alleinfahrten mit dem e-Auto reduzieren | E40: ='Übersicht Emissionsfaktoren'!E56 -> 0.05271
C41: Flugzeug: Flugreisen reduzieren | E41: ='Übersicht Emissionsfaktoren'!E73 -> 0.2302
C42: Reisebus: Fahrten mit den Reisebus vermeiden | E42: ='Übersicht Emissionsfaktoren'!E55 -> 0.036
C43: Schülerfahrten: Flugreise durch Busreise ersetzen (bei gleicher Streckenlänge) | E43: ='Übersicht Emissionsfaktoren'!E73-'Übersicht Emissionsfaktoren'!E55 -> 0.1942
C44: Schülerfahrten: Flugreise durch Bahnreise ersetzen (bei gleicher Streckenlänge) | E44: ='Übersicht Emissionsfaktoren'!E73-'Übersicht Emissionsfaktoren'!E69 -> 0.1662
B46: Strom | C46: Wechsel des Stromtarifs: Dt. Strommix zu Ökostrom ohne Neuanlagenförderung | E46: ='Übersicht Emissionsfaktoren'!E78-'Übersicht Emissionsfaktoren'!E78 -> 0
C47: Wechsel des Stromtarifs: Dt. Strommix zu Ökostrom mit Neuanlagenförderung | E47: ='Übersicht Emissionsfaktoren'!E78-'Übersicht Emissionsfaktoren'!E79 -> 0.374
C48: Wechsel des Stromtarifs: Ökostrom ohne Neuanlagenförderung zu Ökostrom mit Neuanlagenförderung | E48: ='Übersicht Emissionsfaktoren'!E78-'Übersicht Emissionsfaktoren'!E79 -> 0.374
C49: Strom sparen (Tarifart: Dt. Strommix oder Ökostrom ohne Neuanlagenförderung) | E49: ='Übersicht Emissionsfaktoren'!E78 -> 0.438
C50: Strom sparen (Ökostrom mit Neuanlagenförderung) | E50: ='Übersicht Emissionsfaktoren'!E79 -> 0.064
C51: PV-Anlage: Selbst produzierten Strom verwenden (Eigenstromverbrauch erhöhen; Stromtarif der Schule ist dt. Strommix oder Ökostrom ohne Neuanlagenförderung) | E51: ='Übersicht Emissionsfaktoren'!E78-'Übersicht Emissionsfaktoren'!E80 -> 0.382286
C52: PV-Anlage: Selbst produzierten Strom verwenden (Eigenstromverbrauch erhöhen; Stromtarif der Schule ist Ökostrom mit Neuanlagenförderung) | E52: ='Übersicht Emissionsfaktoren'!E79-'Übersicht Emissionsfaktoren'!E80 -> 0.008286
B54: Wärme | C54: Raumtemperatur im ganzen Gebäude senken
C55: Richtig lüften im ganzen Gebäude
C56: Solarthermie zur Heizungsunterstützung
C57: Wärmebedarf reduzieren (z. B. durch verbesserte Gebäudedämmung)
E58: Einsparung in kg CO2e pro kWh Nutzenergie
C59: Heizungstausch: Biogas zu Biomasse (Hackschnitzel) | E59: ='Übersicht Emissionsfaktoren'!E84-'Übersicht Emissionsfaktoren'!E85/0.75 -> 0.116 | G59: 0.11342857 | H59: Wirkungsgrad für Biogas wird als 100 % angenommen
C60: Heizungstausch: Biogas zu Biomasse (Pellets) | E60: ='Übersicht Emissionsfaktoren'!E84-'Übersicht Emissionsfaktoren'!E88/0.8 -> 0.107 | G60: 0.10057143
C61: Heizungstausch: Biogas zu Fernwärme (Hackschnitzel) | E61: ='Übersicht Emissionsfaktoren'!E84-'Übersicht Emissionsfaktoren'!E100/0.96 -> 0.11642125 | G61: 0.10320629
C62: Heizungstausch: Biogas zu Fernwärme (industrielle Prozessabwärme) | E62: ='Übersicht Emissionsfaktoren'!E84-'Übersicht Emissionsfaktoren'!E101/0.96 -> 0.11033333 | G62: 0.112
C63: Heizungstausch: Erdgas zu Biogas | E63: ='Übersicht Emissionsfaktoren'!E91/0.92-'Übersicht Emissionsfaktoren'!E84 -> 0.11647826 | G63: 0.11647826
C64: Heizungstausch: Erdgas zu Biomasse (Hackschnitzel) | E64: ='Übersicht Emissionsfaktoren'!E91/0.92-'Übersicht Emissionsfaktoren'!E85/0.75 -> 0.23247826 | G64: 0.23247826
C65: Heizungstausch: Erdgas zu Biomasse (Pellets) | E65: ='Übersicht Emissionsfaktoren'!E91/0.92-'Übersicht Emissionsfaktoren'!E88/0.8 -> 0.22347826 | G65: 0.22347826
C66: Heizungstausch: Erdgas zu Fernwärme (Biogas) | E66: ='Übersicht Emissionsfaktoren'!E91/0.92-'Übersicht Emissionsfaktoren'!E97/0.96 -> 0.068183089 | G66: 0.054716635
C67: Heizungstausch: Erdgas zu Fernwärme (Müll HKW) | E67: ='Übersicht Emissionsfaktoren'!E91/0.92-'Übersicht Emissionsfaktoren'!E98/0.96 -> 0.042620418 | G67: 0.051654731
C68: Heizungstausch: Erdgas zu Fernwärme (Hackschnitzel) | E68: ='Übersicht Emissionsfaktoren'!E91/0.92-'Übersicht Emissionsfaktoren'!E100/0.96 -> 0.23289951 | G68: 0.23432266
C69: Heizungstausch: Erdgas zu Fernwärme (industrielle Prozessabwärme) | E69: ='Übersicht Emissionsfaktoren'!E91/0.92-'Übersicht Emissionsfaktoren'!E101/0.96 -> 0.22681159 | G69: 0.22847826
C70: Heizungstausch: Erdgas zu Wärmepumpe (Luft/Wasser) | E70: ='Übersicht Emissionsfaktoren'!E91/0.92-E137 -> 0.093473261 | G70: 0.093473261 | H70: Bei dt. Strommix
C71: Heizungstausch: Erdgas zu Wärmepumpe (Sole/Wasser) | E71: ='Übersicht Emissionsfaktoren'!E91/0.92-E138 -> 0.10523026 | G71: 0.10523026 | H71: Bei dt. Strommix
C72: Heizungstausch: Fernwärme (Kohle) zu Biogas | E72: ='Übersicht Emissionsfaktoren'!$E$93/0.96-'Übersicht Emissionsfaktoren'!E84 -> 0.288 | G72: 0.2704
C73: Heizungstausch: Fernwärme (Kohle) zu Biomasse (Hackschnitzel) | E73: ='Übersicht Emissionsfaktoren'!$E$93/0.96-'Übersicht Emissionsfaktoren'!E85/0.75 -> 0.404 | G73: 0.38382857
C74: Heizungstausch: Fernwärme (Kohle) zu Biomasse (Pellets) | E74: ='Übersicht Emissionsfaktoren'!$E$93/0.96-'Übersicht Emissionsfaktoren'!E88/0.8 -> 0.395
C75: Heizungstausch: Fernwärme (Kohle) zu Fernwärme (Biogas) | E75: ='Übersicht Emissionsfaktoren'!$E$93/0.96-'Übersicht Emissionsfaktoren'!E97/0.96 -> 0.23970483
C76: Heizungstausch: Fernwärme (Kohle) zu Fernwärme (Müll HKW) | E76: ='Übersicht Emissionsfaktoren'!$E$93/0.96-'Übersicht Emissionsfaktoren'!E98/0.96 -> 0.21414216
C77: Heizungstausch: Fernwärme (Kohle) zu Fernwärme (Hackschnitzel) | E77: ='Übersicht Emissionsfaktoren'!$E$93/0.96-'Übersicht Emissionsfaktoren'!E100/0.96 -> 0.40442125
C78: Heizungstausch: Fernwärme (Kohle) zu Fernwärme (Industrielle Prozessabwärme) | E78: ='Übersicht Emissionsfaktoren'!$E$93/0.96-'Übersicht Emissionsfaktoren'!E101/0.96 -> 0.39833333
C79: Heizungstausch: Fernwärme (Kohle) zu Wärmepumpe (Luft/Wasser) | E79: ='Übersicht Emissionsfaktoren'!E93-E137 -> 0.247395
C80: Heizungstausch: Fernwärme (Kohle) zu Wärmepumpe (Sole/Wasser) | E80: ='Übersicht Emissionsfaktoren'!E93-E138 -> 0.259152
C81: Heizungstausch: Fernwärme (Erdgas) zu Biogas | E81: ='Übersicht Emissionsfaktoren'!$E$96/0.96-'Übersicht Emissionsfaktoren'!E84 -> 0.17347965
C82: Heizungstausch: Fernwärme (Erdgas) zu Biomasse (Hackschnitzel) | E82: ='Übersicht Emissionsfaktoren'!$E$96/0.96-'Übersicht Emissionsfaktoren'!E85/0.75 -> 0.28947965
C83: Heizungstausch: Fernwärme (Erdgas) zu Biomasse (Pellets) | E83: ='Übersicht Emissionsfaktoren'!$E$96/0.96-'Übersicht Emissionsfaktoren'!E88/0.8 -> 0.28047965
C84: Heizungstausch: Fernwärme (Erdgas) zu Fernwärme (Biogas) | E84: ='Übersicht Emissionsfaktoren'!$E$96/0.96-'Übersicht Emissionsfaktoren'!E97/0.96 -> 0.12518448
C85: Heizungstausch: Fernwärme (Erdgas) zu Fernwärme (Müll HKW) | E85: ='Übersicht Emissionsfaktoren'!$E$96/0.96-'Übersicht Emissionsfaktoren'!E98/0.96 -> 0.099621811
C86: Heizungstausch: Fernwärme (Erdgas) zu Fernwärme (Hackschnitzel) | E86: ='Übersicht Emissionsfaktoren'!$E$96/0.96-'Übersicht Emissionsfaktoren'!E100/0.96 -> 0.28990091
C87: Heizungstausch: Fernwärme (Erdgas) zu Fernwärme (Industrielle Prozessabwärme) | E87: ='Übersicht Emissionsfaktoren'!$E$96/0.96-'Übersicht Emissionsfaktoren'!E101/0.96 -> 0.28381299
C88: Heizungstausch: Fernwärme (Erdgas) zu Wärmepumpe (Luft/Wasser) | E88: ='Übersicht Emissionsfaktoren'!E96/0.96-E137 -> 0.15047465
C89: Heizungstausch: Fernwärme (Erdgas) zu Wärmepumpe (Sole/Wasser) | E89: ='Übersicht Emissionsfaktoren'!E96/0.96-E138 -> 0.16223165
C90: Heizungstausch: Fernwärme (Biogas) zu Biogas | E90: ='Übersicht Emissionsfaktoren'!$E$97/0.96-'Übersicht Emissionsfaktoren'!E84 -> 0.048295172
C91: Heizungstausch: Fernwärme (Biogas) zu Biomasse (Hackschnitzel) | E91: ='Übersicht Emissionsfaktoren'!$E$97/0.96-'Übersicht Emissionsfaktoren'!E85/0.75 -> 0.16429517
C92: Heizungstausch: Fernwärme (Biogas) zu Biomasse (Pellets) | E92: ='Übersicht Emissionsfaktoren'!$E$97/0.96-'Übersicht Emissionsfaktoren'!E88/0.8 -> 0.15529517
C93: Heizungstausch: Fernwärme (Biogas) zu Fernwärme (Hackschnitzel) | E93: ='Übersicht Emissionsfaktoren'!$E$97/0.96-'Übersicht Emissionsfaktoren'!E100/0.96 -> 0.16471642
C94: Heizungstausch: Fernwärme (Biogas) zu Fernwärme (Industrielle Prozessabwärme) | E94: ='Übersicht Emissionsfaktoren'!$E$97/0.96-'Übersicht Emissionsfaktoren'!E101/0.96 -> 0.15862851
C95: Heizungstausch: Fernwärme (Biogas) zu Wärmepumpe (Luft/Wasser) | E95: ='Übersicht Emissionsfaktoren'!E97/0.96-E137 -> 0.025290172
C96: Heizungstausch: Fernwärme (Biogas) zu Wärmepumpe (Sole/Wasser) | E96: ='Übersicht Emissionsfaktoren'!E97/0.96-E138 -> 0.037047172
C97: Heizungstausch: Fernwärme (Müll HKW) zu Biogas | E97: ='Übersicht Emissionsfaktoren'!$E$98/0.96-'Übersicht Emissionsfaktoren'!E84 -> 0.073857843
C98: Heizungstausch: Fernwärme (Müll HKW) zu Biomasse (Hackschnitzel) | E98: ='Übersicht Emissionsfaktoren'!$E$98/0.96-'Übersicht Emissionsfaktoren'!E85/0.75 -> 0.18985784
C99: Heizungstausch: Fernwärme (Müll HKW) zu Biomasse (Pellets) | E99: ='Übersicht Emissionsfaktoren'!$E$98/0.96-'Übersicht Emissionsfaktoren'!E88/0.8 -> 0.18085784
C100: Heizungstausch: Fernwärme (Müll HKW) zu Fernwärme (Biogas) | E100: ='Übersicht Emissionsfaktoren'!$E$98/0.96-'Übersicht Emissionsfaktoren'!E97/0.96 -> 0.025562671
C101: Heizungstausch: Fernwärme (Müll HKW) zu Fernwärme (Hackschnitzel) | E101: ='Übersicht Emissionsfaktoren'!$E$98/0.96-'Übersicht Emissionsfaktoren'!E100/0.96 -> 0.1902791
C102: Heizungstausch: Fernwärme (Müll HKW) zu Fernwärme (Industrielle Prozessabwärme) | E102: ='Übersicht Emissionsfaktoren'!$E$98/0.96-'Übersicht Emissionsfaktoren'!E101/0.96 -> 0.18419118
C103: Heizungstausch: Fernwärme (Müll HKW) zu Wärmepumpe (Luft/Wasser) | E103: ='Übersicht Emissionsfaktoren'!E98/0.96-E137 -> 0.050852843
C104: Heizungstausch: Fernwärme (Müll HKW) zu Wärmepumpe (Sole/Wasser) | E104: ='Übersicht Emissionsfaktoren'!E98/0.96-E138 -> 0.062609843
C105: Heizungstausch: Flüssiggas zu Biogas | E105: ='Übersicht Emissionsfaktoren'!$E$102/0.92-'Übersicht Emissionsfaktoren'!E84 -> 0.148 | G105: 0.148 | H105: auch bei Flüssiggas würde ich den Wirkungsgrad berücksichtigen (92%)
C106: Heizungstausch: Flüssiggas zu Biomasse (Hackschnitzel) | E106: ='Übersicht Emissionsfaktoren'!$E$102/0.92-'Übersicht Emissionsfaktoren'!E85/0.75 -> 0.264 | G106: 0.26142857
C107: Heizungstausch: Flüssiggas zu Biomasse (Pellets) | E107: ='Übersicht Emissionsfaktoren'!$E$102/0.92-'Übersicht Emissionsfaktoren'!E88/0.8 -> 0.255 | G107: 0.24857143
C108: Heizungstausch: Flüssiggas zu Fernwärme (Biogas) | E108: ='Übersicht Emissionsfaktoren'!$E$102/0.92-'Übersicht Emissionsfaktoren'!E97/0.96 -> 0.099704828 | G108: analog
...

Sheet Strom
A6: Nr. | B6: Maßnahme | C6: Beschreibung der Maßnahme und Form der CO2-Einsparung | D6: Start der Maßnahme | E6: ="Status 1. Bewerbung"&CHAR(10)&Überblick!$F$14 -> Status 1. Bewerbung 2025 | F6: ="Status 2. Bewerbung"&CHAR(10)&Überblick!$F$16 -> Status 2. Bewerbung 2026 | G6: ="Status 3. Bewerbung"&CHAR(10)&Überblick!$F$18 -> Status 3. Bewerbung | H6: Verantwortlich & Akteure für die Umsetzung | I6: Reichweite | J6: CO2-Einsparpotential pro Jahr | K6: Ziel: CO2-Einsparpotential erreicht bis | N6: Maßnahmen, die zur Berechnung von CO2-Reduktionen geeignet sind | O6: Zugehörige Maßnahme im Klimaschutzplan | P6: Elektrischer Energiebedarf im letzten Jahr in kWh (Netzbezug) | Q6: Geplante Einsparung pro Jahr in % | R6: Geplante CO2-Reduktion pro Jahr
A8: ST1 | B8: Vermietung der Dachfläche für eine PV-Anlage | C8: Die Installation einer Photovoltaikanlage auf einem Schulsdach ermöglicht die Nutzung von Solarenergie, einer erneuerbaren Energiequelle, die keine CO2-Emissionen verursacht. Durch die Vermietung der Dachfläche für eine PV-Anlage wird die Produktion von sauberer Energie gefördert, die statt fossiler Brennstoffe genutzt werden kann. | D8: 41640 | E8: wird laufend umgesetzt | F8: wird laufend umgesetzt | H8: Stadt Illertissen Schulleitung | I8: Über die Schule hinaus | R8: =IF(N8="Wechsel des Stromtarifs: Dt. Strommix zu Ökostrom ohne Neuanlagenförderung",P8*Faktoren!$E$46,0)+IF(N8="Wechsel des Stromtarifs: Dt. Strommix zu Ökostrom mit Neuanlagenförderung",P8*Faktoren!$E$47,0)+IF(N8="Wechsel des Stromtarifs: Ökostrom ohne Neuanlagenförderung zu Ökostrom mit Neuanlagenförderung",P8*Faktoren!$E$48,0) -> 0
A9: ST2 | B9: Licht in Klassenzimmern und Gängen wird über Bewegungsmelder gesteuert. | C9: Bewegungsmelder sorgen dafür, dass das Licht in Klassenzimmern und Gängen nur dann eingeschaltet wird, wenn es tatsächlich benötigt wird. Dadurch wird verhindert, dass das Licht unnötig lange an bleibt und Energie verschwendet wird. Weniger Stromverbrauch bedeutet weniger Energieaufwand und somit eine Reduktion der CO2-Emissionen, da viele Stromquellen noch immer auf fossilen Brennstoffen basieren. | D9: 43101 | E9: wird laufend umgesetzt | F9: wird laufend umgesetzt | H9: Stephan Deak Hausmeister | I9: Ganze Schule | R9: =IF(N9="Strom sparen (Tarifart: Dt. Strommix oder Ökostrom ohne Neuanlagenförderung)",P9*Q9*Faktoren!$E$49,0)+IF(N9="Strom sparen (Ökostrom mit Neuanlagenförderung)",P9*Q9*Faktoren!$E$49,0)*IF(N9="PV-Anlage: Selbst produzierten Strom verwenden (Eigenstromverbrauch erhöhen; Stromtarif der Schule ist dt. Strommix)",P9*Q9*Faktoren!$E$50,0)+IF(N9="PV-Anlage: Selbst produzierten Strom verwenden (Eigenstromverbrauch erhöhen; Stromtarif der Schule ist dt. Strommix oder Ökostrom ohne Neuanlagenförderung)",P9*Q9*Faktoren!$E$51,0)+IF(N9="PV-Anlage: Selbst produzierten Strom verwenden (Eigenstromverbrauch erhöhen; Stromtarif der Schule ist Ökostrom mit Neuanlagenförderung)",P9*Q9*Faktoren!$E$52,0) -> 0
A10: ST3 | B10: Dimmbares Licht in Räumen | C10: Dimmbares Licht ermöglicht es, die Helligkeit je nach Bedarf zu regulieren. Wenn das Licht in weniger genutzten oder kleineren Räumen nur auf niedrigerer Stufe leuchtet, wird weniger Energie verbraucht. Dies reduziert den Stromverbrauch und somit auch die CO2-Emissionen, insbesondere wenn der Strom aus fossilen Quellen stammt. | D10: 43101 | E10: wird laufend umgesetzt | F10: wird laufend umgesetzt | H10: Stephan Deak Hausmeister | I10: Ganze Schule | R10: =IF(N10="Strom sparen (Tarifart: Dt. Strommix oder Ökostrom ohne Neuanlagenförderung)",P10*Q10*Faktoren!$E$49,0)+IF(N10="Strom sparen (Ökostrom mit Neuanlagenförderung)",P10*Q10*Faktoren!$E$49,0)*IF(N10="PV-Anlage: Selbst produzierten Strom verwenden (Eigenstromverbrauch erhöhen; Stromtarif der Schule ist dt. Strommix)",P10*Q10*Faktoren!$E$50,0)+IF(N10="PV-Anlage: Selbst produzierten Strom verwenden (Eigenstromverbrauch erhöhen; Stromtarif der Schule ist dt. Strommix oder Ökostrom ohne Neuanlagenförderung)",P10*Q10*Faktoren!$E$51,0)+IF(N10="PV-Anlage: Selbst produzierten Strom verwenden (Eigenstromverbrauch erhöhen; Stromtarif der Schule ist Ökostrom mit Neuanlagenförderung)",P10*Q10*Faktoren!$E$52,0) -> 0
A11: ST4 | B11: Automatisiertes Abschalten von Schul-PCs ab 16.00 Uhr | C11: Schul-PCs, die nach Unterrichtsende eingeschaltet bleiben, verbrauchen unnötig Energie, auch wenn sie nicht genutzt werden. Ein automatisiertes Abschalten stellt sicher, dass kein Strom verschwendet wird. Weniger Energieverbrauch bedeutet weniger CO2-Emissionen. | D11: 45170 | E11: wird laufend umgesetzt | F11: wird laufend umgesetzt | H11: Stephan Deak | I11: Ganze Schule | R11: =IF(N11="Strom sparen (Tarifart: Dt. Strommix oder Ökostrom ohne Neuanlagenförderung)",P11*Q11*Faktoren!$E$49,0)+IF(N11="Strom sparen (Ökostrom mit Neuanlagenförderung)",P11*Q11*Faktoren!$E$49,0)*IF(N11="PV-Anlage: Selbst produzierten Strom verwenden (Eigenstromverbrauch erhöhen; Stromtarif der Schule ist dt. Strommix)",P11*Q11*Faktoren!$E$50,0)+IF(N11="PV-Anlage: Selbst produzierten Strom verwenden (Eigenstromverbrauch erhöhen; Stromtarif der Schule ist dt. Strommix oder Ökostrom ohne Neuanlagenförderung)",P11*Q11*Faktoren!$E$51,0)+IF(N11="PV-Anlage: Selbst produzierten Strom verwenden (Eigenstromverbrauch erhöhen; Stromtarif der Schule ist Ökostrom mit Neuanlagenförderung)",P11*Q11*Faktoren!$E$52,0) -> 0
A12: ST5 | B12: Sensibilisierung der Schüler für den Stromverbrauch | C12: Die Schüler der 9. Klasse recherchieren in Gruppen den Stromverbrauch verschiedener Haushaltsgeräte. Sie berechnen den damit verbundenen CO₂-Ausstoß und entwickeln praktische Stromspartipps. Ihre Ergebnisse präsentieren sie der Schulfamilie auf eine selbstgewählte Weise, z. B. durch Plakate, Videos oder Vorträge. Warum dieses Projekt CO₂ einspart: Durch die Recherche lernen die Schüler den Zusammenhang zwischen Stromverbrauch und CO₂-Emissionen kennen. Die Berechnung macht sichtbar, wie viel CO₂ durch den Einsatz bestimmter Geräte entsteht. Die erarbeiteten Stromspartipps helfen Mitschülern, Lehrern und Eltern, ihren Energieverbrauch zu reduzieren – etwa durch den Einsatz energieeffizienter Geräte, das Abschalten von Standby-Funktionen oder die Nutzung von LED-Lampen. Jede eingesparte Kilowattstunde Strom bedeutet weniger CO₂-Emissionen, besonders wenn der Strom aus fossilen Energieträgern stammt. Zusätzlich fördert das Projekt nachhaltiges Denken und Handeln in der gesamten Schulgemeinschaft. | D12: 45717 | E12: umgesetzt | F12: umgesetzt | H12: Florian Pfeiffer | I12: Jahrgangsstufe
A13: ST6 | B13: Geplante PV-Anlage auf den Dächer der Fahrradgaragen | C13: Eine PV-Anlage auf den Fahrradgaragen erzeugt saubere Solarenergie direkt vor Ort. Diese Energie kann für den Schulbetrieb genutzt werden, z. B. für Beleuchtung oder Ladestationen, und reduziert damit den Bedarf an Strom aus fossilen Energieträgern, die CO2-Emissionen verursachen. Da die Fahrradgaragen ohnehin überdacht sind, wird die Dachfläche optimal für nachhaltige Energieproduktion genutzt. | D13: 45901 | E13: zukünftiger Termin | F13: wird laufend umgesetzt | H13: Stadt Illertissen Schulleitung | I13: Über die Schule hinaus | R13: =IF(N13="Strom sparen (Tarifart: Dt. Strommix oder Ökostrom ohne Neuanlagenförderung)",P13*Q13*Faktoren!$E$49,0)+IF(N13="Strom sparen (Ökostrom mit Neuanlagenförderung)",P13*Q13*Faktoren!$E$49,0)*IF(N13="PV-Anlage: Selbst produzierten Strom verwenden (Eigenstromverbrauch erhöhen; Stromtarif der Schule ist dt. Strommix)",P13*Q13*Faktoren!$E$50,0)+IF(N13="PV-Anlage: Selbst produzierten Strom verwenden (Eigenstromverbrauch erhöhen; Stromtarif der Schule ist dt. Strommix oder Ökostrom ohne Neuanlagenförderung)",P13*Q13*Faktoren!$E$51,0)+IF(N13="PV-Anlage: Selbst produzierten Strom verwenden (Eigenstromverbrauch erhöhen; Stromtarif der Schule ist Ökostrom mit Neuanlagenförderung)",P13*Q13*Faktoren!$E$52,0) -> 0
A14: ST7 | B14: Bau einer PV-Anlage für unsere Dachterrasse | C14: In Zusammenarbeit mit der Firma RuD Energy errichten unsere Schülerinnen und Schüler eine Balkon-Photovoltaikanlage mit zwei Modulen auf der Dachterrasse der Schule. Die Anlage erzeugt erneuerbaren Strom direkt vor Ort und reduziert dadurch den Bezug von Strom aus fossilen Energieträgern. So werden jährlich CO₂-Emissionen eingespart. Gleichzeitig erhalten die Schülerinnen und Schüler praxisnahe Einblicke in erneuerbare Energien und Klimaschutzmaßnahmen. | D14: 46092 | F14: In Umsetzung (Mitte) | H14: Anna Tröbelsberger Florian Pfeiffer Firma RuD Energy | I14: Ganze Schule | J14: 272
A15: ST8 | B15: Videowettbewerb auf Instagram zum Thema Stromsparen | C15: Schülerinnen und Schüler nehmen an einem Videowettbewerb teil, bei dem sie kurze Clips zum Thema Stromsparen produzieren und auf Instagram veröffentlichen. Die Jugendlichen setzen sich dabei kreativ damit auseinander, wie man im Alltag Energie sparen kann, und geben ihre Ideen öffentlich weiter. Dadurch entsteht nicht nur ein Lerneffekt bei den Teilnehmenden, sondern auch eine breite Wirkung nach außen. Stromsparen reduziert direkt den CO₂-Ausstoß, weil weniger Energie produziert werden muss. Durch den Wettbewerb werden die Schüler motiviert, sich aktiv mit Klimaschutz zu beschäftigen und ihr Wissen mit anderen zu teilen. | D15: 46388 | F15: zukünftiger Termin | H15: Jana Gleich | I15: Über die Schule hinaus
I16: Summen | J16: =SUM(J8:J13) -> 0

Sheet Quellen
A2: Einsparungsrechner
A4: Raumtemperatur um 1°C reduzieren spart 6 % Heizkosten (Endenergie)
A5: https://www.test.de/Serie-Energie-sparen-Teil-4-Heizkosten-Reduzieren-ohne-frieren-1734645-0/
A6: https://www.co2online.de/energie-sparen/heizenergie-sparen/heizkosten-sparen/heizkosten-sparen-uebersicht/
A7: https://mediapool.hm.edu/mediapool/media/dachmarke/dm_lokal/nachhaltigkeit/dokumente_142/221003_Merkblatt_Energiesparung_Kurzfassung_END.pdf
A10: 70 % des Energieverbrauchs in Privathaushalten wird für Raumheizung, 15 % für die Warmwasseraufbereitung, 15 % für Strom benötigt
A12: https://www.umweltbundesamt.de/umwelttipps-fuer-den-alltag/heizen-bauen/heizen-raumtemperatur#gewusst-wie
A14: Was bringt Lüften: bis zu 30 % Einsparung der Heizenergie
A15: https://www.rwth-aachen.de/cms/root/die-rwth/nachhaltigkeit/nachhaltigkeit-im-betrieb/energie/~wxqew/energiespartipps/

Sheet Wärme
A6: Nr. | B6: Maßnahme | C6: Beschreibung der Maßnahme und Form der CO2-Einsparung | D6: Start der Maßnahme | E6: ="Status 1. Bewerbung"&CHAR(10)&Überblick!$F$14 -> Status 1. Bewerbung 2025 | F6: ="Status 2. Bewerbung"&CHAR(10)&Überblick!$F$16 -> Status 2. Bewerbung 2026 | G6: ="Status 3. Bewerbung"&CHAR(10)&Überblick!$F$18 -> Status 3. Bewerbung | H6: Verantwortlich & Akteure für die Umsetzung | I6: Reichweite | J6: CO2-Einsparpotential pro Jahr | K6: Ziel: CO2-Einsparpotential erreicht bis | N6: Maßnahmen zur Senkung des Wärmebedarfs | O6: Zugehörige Maßnahme im Klimaschutzplan | P6: Wärmebedarf im letzten Jahr in kWh (Nutzenergie, z. B. laut Wärmemengenzähler) | Q6: Aktuelle Heizung an Ihrer Schule | R6: Geplante Einsparung pro Jahr in % | S6: Geplante CO2-Reduktion pro Jahr
A8: WÄ1 | B8: Lüftungsanlagen in den Klassenzimmern | C8: Moderne Lüftungsanlagen sorgen für frische Luft, ohne dass Fenster dauerhaft geöffnet werden müssen. Dadurch geht im Winter weniger Heizwärme verloren, was den Energieverbrauch und somit auch die CO2-Emissionen der Heizung reduziert. | D8: 2018 | E8: wird laufend umgesetzt | F8: wird laufend umgesetzt | H8: Hausmeister | I8: Ganze Schule | S8: =IF(AND(Q8="Biogas",R8="Absenkung um 1°C"),P8*0.06*Faktoren!$E$125,IF(AND(Q8="Biogas",R8="Absenkung um 2°C"),P8*0.12*Faktoren!$E$125,IF(AND(Q8="Biogas",R8="Absenkung um 3°C"),P8*0.18*Faktoren!$E$125,IF(AND(Q8="Biogas",R8="Absenkung um 4°C"),P8*0.24*Faktoren!$E$125,0))))+IF(AND(Q8="Biomasse: Hackschnitzel",R8="Absenkung um 1°C"),P8/0.75*0.06*Faktoren!$E$126,IF(AND(Q8="Biomasse: Hackschnitzel",R8="Absenkung um 2°C"),P8*0.75*0.12*Faktoren!$E$126,IF(AND(Q8="Biomasse: Hackschnitzel",R8="Absenkung um 3°C"),P8/0.75*0.18*Faktoren!$E$126,IF(AND(Q8="Biomasse: Hackschnitzel",R8="Absenkung um 4°C"),P8/0.75*0.24*Faktoren!$E$126,0))))+IF(AND(Q8="Biomasse: Pellets",R8="Absenkung um 1°C"),P8/0.8*0.06*Faktoren!$E$127,IF(AND(Q8="Biomasse: Pellets",R8="Absenkung um 2°C"),P8/0.8*0.12*Faktoren!$E$127,IF(AND(Q8="Biomasse: Pellets",R8="Absenkung um 3°C"),P8/0.8*0.18*Faktoren!$E$127,IF(AND(Q8="Biomasse: Pellets",R8="Absenkung um 4°C"),P8/0.8*0.24*Faktoren!$E$127,0))))+IF(AND(Q8="Erdgas",R8="Absenkung um 1°C"),P8/0.92*0.06*Faktoren!$E$128,IF(AND(Q8="Erdgas",R8="Absenkung um 2°C"),P8/0.92*0.12*Faktoren!$E$128,IF(AND(Q8="Erdgas",R8="Absenkung um 3°C"),P8/0.92*0.18*Faktoren!$E$128,IF(AND(Q8="Erdgas",R8="Absenkung um 4°C"),P8/0.92*0.24*Faktoren!$E$128,0))))+IF(AND(Q8="Fernwärme (Kohle)",R8="Absenkung um 1°C"),P8/0.96*0.06*Faktoren!$E$129,IF(AND(Q8="Fernwärme (Kohle)",R8="Absenkung um 2°C"),P8/0.96*0.12*Faktoren!$E$129,IF(AND(Q8="Fernwärme (Kohle)",R8="Absenkung um 3°C"),P8/0.96*0.18*Faktoren!$E$129,IF(AND(Q8="Fernwärme (Kohle)",R8="Absenkung um 4°C"),P8/0.96*0.24*Faktoren!$E$129,0))))+IF(AND(Q8="Fernwärme (Erdgas)",R8="Absenkung um 1°C"),P8/0.96*0.06*Faktoren!$E$130,IF(AND(Q8="Fernwärme (Erdgas)",R8="Absenkung um 2°C"),P8/0.96*0.12*Faktoren!$E$130,IF(AND(Q8="Fernwärme (Erdgas)",R8="Absenkung um 3°C"),P8/0.96*0.18*Faktoren!$E$130,IF(AND(Q8="Fernwärme (Erdgas)",R8="Absenkung um 4°C"),P8/0.96*0.24*Faktoren!$E$130,0))))+IF(AND(Q8="Fernwärme (Biogas)",R8="Absenkung um 1°C"),P8/0.96*0.06*Faktoren!$E$131,IF(AND(Q8="Fernwärme (Biogas)",R8="Absenkung um 2°C"),P8/0.96*0.12*Faktoren!$E$131,IF(AND(Q8="Fernwärme (Biogas)",R8="Absenkung um 3°C"),P8/0.96*0.18*Faktoren!$E$131,IF(AND(Q8="Fernwärme (Biogas)",R8="Absenkung um 4°C"),P8/0.96*0.24*Faktoren!$E$131,0))))+IF(AND(Q8="Fernwärme (Müll HKW)",R8="Absenkung um 1°C"),P8/0.96*0.06*Faktoren!$E$132,IF(AND(Q8="Fernwärme (Müll HKW)",R8="Absenkung um 2°C"),P8/0.96*0.12*Faktoren!$E$132,IF(AND(Q8="Fernwärme (Müll HKW)",R8="Absenkung um 3°C"),P8/0.96*0.18*Faktoren!$E$132,IF(AND(Q8="Fernwärme (Müll HKW)",R8="Absenkung um 4°C"),P8/0.96*0.24*Faktoren!$E$132,0))))+IF(AND(Q8="Fernwärme (Hackschnitzel)",R8="Absenkung um 1°C"),P8/0.96*0.06*Faktoren!$E$133,IF(AND(Q8="Fernwärme (Hackschnitzel)",R8="Absenkung um 2°C"),P8/0.96*0.12*Faktoren!$E$133,IF(AND(Q8="Fernwärme (Hackschnitzel)",R8="Absenkung um 3°C"),P8/0.96*0.18*Faktoren!$E$133,IF(AND(Q8="Fernwärme (Hackschnitzel)",R8="Absenkung um 4°C"),P8/0.96*0.24*Faktoren!$E$133,0))))+IF(AND(Q8="Fernwärme (Industrielle Prozessabwärme)",R8="Absenkung um 1°C"),P8/0.96*0.06*Faktoren!$E$134,IF(AND(Q8="Fernwärme (Industrielle Prozessabwärme)",R8="Absenkung um 2°C"),P8/0.96*0.12*Faktoren!$E$134,IF(AND(Q8="Fernwärme (Industrielle Prozessabwärme)",R8="Absenkung um 3°C"),P8/0.96*0.18*Faktoren!$E$134,IF(AND(Q8="Fernwärme (Industrielle Prozessabwärme)",R8="Absenkung um 4°C"),P8*0.24*Faktoren!$E$134,0))))+IF(AND(Q8="Flüssiggas",R8="Absenkung um 1°C"),P8/0.92*0.06*Faktoren!$E$135,IF(AND(Q8="Flüssiggas",R8="Absenkung um 2°C"),P8/0.92*0.12*Faktoren!$E$135,IF(AND(Q8="Flüssiggas",R8="Absenkung um 3°C"),P8/0.92*0.18*Faktoren!$E$135,IF(AND(Q8="Flüssiggas",R8="Absenkung um 4°C"),P8/0.92*0.24*Faktoren!$E$135,0))))+IF(AND(Q8="Heizöl",R8="Absenkung um 1°C"),P8/0.86*0.06*Faktoren!$E$136,IF(AND(Q8="Heizöl",R8="Absenkung um 2°C"),P8/0.86*0.12*Faktoren!$E$136,IF(AND(Q8="Heizöl",R8="Absenkung um 3°C"),P8/0.86*0.18*Faktoren!$E$136,IF(AND(Q8="Heizöl",R8="Absenkung um 4°C"),P8/0.86*0.24*Faktoren!$E$136,0))))+IF(AND(Q8="Wärmepumpe (Luft/Wasser)",R8="Absenkung um 1°C"),P8*0.06*Faktoren!$E$136,IF(AND(Q8="Wärmepumpe (Luft/Wasser)",R8="Absenkung um 2°C"),P8*0.12*Faktoren!$E$137,IF(AND(Q8="Wärmepumpe (Luft/Wasser)",R8="Absenkung um 3°C"),P8*0.18*Faktoren!$E$137,IF(AND(Q8="Wärmepumpe (Luft/Wasser)",R8="Absenkung um 4°C"),P8*0.24*Faktoren!$E$137,0))))+IF(AND(Q8="Wärmepumpe (Sole/Wasser)",R8="Absenkung um 1°C"),P8*0.06*Faktoren!$E$138,IF(AND(Q8="Wärmepumpe (Sole/Wasser)",R8="Absenkung um 2°C"),P8*0.12*Faktoren!$E$138,IF(AND(Q8="Wärmepumpe (Sole/Wasser)",R8="Absenkung um 3°C"),P8*0.18*Faktoren!$E$138,IF(AND(Q8="Wärmepumpe (Sole/Wasser)",R8="Absenkung um 4°C"),P8*0.24*Faktoren!$E$138,0)))) -> 0
A9: WÄ2 | B9: Nicht-Beheizung von Gängen | C9: Gänge werden meist nur kurz durchquert und benötigen keine konstante Beheizung. Durch das Abschalten der Heizungen in diesen Bereichen wird der Energieverbrauch erheblich reduziert. Weniger Energieverbrauch bedeutet auch weniger CO2-Emissionen, besonders wenn die Heizenergie aus fossilen Brennstoffen stammt. | D9: 2018 | E9: wird laufend umgesetzt | F9: wird laufend umgesetzt | H9: Hausmeister | I9: Ganze Schule | S9: =IF(Q9="Biogas",P9*1*R9*Faktoren!$E$125,0)+IF(Q9="Biomasse: Hackschnitzel",P9/0.75*R9*Faktoren!$E$126,0)+IF(Q9="Biomasse: Pellets",P9/0.8*R9*Faktoren!$E$127,0)+IF(Q9="Erdgas",P9/0.92*R9*Faktoren!$E$128,0)+IF(Q9="Fernwärme (Kohle)",P9/0.96*R9*Faktoren!$E$129,0)+IF(Q9="Fernwärme (Erdgas)",P9/0.96*R9*Faktoren!$E$130,0)+IF(Q9="Fernwärme (Biogas)",P9/0.96*R9*Faktoren!$E$131,0)+IF(Q9="Fernwärme (Müll HKW)",P9/0.96*R9*Faktoren!$E$132,0)+IF(Q9="Fernwärme (Hackschnitzel)",P9/0.96*R9*Faktoren!$E$133,0)+IF(Q9="Fernwärme (Industrielle Prozessabwärme)",P9/0.96*R9*Faktoren!$E$134,0)+IF(Q9="Flüssiggas",P9/0.92*R9*Faktoren!$E$135,0)+IF(Q9="Heizöl",P9/0.86*R9*Faktoren!$E$136,0)+IF(Q9="Wärmepumpe (Luft/Wasser)",P9*R9*Faktoren!$E$137,0)+IF(Q9="Wärmepumpe (Sole/Wasser)",P9*R9*Faktoren!$E$138,0) -> 0
A10: WÄ3 | B10: CO2-Ampeln in den ausgelagerten Klassenzimmern im Nebengebäude | C10: CO2-Ampeln messen die Luftqualität und zeigen an, wann gelüftet werden sollte. In den ausgelagerten Klassenzimmern helfen sie dabei, gezielt zu lüften, anstatt Fenster zu lange offen zu lassen. Das verhindert, dass zu viel Heizwärme verloren geht und unnötig Energie verbraucht wird. | D10: 45689 | E10: wird laufend umgesetzt | F10: wird laufend umgesetzt | H10: Stephan Deak | I10: Jahrgangsstufe | J10: 146 | K10: 2026 | N10: Wärmebedarf reduzieren (z. B. durch verbesserte Gebäudedämmung) | S10: =IF(Q10="Biogas",P10*1*R10*Faktoren!$E$125,0)+IF(Q10="Biomasse: Hackschnitzel",P10/0.75*R10*Faktoren!$E$126,0)+IF(Q10="Biomasse: Pellets",P10/0.8*R10*Faktoren!$E$127,0)+IF(Q10="Erdgas",P10/0.92*R10*Faktoren!$E$128,0)+IF(Q10="Fernwärme (Kohle)",P10/0.96*R10*Faktoren!$E$129,0)+IF(Q10="Fernwärme (Erdgas)",P10/0.96*R10*Faktoren!$E$130,0)+IF(Q10="Fernwärme (Biogas)",P10/0.96*R10*Faktoren!$E$131,0)+IF(Q10="Fernwärme (Müll HKW)",P10/0.96*R10*Faktoren!$E$132,0)+IF(Q10="Fernwärme (Hackschnitzel)",P10/0.96*R10*Faktoren!$E$133,0)+IF(Q10="Fernwärme (Industrielle Prozessabwärme)",P10/0.96*R10*Faktoren!$E$134,0)+IF(Q10="Flüssiggas",P10/0.92*R10*Faktoren!$E$135,0)+IF(Q10="Heizöl",P10/0.86*R10*Faktoren!$E$136,0)+IF(Q10="Wärmepumpe (Luft/Wasser))",P10*R10*Faktoren!$E$137,0)+IF(Q10="Wärmepumpe (Sole/Wasser)",P10*R10*Faktoren!$E$138,0) -> 0
A11: WÄ4 | B11: Schüler als Energiebeauftragte für das Stoßlüften | C11: Schüler, die gezielt für das Stoßlüften verantwortlich sind, sorgen dafür, dass Frischluft effizient in die Klassenzimmer gelangt, ohne dabei unnötig viel Heizenergie zu verlieren. | D11: 45658 | E11: In Umsetzung (Mitte) | F11: wird laufend umgesetzt | H11: Schulfamilie | I11: Ganze Schule | J11: 146 | K11: 2025 | N11: Heizungstausch: Biogas zu Fernwärme (industrielle Prozessabwärme) | S11: =IF($N$11=Faktoren!C59,$P$11*Faktoren!E59,0)+IF($N$11=Faktoren!C60,$P$11*Faktoren!E60,0)+IF($N$11=Faktoren!C61,$P$11*Faktoren!E61,0)+IF($N$11=Faktoren!C62,$P$11*Faktoren!E62,0)+IF($N$11=Faktoren!C63,$P$11*Faktoren!E63,0)+IF($N$11=Faktoren!C64,$P$11*Faktoren!E64,0)+IF($N$11=Faktoren!C65,$P$11*Faktoren!E65,0)+IF($N$11=Faktoren!C66,$P$11*Faktoren!E66,0)+IF($N$11=Faktoren!C67,$P$11*Faktoren!E67,0)+IF($N$11=Faktoren!C67,$P$11*Faktoren!E67,0)+IF($N$11=Faktoren!C68,$P$11*Faktoren!E68,0)+IF($N$11=Faktoren!C69,$P$11*Faktoren!E69,0)+IF($N$11=Faktoren!C70,$P$11*Faktoren!E70,0)+IF($N$11=Faktoren!C71,$P$11*Faktoren!E71,0)+IF($N$11=Faktoren!C72,$P$11*Faktoren!E72,0)+IF($N$11=Faktoren!C72,$P$11*Faktoren!E72,0)+IF($N$11=Faktoren!C73,$P$11*Faktoren!E73,0)+IF($N$11=Faktoren!C74,$P$11*Faktoren!E74,0)+IF($N$11=Faktoren!C75,$P$11*Faktoren!E75,0)+IF($N$11=Faktoren!C76,$P$11*Faktoren!E76,0)+IF($N$11=Faktoren!C77,$P$11*Faktoren!E77,0)+IF($N$11=Faktoren!C78,$P$11*Faktoren!E78,0)+IF($N$11=Faktoren!C79,$P$11*Faktoren!E79,0)+IF($N$11=Faktoren!C80,$P$11*Faktoren!E80,0)+IF($N$11=Faktoren!C81,$P$11*Faktoren!E81,0)+IF($N$11=Faktoren!C82,$P$11*Faktoren!E82,0)+IF($N$11=Faktoren!C83,$P$11*Faktoren!E83,0)++IF($N$11=Faktoren!C84,$P$11*Faktoren!E84,0)+IF($N$11=Faktoren!C85,$P$11*Faktoren!E85,0)+IF($N$11=Faktoren!C86,$P$11*Faktoren!E86,0)+IF($N$11=Faktoren!C87,$P$11*Faktoren!E87,0)+IF($N$11=Faktoren!C88,$P$11*Faktoren!E88,0)+IF($N$11=Faktoren!C89,$P$11*Faktoren!E89,0)+IF($N$11=Faktoren!C90,$P$11*Faktoren!E90,0)+IF($N$11=Faktoren!C91,$P$11*Faktoren!E91,0)+IF($N$11=Faktoren!C92,$P$11*Faktoren!E92,0)+IF($N$11=Faktoren!C93,$P$11*Faktoren!E93,0)+IF($N$11=Faktoren!C94,$P$11*Faktoren!E94,0)+IF($N$11=Faktoren!C95,$P$11*Faktoren!E95,0)+IF($N$11=Faktoren!C96,$P$11*Faktoren!E96,0)+IF($N$11=Faktoren!C97,$P$11*Faktoren!E97,0)+IF($N$11=Faktoren!C98,$P$11*Faktoren!E98,0)+IF($N$11=Faktoren!C99,$P$11*Faktoren!E99,0)+IF($N$11=Faktoren!C100,$P$11*Faktoren!E100,0)+IF($N$11=Faktoren!C102,$P$11*Faktoren!E102,0)+IF($N$11=Faktoren!C103,$P$11*Faktoren!E103,0)+IF($N$11=Faktoren!C104,$P$11*Faktoren!E104,0)+IF($N$11=Faktoren!C105,$P$11*Faktoren!E105,0)+IF($N$11=Faktoren!C106,$P$11*Faktoren!E106,0)+IF($N$11=Faktoren!C107,$P$11*Faktoren!E107,0)+IF($N$11=Faktoren!C108,$P$11*Faktoren!E108,0)+IF($N$11=Faktoren!C109,$P$11*Faktoren!E109,0)+IF($N$11=Faktoren!C110,$P$11*Faktoren!E110,0)+IF($N$11=Faktoren!C111,$P$11*Faktoren!E111,0)+IF($N$11=Faktoren!C112,$P$11*Faktoren!E112,0)+IF($N$11=Faktoren!C113,$P$11*Faktoren!E113,0)+IF($N$11=Faktoren!C114,$P$11*Faktoren!E114,0)+IF($N$11=Faktoren!C115,$P$11*Faktoren!E115,0)+IF($N$11=Faktoren!C116,$P$11*Faktoren!E116,0)+IF($N$11=Faktoren!C117,$P$11*Faktoren!E117,0)+IF($N$11=Faktoren!C118,$P$11*Faktoren!E118,0)+IF($N$11=Faktoren!C119,$P$11*Faktoren!E119,0)+IF($N$11=Faktoren!C120,$P$11*Faktoren!E120,0)+IF($N$11=Faktoren!C121,$P$11*Faktoren!E121,0)+IF($N$11=Faktoren!C122,$P$11*Faktoren!E122,0) -> 0
A12: WÄ5 | B12: Pulli-Tag | C12: Am sogenannten „Pullitag“ wird einen Tag vor den Weihnachtsferien die Heizung in der Schule abgeschaltet. Stattdessen werden alle motiviert, sich warm anzuziehen, zum Beispiel mit Pullis und Jacken. Dadurch wird Heizenergie eingespart, was den CO₂-Ausstoß reduziert. Gleichzeitig sensibilisiert die Aktion Schülerinnen und Schüler sowie Lehrkräfte für einen bewussten Umgang mit Energie und zeigt, wie schon kleine Veränderungen im Alltag einen Beitrag zum Klimaschutz leisten können. | D12: 46357 | F12: zukünftiger Termin | H12: Monika Scherzer | I12: Ganze Schule | J12: 140 | K12: 2027
A13: WÄ6 | B13: Workshop eines Energieberaters zur korrekten Heizungseinstellung | C13: Ein Energieberater vermittelt Wissen darüber, wie Heizungen effizient eingestellt werden können, z. B. durch die richtige Temperaturwahl, das Vermeiden von Dauerlüften oder die Nutzung von Thermostatventilen. Dies hilft, Energieverluste zu minimieren und den Heizenergieverbrauch zu senken. Weniger Energieverbrauch bedeutet weniger CO2-Emissionen, besonders bei Heizsystemen, die fossile Brennstoffe nutzen. | D13: 46692 | E13: zukünftiger Termin | F13: zukünftiger Termin | H13: Hausmeister | I13: Ganze Schule
I15: Summen | J15: =SUM(J8:J13) -> 432
N16: Umrechnungsrechner in kWh
N17: Wenn Sie den Wärmebedarf Ihrer Schule nicht der Einheit "kWh" kennen, können Sie mit folgender Tabelle den Verbrauch in die Einheit kWh (Nutzenergie) umrechnen lassen und oben im CO2-Einsparungsrechner verwenden.
N18: Energieträger | O18: Spalte1 | P18: Energieträgerverbrauch (Endenergie) | Q18: Nutzenergie in kWh
N19: Hackschnitzel (Verbrauch in Schüttraummeter (Srm)) | P19: 0 | Q19: =Wärme!P19*'Übersicht Emissionsfaktoren'!E110*0.7 -> 0
N20: Hackschnitzel (Verbrauch in Tonnen) | P20: 0 | Q20: =P20*'Übersicht Emissionsfaktoren'!E111*0.7 -> 0
N21: Pellets (Verbrauch in Tonnen) | P21: 0 | Q21: =P21*'Übersicht Emissionsfaktoren'!E112*0.7 -> 0
N22: Pellets (Verbrauch in m³) | P22: 0 | Q22: =P22*'Übersicht Emissionsfaktoren'!E113*0.7 -> 0
N23: Erdgas (Verbrauch in m³) | P23: 0 | Q23: =P23*'Übersicht Emissionsfaktoren'!E114*0.92 -> 0
N24: Flüssiggas (Verbrauch in m³) | P24: 0 | Q24: =P24*'Übersicht Emissionsfaktoren'!E115*0.92 -> 0
N25: Heizöl (Verbrauch in Liter) | P25: 0 | Q25: =P25*'Übersicht Emissionsfaktoren'!E116*0.86 -> 0
N26: Wärmepumpe (Luft/Wasser, Stromverbauch in kWh) | P26: 0 | Q26: =P26*'Übersicht Emissionsfaktoren'!E107 -> 0
N27: Wärmepumpe (Sole/Wasser, Stromverbrauch in kWh) | P27: 0 | Q27: =P27*'Übersicht Emissionsfaktoren'!E108 -> 0

Sheet Mobilität
A6: Nr. | B6: Maßnahme | C6: Beschreibung der Maßnahme und Form der CO2-Einsparung | D6: Start der Maßnahme | E6: ="Status 1. Bewerbung"&CHAR(10)&Überblick!$F$14 -> Status 1. Bewerbung 2025 | F6: ="Status 2. Bewerbung"&CHAR(10)&Überblick!$F$16 -> Status 2. Bewerbung 2026 | G6: ="Status 3. Bewerbung"&CHAR(10)&Überblick!$F$18 -> Status 3. Bewerbung | H6: Verantwortlich & Akteure für die Umsetzung | I6: Reichweite | J6: CO2-Einsparpotential pro Jahr | K6: Ziel: CO2-Einsparpotential erreicht bis | N6: Maßnahmen, die zur Berechnung von CO2-Reduktionen geeignet sind | O6: Zugehörige Maßnahme im Klimaschutzplan | P6: Anzahl der Personenkilometer im letzten Jahr (Vgl. z. B. CO2-Rechner für Schulen) | Q6: Geplante Einsparung pro Jahr in % | R6: Geplante CO2-Reduktion pro Jahr
A8: MO1 | B8: Tag des Fahrrads | C8: Die Firma Böttcher kommt an die Schule und repariert Fahrränder gratis. Zusätzlich führen sie einen Sicherheitscheck durch. Wenn Fahrräder repariert und sicherer gemacht werden, motiviert das mehr Schüler, mit dem Fahrrad zur Schule zu kommen, anstatt das Auto oder den Bus zu nutzen. Radfahren ist eine umweltfreundliche Alternative, da es keine CO2-Emissionen verursacht. Durch die Aktion wird zudem die Lebensdauer der Fahrräder verlängert, was Ressourcen spart und den Bedarf an neuen Materialien reduziert | D8: 43466 | E8: wird laufend umgesetzt | F8: wird laufend umgesetzt | H8: Schulleitung & Landratsamt | I8: Über die Schule hinaus | R8: =IF(N8="Schülerfahrten: Flugreise durch Busreise ersetzen (bei gleicher Streckenlänge)",P8*Faktoren!$E$43,0)+IF(N8="Schülerfahrten: Flugreise durch Bahnreise ersetzen (bei gleicher Streckenlänge)",P8*Faktoren!$E$44,0) -> 0
A9: MO2 | B9: Ausbau überdachter Fahrradständer | C9: Überdachte Fahrradständer schützen Fahrräder vor Regen und Witterung, wodurch sie länger genutzt werden können und weniger Reparaturen oder Ersatzteile nötig sind. Gleichzeitig motivieren sie Schüler und Lehrer, häufiger mit dem Fahrrad zur Schule zu kommen, da das Abstellen komfortabler und sicherer ist. Wenn mehr Menschen das Fahrrad statt des Autos nutzen, sinken die CO2-Emissionen, die durch motorisierten Verkehr entstehen. | D9: 45292 | E9: umgesetzt | F9: umgesetzt | H9: Stadt Illertissen Schulleitung | I9: Ganze Schule | R9: =IF(N9="Schülerfahrten: Flugreise durch Busreise ersetzen (bei gleicher Streckenlänge)",P9*Faktoren!$E$43,0)+IF(N9="Schülerfahrten: Flugreise durch Bahnreise ersetzen (bei gleicher Streckenlänge)",P9*Faktoren!$E$44,0) -> 0
A10: MO3 | B10: Stempelkarte für Radfahrer | C10: Eine Stempelkarte motiviert Schüler, regelmäßig mit dem Fahrrad zur Schule zu kommen, indem sie für ihr Engagement belohnt werden. Sie erhalten je nach Anzahl der Stempel Urkunden, kleine Fahrradpumpen, Süßigkeiten oder kleine Gutscheine für Privilegien im Unterricht. | D10: 45717 | E10: In Umsetzung (Mitte) | F10: In Umsetzung (Mitte) | H10: Sportbeauftragter Valentin Sauter | I10: Ganze Schule | N10: Reisebus: Fahrten mit den Reisebus vermeiden | O10: MO5 | P10: 386.8 | Q10: 1 | R10: =IF(N10="Auto: Fahrgemeinschaften bilden (Wechsel von Alleinfahrt (Verbrenner) zur Fahrgemeinschaft (Verbrenner))",P10*Q10*Faktoren!$E$36,0)+IF(N10="Auto: Alleinfahrten mit dem Auto reduzieren",P10*Q10*Faktoren!$E$37,0)+IF(N10="Auto (Verbrenner) durch e-Auto ersetzen",P10*Q10*Faktoren!$E$38,0)+IF(N10="eAuto: Fahrgemeinschaften bilden (Wechsel von Alleinfahrt (eAuto) zur Fahrgemeinschaft (eAuto))",P10*Q10*Faktoren!$E$39,0)+IF(N10="eAuto: Alleinfahrten mit dem e-Auto reduzieren",P10*Q10*Faktoren!$E$41,0)+IF(N10="Flugzeug: Flugreisen reduzieren",P10*Q10*Faktoren!$E$41,0)+IF(N10="Reisebus: Fahrten mit den Reisebus vermeiden",P10*Q10*Faktoren!$E$42,0) -> 13.9248
A11: MO4 | B11: Teilnahme am Stadtradeln | C11: Die Schule macht Werbung für das Stadtradeln und hilft den Schülern bei der Anmeldung. Beim Stadtradeln werden Schüler, Lehrer und Eltern motiviert, möglichst viele Wege mit dem Fahrrad statt mit dem Auto zurückzulegen. Jede vermiedene Autofahrt spart direkt CO2, da das Fahrrad ein emissionsfreies Verkehrsmittel ist. Zudem sensibilisiert die Aktion für klimafreundliche Mobilität und zeigt, wie einfach es ist, das Fahrrad in den Alltag zu integrieren. Der Wettbewerbsgedanke und die gemeinsame Zielsetzung stärken die Motivation, was langfristig zu einem veränderten Mobilitätsverhalten führen kann. | D11: 45748 | E11: In Umsetzung (Mitte) | F11: wird laufend umgesetzt | H11: Sportbeauftragter Valentin Sauter | I11: Über die Schule hinaus | J11: 1092 | K11: 2027 | N11: Auto: Alleinfahrten mit dem Auto reduzieren | O11: MO6 | P11: 197827 | Q11: 0.1 | R11: =IF(N11="Auto: Fahrgemeinschaften bilden (Wechsel von Alleinfahrt (Verbrenner) zur Fahrgemeinschaft (Verbrenner))",P11*Q11*Faktoren!$E$36,0)+IF(N11="Auto: Alleinfahrten mit dem Auto reduzieren",P11*Q11*Faktoren!$E$37,0)+IF(N11="Auto (Verbrenner) durch e-Auto ersetzen",P11*Q11*Faktoren!$E$38,0)+IF(N11="eAuto: Fahrgemeinschaften bilden (Wechsel von Alleinfahrt (eAuto) zur Fahrgemeinschaft (eAuto))",P11*Q11*Faktoren!$E$39,0)+IF(N11="eAuto: Alleinfahrten mit dem e-Auto reduzieren",P11*Q11*Faktoren!$E$41,0)+IF(N11="Flugzeug: Flugreisen reduzieren",P11*Q11*Faktoren!$E$41,0)+IF(N11="Reisebus: Fahrten mit den Reisebus vermeiden",P11*Q11*Faktoren!$E$42,0) -> 4209.7586
A12: M05 | B12: Wandertage ausschließlich klimafreundlich. (nur ÖPNV oder zu Fuß) | C12: Indem bei Wandertagen ausschließlich der öffentliche Nahverkehr (ÖPNV) oder der Fußweg genutzt wird, wird auf den Einsatz von Bussen oder anderen CO2-emittierenden Verkehrsmitteln verzichtet. Der ÖPNV hat pro Person deutlich geringere Emissionen und das Gehen zu Fuß verursacht überhaupt keine CO2-Emissionen. Diese Entscheidung fördert nicht nur den Klimaschutz, sondern auch das Bewusstsein der Schüler für umweltfreundliche Fortbewegung. | D12: 45901 | E12: zukünftiger Termin | F12: wird laufend umgesetzt | H12: Schulleitung & Klassenlehrkräfte | I12: Ganze Schule | J12: 14 | K12: 2026 | N12: Auto: Alleinfahrten mit dem Auto reduzieren | O12: MO4 | P12: 51326 | Q12: 0.1 | R12: =IF(N12="Auto: Fahrgemeinschaften bilden (Wechsel von Alleinfahrt (Verbrenner) zur Fahrgemeinschaft (Verbrenner))",P12*Q12*Faktoren!$E$36,0)+IF(N12="Auto: Alleinfahrten mit dem Auto reduzieren",P12*Q12*Faktoren!$E$37,0)+IF(N12="Auto (Verbrenner) durch e-Auto ersetzen",P12*Q12*Faktoren!$E$38,0)+IF(N12="eAuto: Fahrgemeinschaften bilden (Wechsel von Alleinfahrt (eAuto) zur Fahrgemeinschaft (eAuto))",P12*Q12*Faktoren!$E$39,0)+IF(N12="eAuto: Alleinfahrten mit dem e-Auto reduzieren",P12*Q12*Faktoren!$E$41,0)+IF(N12="Flugzeug: Flugreisen reduzieren",P12*Q12*Faktoren!$E$41,0)+IF(N12="Reisebus: Fahrten mit den Reisebus vermeiden",P12*Q12*Faktoren!$E$42,0) -> 1092.2173
A13: M06 | B13: Stundenplanerstellung mit Wegberücksichtigung | C13: Pendler erhalten einen freien Tag pro Woche. Zusätzlich wird berücksichtigt, dass Lehrer aus selben Ortschaften Fahrgemeinschaften schließen können. Das spart CO², da so weniger CO² ausgestoßen wird. | D13: 45901 | F13: wird laufend umgesetzt | H13: Stephan Deak | I13: Ganze Schule | J13: 4210 | K13: 2026 | N13: Auto: Alleinfahrten mit dem Auto reduzieren | O13: MO7 | P13: 197827 | Q13: 0.01 | R13: =IF(N13="Auto: Fahrgemeinschaften bilden (Wechsel von Alleinfahrt (Verbrenner) zur Fahrgemeinschaft (Verbrenner))",P13*Q13*Faktoren!$E$36,0)+IF(N13="Auto: Alleinfahrten mit dem Auto reduzieren",P13*Q13*Faktoren!$E$37,0)+IF(N13="Auto (Verbrenner) durch e-Auto ersetzen",P13*Q13*Faktoren!$E$38,0)+IF(N13="eAuto: Fahrgemeinschaften bilden (Wechsel von Alleinfahrt (eAuto) zur Fahrgemeinschaft (eAuto))",P13*Q13*Faktoren!$E$39,0)+IF(N13="eAuto: Alleinfahrten mit dem e-Auto reduzieren",P13*Q13*Faktoren!$E$41,0)+IF(N13="Flugzeug: Flugreisen reduzieren",P13*Q13*Faktoren!$E$41,0)+IF(N13="Reisebus: Fahrten mit den Reisebus vermeiden",P13*Q13*Faktoren!$E$42,0) -> 420.97586
A14: M07 | B14: Lehrer-Radtour | C14: Das Kollegium unternimmt eine gemeinsame Lehrerradtour, bei der Lehrkräfte bewusst das Fahrrad als umweltfreundliches Verkehrsmittel nutzen. Die Aktion stärkt nicht nur den Zusammenhalt im Team, sondern setzt auch ein sichtbares Zeichen für nachhaltige Mobilität. Durch die bewusste Entscheidung fürs Rad statt fürs Auto wird CO₂ eingespart und gleichzeitig gezeigt, dass klimafreundliches Verhalten im Alltag möglich und attraktiv ist. Diese Vorbildfunktion wirkt sich positiv auf die Schulgemeinschaft aus und motiviert auch Schülerinnen und Schüler, öfter das Fahrrad zu nutzen. | D14: 46204 | F14: zukünftiger Termin | H14: Verkehrsbeauftragte | I14: Ganze Schule | J14: 421 | K14: 2026
A15: MO8 | B15: Fahrrad-Sicherheitstraining | C15: Die neuen Fünftklässler nehmen an einem Fahrradsicherheitstraining teil, bei dem sie wichtige Verkehrsregeln lernen und üben, wie man sicher und umsichtig mit dem Fahrrad unterwegs ist. Dadurch werden Unfälle vermieden und gleichzeitig gefördert, dass mehr Schülerinnen und Schüler das Fahrrad statt das Auto für ihren Schulweg nutzen. Das reduziert Verkehr vor der Schule und senkt den CO₂-Ausstoß, weil weniger Eltern-Taxis unterwegs sind. So verbindet das Training Sicherheit, Selbstständigkeit und Klimaschutz auf praktische Weise. | D15: 46266 | F15: zukünftiger Termin | H15: Verkehrsbeauftragte | I15: Jahrgangsstufe
I17: Summen | J17: =SUM(J8:J14) -> 5737

Sheet 17 SDGs
A12: Nr. | B12: Maßnahme | C12: Beschreibung der Maßnahme | D12: Start der Maßnahme | E12: ="Status 1. Bewerbung"&CHAR(10)&Überblick!$F$14 -> Status 1. Bewerbung 2025 | F12: ="Status 2. Bewerbung"&CHAR(10)&Überblick!$F$16 -> Status 2. Bewerbung 2026 | G12: ="Status 3. Bewerbung"&CHAR(10)&Überblick!$F$18 -> Status 3. Bewerbung | H12: Verantwortlich & Akteure für die Umsetzung | I12: Reichweite | J12: Unterstützung folgender SDGs
A14: WP1 | B14: Bau und Verkauf von Insektenhotels/Vogelhäuser | C14: Die 8. Klassen bauen im Fach Technik Insektenhotels. Das Füllmaterial dazu sammeln die 6. Klassen. Die AG Schulgarten wiederum befüllt die Insektenhotels, welche dann von der Klasse des Umweltbeauftragten an einem Weihnachtsfest der Schule verkauft werden. Das Bauen und Nutzen von Insektenhotels fördert die Artenvielfalt, insbesondere die Bestände von Wildbienen und anderen Bestäubern. Diese Insekten tragen zur Bestäubung von Pflanzen bei, was die natürliche CO2-Aufnahme durch gesunde Ökosysteme unterstützt. Indem Schüler das Füllmaterial selbst sammeln und recyceln, werden zusätzliche Ressourcen geschont, die bei der industriellen Herstellung anfallen würden. Das Projekt stärkt das Bewusstsein für nachhaltiges Handeln und fördert die Zusammenarbeit zwischen Klassen und Arbeitsgruppen. Der Verkauf der Insektenhotels sensibilisiert auch Eltern und Besucher des Weihnachtsfests für Umwelt- und Klimaschutz, was eine Multiplikatorwirkung hat. So trägt das Projekt langfristig zur Reduktion von CO2-Emissionen und zum Erhalt eines intakten Ökosystems bei. | D14: 45170 | E14: wird laufend umgesetzt | F14: wird laufend umgesetzt | H14: Anna Tröbelsberger & Florian Pfeiffer | I14: Über die Schule hinaus | J14: SDG 4, 11, 12, 13, 15
A15: WP2 | B15: Baumpfelge im Schulgarten | C15: Seit Oktober 2025 schneiden der Lehrer Florian Pfeiffer, die Leiterin der Schulgarten-AG Ulrike Exl und freiwillige Schülerinnen und Schüler der 9. Klassen jedes Jahr im Herbst und im Frühling die Obstbäume des Schulgartens zurück. Durch den regelmäßigen fachgerechten Schnitt bleiben die Bäume gesund und tragen mehr Früchte, sodass die Schule eigenes regionales Obst nutzen kann. Das spart Transportwege und reduziert den CO₂-Ausstoß. Gleichzeitig binden die gepflegten Bäume weiterhin CO₂, fördern die Biodiversität und vermitteln den Schülerinnen und Schülern praktisches Wissen über nachhaltige, klimafreundliche Ernährung. | D15: 45931 | F15: wird laufend umgesetzt | H15: Ulrike Exl & Florian Pfeiffer | I15: Ganze Schule | J15: SDG 15, 4
A16: WP3 | B16: Spendenaktion durch Tombola | C16: Schülerinnen und Schüler der 9eM haben Lose verkauft, bei denen verschiedene Aktionen mit Lehrkräften als Gewinne verlost wurden. Der Erlös dieser Aktion wird vollständig für einen guten Zweck im Bereich Klimaschutz gespendet. Das Geld erhält der LBV, der unsere Schüler dafür wieder zu einer Bildungsveranstaltung begleiten wird. Durch die Spende unterstützt die Schule wirkungsvolle Klimaschutzprojekte, die CO₂ reduzieren oder binden, und stärkt gleichzeitig das Bewusstsein der Jugendlichen für solidarisches und nachhaltiges Handeln. | D16: 45992 | F16: umgesetzt | H16: Anna Tröbelsberger & Florian Pfeiffer | I16: Über die Schule hinaus | J16: SDG 4
A17: WP4 | B17: Spende an Partnerschule in Uganda | C17: Im Rahmen der schulischer Aktionen Winterzauber, sammelt die Erhard-Vöhlin-Mittelschule Illertissen regelmäßig Spenden für den Verein Hilfe für Kinder in Uganda e. V.. Die Erlöse stammen aus dem Verkauf selbst hergestellter Produkte und werden gezielt für Bildungs- und Hilfsprojekte in Uganda eingesetzt. Die Spendenaktion verbindet soziales Engagement mit globaler Klimabildung. Den Schülerinnen und Schülern wird verdeutlicht, dass die Folgen des Klimawandels besonders stark Regionen treffen, die selbst nur sehr geringe CO₂-Emissionen verursachen. Durch die Unterstützung von Bildungs- und Infrastrukturprojekten leistet die Schule einen Beitrag zu mehr Klimagerechtigkeit und nachhaltiger Entwicklung. Gleichzeitig wird der Zusammenhang zwischen Bildung, Ressourcenschonung und langfristiger CO₂-Reduktion thematisiert: Verbesserte Bildungsbedingungen und stabile Lebensgrundlagen tragen dazu bei, umweltschädliche Notlösungen (z. B. Abholzung, ineffiziente Energiegewinnung) zu vermeiden und nachhaltige Strukturen zu fördern. | D17: 45992 | F17: wird laufend umgesetzt | H17: Vespermann | I17: Über die Schule hinaus | J17: SDG 1, 2, 6, 10, 17
A18: WP5 | B18: Bewerbung "Schule ohne Rassismus" | C18: Das Siegel „Schule ohne Rassismus – Schule mit Courage“ steht in engem Zusammenhang mit den 17 Zielen für nachhaltige Entwicklung (SDGs), insbesondere mit SDG 4 (Hochwertige Bildung), SDG 10 (Weniger Ungleichheiten) und SDG 16 (Frieden, Gerechtigkeit und starke Institutionen). Nachhaltige Entwicklung kann nur gelingen, wenn alle Menschen unabhängig von Herkunft, Aussehen oder Religion gleichwertig behandelt werden. Besonders hervorzuheben ist, dass der Anstoß zur Teilnahme an diesem Projekt von unserer SMV ausging. Die Schülerinnen und Schüler haben sich bewusst dafür eingesetzt, ein klares Zeichen gegen Rassismus und für eine offene, gerechte und zukunftsfähige Schulgemeinschaft zu setzen. | D18: 46266 | F18: zukünftiger Termin | H18: Vespermann | I18: Ganze Schule | J18: SDG 4, 5, 10, 16
A19: WP6 | B19: Spendenlauf | C19: Im Rahmen eines geplanten Spendenlaufs wird die Schulgemeinschaft Bewegung, Gemeinschaft und nachhaltiges Handeln miteinander verbinden. Die Aktion wird insbesondere die 17 Ziele für nachhaltige Entwicklung (SDGs) aufgreifen, vor allem SDG 3 (Gesundheit und Wohlergehen), SDG 10 (Weniger Ungleichheiten) und SDG 13 (Maßnahmen zum Klimaschutz). Die Schülerinnen und Schüler werden sich aktiv engagieren, um mit ihrer Leistung soziale und ökologische Projekte zu unterstützen und dabei zu erfahren, dass nachhaltige Entwicklung nur durch gemeinsames Handeln gelingt. | D19: 46569 | F19: zukünftiger Termin | H19: Valentin Sauter, Janina Biliczky | I19: Ganze Schule | J19: SDG 3, 4, 10, 17
A20: WP7

Sheet KW-Anpassung
A6: Nr. | B6: Maßnahme | C6: Beschreibung der Maßnahme | D6: Start der Maßnahme | E6: ="Status 1. Bewerbung"&CHAR(10)&Überblick!$F$14 -> Status 1. Bewerbung 2025 | F6: ="Status 2. Bewerbung"&CHAR(10)&Überblick!$F$16 -> Status 2. Bewerbung 2026 | G6: ="Status 3. Bewerbung"&CHAR(10)&Überblick!$F$18 -> Status 3. Bewerbung | H6: Verantwortlich & Akteure für die Umsetzung | I6: Reichweite
A8: KA1
A9: KA2
A10: KA3
A11: KA4
A12: KA5

Sheet Kompensation
A17: Nr. | B17: Maßnahme | C17: Beschreibung der Maßnahme und Form der CO2-Einsparung | D17: ="Status 1. Bewerbung"&CHAR(10)&Überblick!$F$14 -> Status 1. Bewerbung 2025 | E17: ="Status 2. Bewerbung"&CHAR(10)&Überblick!$F$16 -> Status 2. Bewerbung 2026 | F17: ="Status 3. Bewerbung"&CHAR(10)&Überblick!$F$18 -> Status 3. Bewerbung | G17: Verantwortlich & Akteure für die Umsetzung | H17: Kompensations- menge pro Jahr | I17: Ziel: Kompensation durchgeführt im Jahr
A19: KO1
A20: KO2
A21: KO3
A22: KO4
A23: KO5
A24: KO6
A25: KO7
A26: KO8
A27: KO9
A28: KO10
H29: =SUM(H19:H28) -> 0

Sheet CO2-Reduktionspfad
B2: Der CO2-Reduktionspfad der Schule
B6: 1. Ausgangssituation
B7: Kalenderjahr der ersten Treibhausgasbilanz (Bitte ausfüllen) | D7: 2024
B9: Ergebnis des ersten Treibhausgasbilanz laut des CO2-Rechners für Schulen (Bitte ausfüllen) | D9: 415.4
B13: 2. Zusammenfassung der Einsparungsziele laut der im Klimaschutzplan hinterlegten Maßnahmen
C16: ="Geplante Treibhausgaseinsparung laut Klimaschutzplan im Jahr "&D7+10&" gegenüber der ersten Treibhausgasbilanz "&D7&"." -> Geplante Treibhausgaseinsparung laut Klimaschutzplan im Jahr 2034 gegenüber der ersten Treibhausgasbilanz 2024. | E16: =(Abfall!J15+Ernährung!J16+Einkauf!J14+Kohlenstoffbindung!J13+Kommunikation!J22+Mobilität!J17+Strom!J16+Wärme!J15)/1000 -> 10.512 | J16: Geplante prozentuale Einsparung im Vergleich zur ersten Treibhausgasbilanz | M16: =E16/D9 -> 0.025305729
C18: ="Durchschnittlich geplante Kompensationsmenge pro Jahr laut Klimaschutzplan bis "&D7+10 &":" -> Durchschnittlich geplante Kompensationsmenge pro Jahr laut Klimaschutzplan bis 2034: | E18: =Kompensation!H29/11 -> 0
B20: 3. Ziele und reale Entwicklungen der Treibhausgasemissionen
D22: =D7 -> 2024 | E22: =D7+1 -> 2025 | F22: =E22+1 -> 2026 | G22: =F22+1 -> 2027 | H22: =G22+1 -> 2028 | I22: =H22+1 -> 2029 | J22: =I22+1 -> 2030 | K22: =J22+1 -> 2031 | L22: =K22+1 -> 2032 | M22: =L22+1 -> 2033 | N22: =M22+1 -> 2034
C23: CO2-Emissionsziele der Schule laut Klimaschutzplan ohne Kompensationsmaßnahmen | D23: =$D$9 -> 415.4 | E23: =$D$9-(0.1*$E$16) -> 414.3488 | F23: =$D$9-(0.2*$E$16) -> 413.2976 | G23: =$D$9-(0.3*$E$16) -> 412.2464 | H23: =$D$9-(0.4*$E$16) -> 411.1952 | I23: =$D$9-(0.5*$E$16) -> 410.144 | J23: =$D$9-(0.6*$E$16) -> 409.0928 | K23: =$D$9-(0.7*$E$16) -> 408.0416 | L23: =$D$9-(0.8*$E$16) -> 406.9904 | M23: =$D$9-(0.9*$E$16) -> 405.9392 | N23: =$D$9-$E$16 -> 404.888 | P23: Geplanter Reduktionspfad ohne Kompensation | S23: Ziele ohne Kompensation
C24: Tatsächliche Treibhausgasemissionen laut CO2-Rechner für Schulen ohne Kompensationsmaßnahmen | D24: 415 | P24: Tatsächlicher Reduktionspfad ohne Kompensation | S24: Real ohne Kompensation
C25: CO2-Emissionsziele der Schule laut Klimaschutzplan mit Kompensationsmaßnahmen | D25: =$D$23-IF(Kompensation!$I$19='CO2-Reduktionspfad'!$D$7,Kompensation!$H$19,0)-IF(Kompensation!$I$20='CO2-Reduktionspfad'!$D$7,Kompensation!$H$20,0)-IF(Kompensation!$I$21='CO2-Reduktionspfad'!$D$7,Kompensation!$H$21,0)-IF(Kompensation!$I$22='CO2-Reduktionspfad'!$D$7,Kompensation!$H$22,0)-IF(Kompensation!$I$23='CO2-Reduktionspfad'!$D$7,Kompensation!$H$23,0)-IF(Kompensation!$I$24='CO2-Reduktionspfad'!$D$7,Kompensation!$H$24,0)-IF(Kompensation!$I$25='CO2-Reduktionspfad'!$D$7,Kompensation!$H$25,0)-IF(Kompensation!$I$26='CO2-Reduktionspfad'!$D$7,Kompensation!$H$26,0)-IF(Kompensation!$I$27='CO2-Reduktionspfad'!$D$7,Kompensation!$H$27,0)-IF(Kompensation!$I$28='CO2-Reduktionspfad'!$D$7,Kompensation!$H$28,0) -> 415.4 | E25: =$E$23-IF(Kompensation!$I$19='CO2-Reduktionspfad'!$D$7+1,Kompensation!$H$19,0)-IF(Kompensation!$I$20='CO2-Reduktionspfad'!$D$7+1,Kompensation!$H$20,0)-IF(Kompensation!$I$21='CO2-Reduktionspfad'!$D$7+1,Kompensation!$H$21,0)-IF(Kompensation!$I$22='CO2-Reduktionspfad'!$D$7+1,Kompensation!$H$22,0)-IF(Kompensation!$I$23='CO2-Reduktionspfad'!$D$7+1,Kompensation!$H$23,0)-IF(Kompensation!$I$24='CO2-Reduktionspfad'!$D$7+1,Kompensation!$H$24,0)-IF(Kompensation!$I$25='CO2-Reduktionspfad'!$D$7+1,Kompensation!$H$25,0)-IF(Kompensation!$I$26='CO2-Reduktionspfad'!$D$7+1,Kompensation!$H$26,0)-IF(Kompensation!$I$27='CO2-Reduktionspfad'!$D$7+1,Kompensation!$H$27,0)-IF(Kompensation!$I$28='CO2-Reduktionspfad'!$D$7+1,Kompensation!$H$28,0) -> 414.3488 | F25: =$F$23-IF(Kompensation!$I$19='CO2-Reduktionspfad'!$D$7+2,Kompensation!$H$19,0)-IF(Kompensation!$I$20='CO2-Reduktionspfad'!$D$7+2,Kompensation!$H$20,0)-IF(Kompensation!$I$21='CO2-Reduktionspfad'!$D$7+2,Kompensation!$H$21,0)-IF(Kompensation!$I$22='CO2-Reduktionspfad'!$D$7+2,Kompensation!$H$22,0)-IF(Kompensation!$I$23='CO2-Reduktionspfad'!$D$7+2,Kompensation!$H$23,0)-IF(Kompensation!$I$24='CO2-Reduktionspfad'!$D$7+2,Kompensation!$H$24,0)-IF(Kompensation!$I$25='CO2-Reduktionspfad'!$D$7+2,Kompensation!$H$25,0)-IF(Kompensation!$I$26='CO2-Reduktionspfad'!$D$7+2,Kompensation!$H$26,0)-IF(Kompensation!$I$27='CO2-Reduktionspfad'!$D$7+2,Kompensation!$H$27,0)-IF(Kompensation!$I$28='CO2-Reduktionspfad'!$D$7+2,Kompensation!$H$28,0) -> 413.2976 | G25: =$G$23-IF(Kompensation!$I$19='CO2-Reduktionspfad'!$D$7+3,Kompensation!$H$19,0)-IF(Kompensation!$I$20='CO2-Reduktionspfad'!$D$7+3,Kompensation!$H$20,0)-IF(Kompensation!$I$21='CO2-Reduktionspfad'!$D$7+3,Kompensation!$H$21,0)-IF(Kompensation!$I$22='CO2-Reduktionspfad'!$D$7+3,Kompensation!$H$22,0)-IF(Kompensation!$I$23='CO2-Reduktionspfad'!$D$7+3,Kompensation!$H$23,0)-IF(Kompensation!$I$24='CO2-Reduktionspfad'!$D$7+3,Kompensation!$H$24,0)-IF(Kompensation!$I$25='CO2-Reduktionspfad'!$D$7+3,Kompensation!$H$25,0)-IF(Kompensation!$I$26='CO2-Reduktionspfad'!$D$7+3,Kompensation!$H$26,0)-IF(Kompensation!$I$27='CO2-Reduktionspfad'!$D$7+3,Kompensation!$H$27,0)-IF(Kompensation!$I$28='CO2-Reduktionspfad'!$D$7+3,Kompensation!$H$28,0) -> 412.2464 | H25: =$H$23-IF(Kompensation!$I$19='CO2-Reduktionspfad'!$D$7+4,Kompensation!$H$19,0)-IF(Kompensation!$I$20='CO2-Reduktionspfad'!$D$7+4,Kompensation!$H$20,0)-IF(Kompensation!$I$21='CO2-Reduktionspfad'!$D$7+4,Kompensation!$H$21,0)-IF(Kompensation!$I$22='CO2-Reduktionspfad'!$D$7+4,Kompensation!$H$22,0)-IF(Kompensation!$I$23='CO2-Reduktionspfad'!$D$7+4,Kompensation!$H$23,0)-IF(Kompensation!$I$24='CO2-Reduktionspfad'!$D$7+4,Kompensation!$H$24,0)-IF(Kompensation!$I$25='CO2-Reduktionspfad'!$D$7+4,Kompensation!$H$25,0)-IF(Kompensation!$I$26='CO2-Reduktionspfad'!$D$7+4,Kompensation!$H$26,0)-IF(Kompensation!$I$27='CO2-Reduktionspfad'!$D$7+4,Kompensation!$H$27,0)-IF(Kompensation!$I$28='CO2-Reduktionspfad'!$D$7+4,Kompensation!$H$28,0) -> 411.1952 | I25: =$I$23-IF(Kompensation!$I$19='CO2-Reduktionspfad'!$D$7+5,Kompensation!$H$19,0)-IF(Kompensation!$I$20='CO2-Reduktionspfad'!$D$7+5,Kompensation!$H$20,0)-IF(Kompensation!$I$21='CO2-Reduktionspfad'!$D$7+5,Kompensation!$H$21,0)-IF(Kompensation!$I$22='CO2-Reduktionspfad'!$D$7+5,Kompensation!$H$22,0)-IF(Kompensation!$I$23='CO2-Reduktionspfad'!$D$7+5,Kompensation!$H$23,0)-IF(Kompensation!$I$24='CO2-Reduktionspfad'!$D$7+5,Kompensation!$H$24,0)-IF(Kompensation!$I$25='CO2-Reduktionspfad'!$D$7+5,Kompensation!$H$25,0)-IF(Kompensation!$I$26='CO2-Reduktionspfad'!$D$7+5,Kompensation!$H$26,0)-IF(Kompensation!$I$27='CO2-Reduktionspfad'!$D$7+5,Kompensation!$H$27,0)-IF(Kompensation!$I$28='CO2-Reduktionspfad'!$D$7+5,Kompensation!$H$28,0) -> 410.144 | J25: =$J$23-IF(Kompensation!$I$19='CO2-Reduktionspfad'!$D$7+6,Kompensation!$H$19,0)-IF(Kompensation!$I$20='CO2-Reduktionspfad'!$D$7+6,Kompensation!$H$20,0)-IF(Kompensation!$I$21='CO2-Reduktionspfad'!$D$7+6,Kompensation!$H$21,0)-IF(Kompensation!$I$22='CO2-Reduktionspfad'!$D$7+6,Kompensation!$H$22,0)-IF(Kompensation!$I$23='CO2-Reduktionspfad'!$D$7+6,Kompensation!$H$23,0)-IF(Kompensation!$I$24='CO2-Reduktionspfad'!$D$7+6,Kompensation!$H$24,0)-IF(Kompensation!$I$25='CO2-Reduktionspfad'!$D$7+6,Kompensation!$H$25,0)-IF(Kompensation!$I$26='CO2-Reduktionspfad'!$D$7+6,Kompensation!$H$26,0)-IF(Kompensation!$I$27='CO2-Reduktionspfad'!$D$7+6,Kompensation!$H$27,0)-IF(Kompensation!$I$28='CO2-Reduktionspfad'!$D$7+6,Kompensation!$H$28,0) -> 409.0928 | K25: =$K$23-IF(Kompensation!$I$19='CO2-Reduktionspfad'!$D$7+7,Kompensation!$H$19,0)-IF(Kompensation!$I$20='CO2-Reduktionspfad'!$D$7+7,Kompensation!$H$20,0)-IF(Kompensation!$I$21='CO2-Reduktionspfad'!$D$7+7,Kompensation!$H$21,0)-IF(Kompensation!$I$22='CO2-Reduktionspfad'!$D$7+7,Kompensation!$H$22,0)-IF(Kompensation!$I$23='CO2-Reduktionspfad'!$D$7+7,Kompensation!$H$23,0)-IF(Kompensation!$I$24='CO2-Reduktionspfad'!$D$7+7,Kompensation!$H$24,0)-IF(Kompensation!$I$25='CO2-Reduktionspfad'!$D$7+7,Kompensation!$H$25,0)-IF(Kompensation!$I$26='CO2-Reduktionspfad'!$D$7+7,Kompensation!$H$26,0)-IF(Kompensation!$I$27='CO2-Reduktionspfad'!$D$7+7,Kompensation!$H$27,0)-IF(Kompensation!$I$28='CO2-Reduktionspfad'!$D$7+7,Kompensation!$H$28,0) -> 408.0416 | L25: =$L$23-IF(Kompensation!$I$19='CO2-Reduktionspfad'!$D$7+8,Kompensation!$H$19,0)-IF(Kompensation!$I$20='CO2-Reduktionspfad'!$D$7+8,Kompensation!$H$20,0)-IF(Kompensation!$I$21='CO2-Reduktionspfad'!$D$7+8,Kompensation!$H$21,0)-IF(Kompensation!$I$22='CO2-Reduktionspfad'!$D$7+8,Kompensation!$H$22,0)-IF(Kompensation!$I$23='CO2-Reduktionspfad'!$D$7+8,Kompensation!$H$23,0)-IF(Kompensation!$I$24='CO2-Reduktionspfad'!$D$7+8,Kompensation!$H$24,0)-IF(Kompensation!$I$25='CO2-Reduktionspfad'!$D$7+8,Kompensation!$H$25,0)-IF(Kompensation!$I$26='CO2-Reduktionspfad'!$D$7+8,Kompensation!$H$26,0)-IF(Kompensation!$I$27='CO2-Reduktionspfad'!$D$7+8,Kompensation!$H$27,0)-IF(Kompensation!$I$28='CO2-Reduktionspfad'!$D$7+8,Kompensation!$H$28,0) -> 406.9904 | M25: =$M$23-IF(Kompensation!$I$19='CO2-Reduktionspfad'!$D$7+9,Kompensation!$H$19,0)-IF(Kompensation!$I$20='CO2-Reduktionspfad'!$D$7+9,Kompensation!$H$20,0)-IF(Kompensation!$I$21='CO2-Reduktionspfad'!$D$7+9,Kompensation!$H$21,0)-IF(Kompensation!$I$22='CO2-Reduktionspfad'!$D$7+9,Kompensation!$H$22,0)-IF(Kompensation!$I$23='CO2-Reduktionspfad'!$D$7+9,Kompensation!$H$23,0)-IF(Kompensation!$I$24='CO2-Reduktionspfad'!$D$7+9,Kompensation!$H$24,0)-IF(Kompensation!$I$25='CO2-Reduktionspfad'!$D$7+9,Kompensation!$H$25,0)-IF(Kompensation!$I$26='CO2-Reduktionspfad'!$D$7+9,Kompensation!$H$26,0)-IF(Kompensation!$I$27='CO2-Reduktionspfad'!$D$7+9,Kompensation!$H$27,0)-IF(Kompensation!$I$28='CO2-Reduktionspfad'!$D$7+9,Kompensation!$H$28,0) -> 405.9392 | N25: =$N$23-IF(Kompensation!$I$19='CO2-Reduktionspfad'!$D$7+10,Kompensation!$H$19,0)-IF(Kompensation!$I$20='CO2-Reduktionspfad'!$D$7+10,Kompensation!$H$20,0)-IF(Kompensation!$I$21='CO2-Reduktionspfad'!$D$7+10,Kompensation!$H$21,0)-IF(Kompensation!$I$22='CO2-Reduktionspfad'!$D$7+10,Kompensation!$H$22,0)-IF(Kompensation!$I$23='CO2-Reduktionspfad'!$D$7+10,Kompensation!$H$23,0)-IF(Kompensation!$I$24='CO2-Reduktionspfad'!$D$7+10,Kompensation!$H$24,0)-IF(Kompensation!$I$25='CO2-Reduktionspfad'!$D$7+10,Kompensation!$H$25,0)-IF(Kompensation!$I$26='CO2-Reduktionspfad'!$D$7+10,Kompensation!$H$26,0)-IF(Kompensation!$I$27='CO2-Reduktionspfad'!$D$7+10,Kompensation!$H$27,0)-IF(Kompensation!$I$28='CO2-Reduktionspfad'!$D$7+10,Kompensation!$H$28,0) -> 404.888 | P25: Geplanter Reduktionspfad mit Kompensation | S25: Ziele mit Kompensation
C26: Tatsächliche Treibhausgasemissionen laut CO2-Rechner für Schulen mit Kompensationsmaßnahmen | D26: 415 | P26: Tatsächlicher Reduktionspfad mit Kompensation | S26: Real mit Kompensation

Sheet FAQ
B3: FAQ
B49: Weitere Hilfestellungen zur Erstellung des Klimaschutzplans finden Sie auf der Website der Klimaschule Bayern:
B51: https://www.klimaschule.bayern.de/klimaschutzplan/

Sheet Anleitung
B3: Aufgaben für Schulen, die sich rezertifizieren lassen
B5: neuen CO2-Fußabdruck eintragen
B6: CO2-Reduktionsziele überprüfen
B7: Statusfelder anpassen
B8: Überprüfen, ob gpelante Maßnahmen umgesetzt wurden

Sheet Übersicht Emissionsfaktoren
A2: Notwendige Emissions- und Umrechnungsfaktoren des CO2-Rechners der Klimaschule Bayern
A5: Sektor | B5: Emissionsfaktor | C5: Nr. | D5: Hinweis | E5: Faktor | F5: Einheit | G5: Datum Faktor | H5: Kommentar | I5: Quelle | J5: Link
A6: Abfall | B6: Restmüll | C6: E1 | D6: Emission pro m³ | E6: =21.294*0.1 -> 2.1294 | F6: kg CO2-Äquiv./ m³ | G6: 2021 | H6: Umrechnung: 1 m³ Restmüll entspricht einem Gewicht von 0,1 Tonnen | I6: DEFRA Conversion Factors 2021 - Tabelle "Waste disposal" Zelle H49 (Faktor bezieht sich auf Hausmüll, welcher in Müllverbrennungsanlage genutzt wird) | J6: https://www.gov.uk/government/publications/greenhouse-gas-reporting-conversion-factors-2021
B7: Restmüll | C7: E2 | D7: Emisison pro Tonne | E7: =E6*10 -> 21.294 | F7: kg CO2-Äquiv./ Tonne | G7: 2021 | H7: Umrechnung: 1 Tonne Restmüll entspricht einem Volumen von 10m³ | I7: https://www.statistik-bw.de/DatenMelden/Formularservice/33_A_Umrechnungsfaktoren.pdf
B8: Papiermüll | C8: E3 | D8: Emission pro m³ | E8: =E9*0.2 -> 4.2588 | F8: kg CO2-Äquiv./ m³ | G8: 2021 | H8: Umrechnung: 1 Kubikmeter Altpapier im Sammelcontainer wiegt 0,2 Tonnen | I8: https://www.statistik-bw.de/DatenMelden/Formularservice/33_A_Umrechnungsfaktoren.pdf
B9: Papiermüll | C9: E4 | D9: Emisison pro Tonne | E9: 21.294 | F9: kg CO2-Äquiv./ Tonne | G9: 2021 | I9: DEFRA Conversion Factors 2021 - Tabelle "Waste disposal" Zelle G90 | J9: https://www.gov.uk/government/publications/greenhouse-gas-reporting-conversion-factors-2021
A10: Digitalisierung | B10: Laptop | C10: E5 | D10: Herstellungsemissionen pro Gerät | E10: 311 | F10: kg CO2-Äquiv./ Laptop | G10: 2020 | H10: starke Unterschiede zwischen den Geräten. Der angebene Wert ist die obere Grenze der Spanne. Unterschiede je nach Größe, Hersteller und Ausstattung. Gilt auch für Tablets und PCs. | I10: Öko-Institut Freiburg | J10: https://www.oeko.de/fileadmin/oekodoc/Digitaler-CO2-Fussabdruck.pdf
B11: Tablet | C11: E6 | D11: Herstellungsemissionen pro Gerät | E11: 200 | F11: kg CO2-Äquiv./ Tablet | G11: 2020 | I11: Öko-Institut Freiburg | J11: https://www.oeko.de/fileadmin/oekodoc/Digitaler-CO2-Fussabdruck.pdf
B12: Desktop-PC Rechner | C12: E7 | D12: Herstellungsemissionen pro Gerät | E12: 346.9 | F12: kg CO2-Äquiv./ PC inkl. Bildschirm | G12: 2020 | I12: Öko-Institut Freiburg | J12: https://www.oeko.de/fileadmin/oekodoc/Digitaler-CO2-Fussabdruck.pdf
B13: Desktop-PC Bildschirm | C13: E8 | D13: Herstellungsemissionen pro Gerät | E13: 88.2 | F13: kg CO2-Äquiv./ PC inkl. Bildschirm | G13: 2020 | I13: Öko-Institut Freiburg | J13: https://www.oeko.de/fileadmin/oekodoc/Digitaler-CO2-Fussabdruck.pdf
A14: Digitalisierung (optional) | B14: Internetnutzung kabelgebunden | C14: E9 | D14: Emissionen pro GB Datenvolumen | E14: =0.052*E78 -> 0.022776 | F14: kg CO2-Äquiv./ GB Datenvolumen | G14: 2020 | H14: Für die Datenübertragung wird der Faktor vom deutschen Strommix angenommen | I14: Öko-Institut Freiburg | J14: https://www.oeko.de/fileadmin/oekodoc/Digitaler-CO2-Fussabdruck.pdf
B15: Internetnutzung mobile Daten | C15: E10 | D15: Emissionen pro GB Datenvolumen | E15: =0.252*E78 -> 0.110376 | F15: kg CO2-Äquiv./ GB Datenvolumen | G15: 2020 | H15: Für die Datenübertragung wird der Faktor vom deutschen Strommix angenommen | I15: Öko-Institut Freiburg | J15: https://www.oeko.de/fileadmin/oekodoc/Digitaler-CO2-Fussabdruck.pdf
A16: Einkauf | B16: Kopierpapier A4, Frischfaser, 80g/m² | C16: E11 | D16: Emission pro Blatt | E16: =919.4*0.0024948/500 -> 0.0045874382 | F16: kg CO2-Äquiv./ Blatt | G16: 2021 | H16: Annahme Papierqualität 80g/m2; 1 Packung a 500 Blatt wiegt 0,0024948 t | I16: Defra 2021 (Papier Primärproduktion) | J16: https://www.gov.uk/government/publications/greenhouse-gas-reporting-conversion-factors-2021
B17: Kopierpapier A4, Recycling, 80g/m² | C17: E12 | D17: Emission pro Blatt | E17: =739.4*0.0024948/500 -> 0.0036893102 | F17: kg CO2-Äquiv./ Blatt | G17: 2021 | H17: Annahme Papierqualität 80g/m2; 1 Packung a 500 Blatt wiegt 0,0024948 t | I17: Defra 2021 (Papier recycled closed loop) | J17: https://www.gov.uk/government/publications/greenhouse-gas-reporting-conversion-factors-2021
B18: Toilettenpapier Frischfaser, Normalrolle | C18: E13 | D18: Emission pro Normalrolle | E18: =919.4*0.000175 -> 0.160895 | F18: kg CO2-Äquiv./ Rolle | G18: 2021 | H18: Annahme: eine Normalrolle entspricht einem Gewicht von 175g | I18: Defra 2021 (Papier Primärproduktion) | J18: https://www.gov.uk/government/publications/greenhouse-gas-reporting-conversion-factors-2021
B19: Toilettenpapier Frischfaser, Jumborolle | C19: E14 | D19: Emission pro Jumborolle | E19: =E18*9 -> 1.448055 | F19: kg CO2-Äquiv./ Rolle | G19: 2021 | H19: Eine Jumborolle entspricht ca. 9 Normalrollen (https://www.falthandtuch5000.de/toilettenpapier-online-grosshandel/92-maxi-jumbo-toilettenpapier-zellstoff-2-lagig-250m-rolle-papernet-402298-6-rollen-ve-8013924422980.html; https://www.falthandtuch5000.de/toilettenpapier-online-grosshandel/2-toilettenpapier-zellstoff-3-lagig-250-blatt-isabella-72-rollen-ve.html) | I19: Defra 2021 (Papier Primärproduktion) | J19: https://www.gov.uk/government/publications/greenhouse-gas-reporting-conversion-factors-2021
B20: Toilettenpapier Recyclingpapier, Normalrolle | C20: E15 | D20: Emission pro Normalrolle | E20: =739.4*0.000175 -> 0.129395 | F20: kg CO2-Äquiv./ Rolle | G20: 2021 | H20: Annahme: eine Normalrolle entspricht einem Gewicht von 175g | I20: Defra 2021 (Papier recycled closed loop) | J20: https://www.gov.uk/government/publications/greenhouse-gas-reporting-conversion-factors-2021
B21: Toilettenpapier Recyclingpapier, Jumbo | C21: E16 | D21: Emission pro Jumborolle | E21: =E20*9 -> 1.164555 | F21: kg CO2-Äquiv./ Rolle | G21: 2021 | H21: Eine Jumborolle entspricht ca. 9 Normalrollen (https://www.falthandtuch5000.de/toilettenpapier-online-grosshandel/92-maxi-jumbo-toilettenpapier-zellstoff-2-lagig-250m-rolle-papernet-402298-6-rollen-ve-8013924422980.html; https://www.falthandtuch5000.de/toilettenpapier-online-grosshandel/2-toilettenpapier-zellstoff-3-lagig-250-blatt-isabella-72-rollen-ve.html) | I21: Defra 2021 (Papier recycled closed loop) | J21: https://www.gov.uk/government/publications/greenhouse-gas-reporting-conversion-factors-2021
B22: Einmal-Papierhandtücher, Frischfaser | C22: E17 | D22: Emission pro Blatt | E22: =919.4*0.000002 -> 0.0018388 | F22: kg CO2-Äquiv./ Blatt | G22: 2021 | H22: Annahmen: Handtuchgröße 20x20cm, spez. Papiergewicht 50g/m2 | I22: Defra 2021 (Papier recycled closed loop) | J22: https://www.gov.uk/government/publications/greenhouse-gas-reporting-conversion-factors-2021
B23: Einmal-Papierhandtücher, Recycling | C23: E18 | D23: Emission pro Blatt | E23: =739.39628*0.000002 -> 0.0014787926 | F23: kg CO2-Äquiv./ Blatt | G23: 2021 | H23: Annahmen: Handtuchgröße 20x20cm, spez. Papiergewicht 50g/m2 | I23: Defra 2021 (Papier recycled closed loop) | J23: https://www.gov.uk/government/publications/greenhouse-gas-reporting-conversion-factors-2021
A24: Ernährung-Mensa | B24: Tellergericht vegetarisch | C24: E19 | D24: Emission pro Portion bzw. Teller | E24: 0.8 | F24: kg CO2-Äquiv./ Portion | G24: 2019 | H24: Eigenberechnung (siehe Tabelle "Berechnung Gerichte"): Mittelwert verschiedener vegetarischer und veganer Gerichte | I24: Ökologische Fußabdrücke von Lebensmitteln und Gerichten in Deutschland (Guido Reinhardt, Sven Gärtner, Tobias Wagner - Heidelberg, 2020 - ifeu) | J24: https://www.ifeu.de/fileadmin/uploads/Reinhardt-Gaertner-Wagner-2020-Oekologische-Fu%C3%9Fabdruecke-von-Lebensmitteln-und-Gerichten-in-Deutschland-ifeu-2020.pdf
B25: Tellergericht Fleisch | C25: E20 | D25: Emission pro Portion bzw. Teller | E25: 1.6 | F25: kg CO2-Äquiv./ Portion | G25: 2019 | H25: Eigenberechnung (siehe Tabelle "Berechnung Gerichte"): Mittelwert verschiedener fleischhaltiger Gerichte | I25: Ökologische Fußabdrücke von Lebensmitteln und Gerichten in Deutschland (Guido Reinhardt, Sven Gärtner, Tobias Wagner - Heidelberg, 2020 - ifeu) | J25: https://www.ifeu.de/fileadmin/uploads/Reinhardt-Gaertner-Wagner-2020-Oekologische-Fu%C3%9Fabdruecke-von-Lebensmitteln-und-Gerichten-in-Deutschland-ifeu-2020.pdf
B26: Tellergericht vegan | C26: E21 | D26: Emission pro Portion bzw. Teller | E26: 0.6 | F26: kg CO2-Äquiv./ Portion | G26: 2019 | H26: Eigenberechnung (siehe Tabelle "Berechnung Gerichte"): Mittelwert verschiedener fleischhaltiger Gerichte | I26: Ökologische Fußabdrücke von Lebensmitteln und Gerichten in Deutschland (Guido Reinhardt, Sven Gärtner, Tobias Wagner - Heidelberg, 2020 - ifeu) | J26: https://www.ifeu.de/fileadmin/uploads/Reinhardt-Gaertner-Wagner-2020-Oekologische-Fu%C3%9Fabdruecke-von-Lebensmitteln-und-Gerichten-in-Deutschland-ifeu-2020.pdf
A28: Ernährung-Schulkiosk | B28: Mit Wurst belegtes Brötchen | C28: E22 | D28: Emission pro Brötchen | E28: =SUM(E29:E31) -> 0.205 | F28: kg CO2-Äquiv./ Brötchen | G28: 2019 | H28: Zusammenstellung siehe unten
B29: Brötchen (40g) | E29: =0.7*0.04 -> 0.028 | F29: kg CO2-Äquiv. | H29: Brötchen, Weißbrot: 0,7 kg CO2-Äquiv./kg Lebensmittel; durchschn. Gewicht eines Brötchens: 30-50 Gramm -> Mittelwert = 40g/ Brötchen | I29: Ökologische Fußabdrücke von Lebensmitteln und Gerichten in Deutschland (Guido Reinhardt, Sven Gärtner, Tobias Wagner - Heidelberg, 2020 - ifeu) | J29: https://www.ifeu.de/fileadmin/uploads/Reinhardt-Gaertner-Wagner-2020-Oekologische-Fu%C3%9Fabdruecke-von-Lebensmitteln-und-Gerichten-in-Deutschland-ifeu-2020.pdf
B30: Butter (10g) | E30: =9*0.01 -> 0.09 | F30: kg CO2-Äquiv. | H30: Butter: 9,0 kg CO2-Äquiv./kg Lebensmittel; Annahme: ca. 10g Butter/ Brötchen | I30: Ökologische Fußabdrücke von Lebensmitteln und Gerichten in Deutschland (Guido Reinhardt, Sven Gärtner, Tobias Wagner - Heidelberg, 2020 - ifeu) | J30: https://www.ifeu.de/fileadmin/uploads/Reinhardt-Gaertner-Wagner-2020-Oekologische-Fu%C3%9Fabdruecke-von-Lebensmitteln-und-Gerichten-in-Deutschland-ifeu-2020.pdf
B31: Wurst, Durchschnitt (30g) | E31: =2.9*0.03 -> 0.087 | F31: kg CO2-Äquiv. | H31: Wurst, Durchschnitt: 2,9 kg CO2-Äquiv./kg Lebensmittel; Annahme: ca. 30g Käse/ Brötchen | I31: Ökologische Fußabdrücke von Lebensmitteln und Gerichten in Deutschland (Guido Reinhardt, Sven Gärtner, Tobias Wagner - Heidelberg, 2020 - ifeu) | J31: https://www.ifeu.de/fileadmin/uploads/Reinhardt-Gaertner-Wagner-2020-Oekologische-Fu%C3%9Fabdruecke-von-Lebensmitteln-und-Gerichten-in-Deutschland-ifeu-2020.pdf
B32: Vegetarisch belegtes Brötchen (mit Käse) | C32: E23 | D32: Emission pro Brötchen | E32: =SUM(E33:E35) -> 0.289 | F32: kg CO2-Äquiv./ Brötchen | G32: 2019 | H32: Zusammenstellung siehe unten
B33: Brötchen (40g) | E33: =0.7*0.04 -> 0.028 | F33: kg CO2-Äquiv. | H33: Brötchen, Weißbrot: 0,7 kg CO2-Äquiv./kg Lebensmittel; durchschn. Gewicht eines Brötchens: 30-50 Gramm -> Mittelwert = 40g/ Brötchen | I33: Ökologische Fußabdrücke von Lebensmitteln und Gerichten in Deutschland (Guido Reinhardt, Sven Gärtner, Tobias Wagner - Heidelberg, 2020 - ifeu) | J33: https://www.ifeu.de/fileadmin/uploads/Reinhardt-Gaertner-Wagner-2020-Oekologische-Fu%C3%9Fabdruecke-von-Lebensmitteln-und-Gerichten-in-Deutschland-ifeu-2020.pdf
B34: Butter (10g) | E34: =9*0.01 -> 0.09 | F34: kg CO2-Äquiv. | H34: Butter: 9,0 kg CO2-Äquiv./kg Lebensmittel; Annahme: ca. 10g Butter/ Brötchen | I34: Ökologische Fußabdrücke von Lebensmitteln und Gerichten in Deutschland (Guido Reinhardt, Sven Gärtner, Tobias Wagner - Heidelberg, 2020 - ifeu) | J34: https://www.ifeu.de/fileadmin/uploads/Reinhardt-Gaertner-Wagner-2020-Oekologische-Fu%C3%9Fabdruecke-von-Lebensmitteln-und-Gerichten-in-Deutschland-ifeu-2020.pdf
B35: Käse, Durchschnitt (30g) | E35: =5.7*0.03 -> 0.171 | F35: kg CO2-Äquiv. | H35: Käse, Durchschnitt: 5,7 kg CO2-Äquiv./kg Lebensmittel; Annahme: ca. 30g Käse/ Brötchen | I35: Ökologische Fußabdrücke von Lebensmitteln und Gerichten in Deutschland (Guido Reinhardt, Sven Gärtner, Tobias Wagner - Heidelberg, 2020 - ifeu) | J35: https://www.ifeu.de/fileadmin/uploads/Reinhardt-Gaertner-Wagner-2020-Oekologische-Fu%C3%9Fabdruecke-von-Lebensmitteln-und-Gerichten-in-Deutschland-ifeu-2020.pdf
B36: Vegan belegtes Brötchen | C36: E25 | D36: Emission pro Brötchen | E36: =SUM(E37:E39) -> 0.096 | F36: kg CO2-Äquiv./ Brötchen | G36: 2019 | H36: Zusammenstellung siehe unten
B37: Brötchen (40g) | E37: =0.7*0.04 -> 0.028 | F37: kg CO2-Äquiv. | H37: Brötchen, Weißbrot: 0,7 kg CO2-Äquiv./kg Lebensmittel; durchschn. Gewicht eines Brötchens: 30-50 Gramm -> Mittelwert = 40g/ Brötchen
B38: Margarine, halbfett (10g) | E38: =1.7*0.01 -> 0.017 | F38: kg CO2-Äquiv. | H38: Margarine, halbfett: 1,7 kg CO2-Äquiv./kg Lebensmittel; Annahme: ca. 10g Margarine/ Brötchen
B39: Wurst-Ersatz, Durchschnitt (30g) | E39: =1.7*0.03 -> 0.051 | F39: kg CO2-Äquiv. | H39: Wurst-Ersatz: 1,7 kg CO2-Äquiv./kg Lebensmittel; Annahme: ca. 30g Wurst-Ersatz/ Brötchen
B40: Unbelegte Brötchen | C40: E25 | D40: Emission pro Brötchen | E40: =0.7*0.04 -> 0.028 | F40: kg CO2-Äquiv./ Brötchen | G40: 2019 | H40: Brötchen, Weißbrot: 0,7 kg CO2-Äquiv./kg Lebensmittel; durchschn. Gewicht eines Brötchens: 30-50 Gramm -> Mittelwert = 40g/ Brötchen | I40: Ökologische Fußabdrücke von Lebensmitteln und Gerichten in Deutschland (Guido Reinhardt, Sven Gärtner, Tobias Wagner - Heidelberg, 2020 - ifeu) | J40: https://www.ifeu.de/fileadmin/uploads/Reinhardt-Gaertner-Wagner-2020-Oekologische-Fu%C3%9Fabdruecke-von-Lebensmitteln-und-Gerichten-in-Deutschland-ifeu-2020.pdf
B41: Süßes Stückchen (z.B. Croissants, Plunder,…) | C41: E26 | D41: Emission pro Brötchen | E41: =1.6*(AVERAGE(E42:E44)/1000) -> 0.22826667 | F41: kg CO2-Äquiv./ Stück | G41: 2019 | H41: Feinbackwaren: 1,6 kg CO2-Äquiv./kg Lebensmittel | I41: Ökologische Fußabdrücke von Lebensmitteln und Gerichten in Deutschland (Guido Reinhardt, Sven Gärtner, Tobias Wagner - Heidelberg, 2020 - ifeu) | J41: https://www.ifeu.de/fileadmin/uploads/Reinhardt-Gaertner-Wagner-2020-Oekologische-Fu%C3%9Fabdruecke-von-Lebensmitteln-und-Gerichten-in-Deutschland-ifeu-2020.pdf
B42: Berliner | E42: 60 | F42: g | H42: Gewicht für süßes Stück ergibt sich aus Mittelwert eines Berliners, einer Quarktasche und einer Nussecke
B43: Quarktasche | E43: 230 | F43: g
B44: Nussecke | E44: 138 | F44: g
B45: Dauerwurst | C45: E27 | D45: Emission pro Stück | E45: =2.9*0.08 -> 0.232 | F45: kg CO2-Äquiv./ Stück | G45: 2020 | H45: Wurst, Bratwurst, Thüringer Rostbratwurst; Annahme: Gewicht 80g pro Stück | I45: Ökologische Fußabdrücke von Lebensmitteln und Gerichten in Deutschland (Guido Reinhardt, Sven Gärtner, Tobias Wagner - Heidelberg, 2020 - ifeu) | J45: https://www.ifeu.de/fileadmin/uploads/Reinhardt-Gaertner-Wagner-2020-Oekologische-Fu%C3%9Fabdruecke-von-Lebensmitteln-und-Gerichten-in-Deutschland-ifeu-2020.pdf
A46: Ernährung-Getränke | B46: Kaffee | C46: E28 | D46: Emisison pro kg | E46: 5.6 | F46: kg CO2-Äquiv./ kg Lebensmittel | G46: 2020 | I46: Ökologische Fußabdrücke von Lebensmitteln und Gerichten in Deutschland (Guido Reinhardt, Sven Gärtner, Tobias Wagner - Heidelberg, 2020 - ifeu) | J46: https://www.ifeu.de/fileadmin/uploads/Reinhardt-Gaertner-Wagner-2020-Oekologische-Fu%C3%9Fabdruecke-von-Lebensmitteln-und-Gerichten-in-Deutschland-ifeu-2020.pdf
B47: Kaffee | C47: E29 | D47: Emission pro Liter | E47: =5.6*0.057 -> 0.3192 | F47: kg CO2-Äquiv./ Liter | G47: 2020 | H47: Umrechnung Emissionsfaktor Kaffee von kg auf Liter; Annahme: mit einem kg Kaffeepulver können 15-20 Liter Kaffee gebrüht werden -> Mittelwert = 17,5 Liter (-> 57g Kaffeepulver werden pro Liter benötigt)
B48: Milch | C48: E30 | D48: Emission pro Liter | E48: =1.4/1.03 -> 1.3592233 | F48: kg CO2-Äquiv./ Liter | G48: 2020 | H48: Umrechnung mit Annahme: Dichte Milch = 1,03kg/ Liter | I48: Ökologische Fußabdrücke von Lebensmitteln und Gerichten in Deutschland (Guido Reinhardt, Sven Gärtner, Tobias Wagner - Heidelberg, 2020 - ifeu) | J48: https://www.ifeu.de/fileadmin/uploads/Reinhardt-Gaertner-Wagner-2020-Oekologische-Fu%C3%9Fabdruecke-von-Lebensmitteln-und-Gerichten-in-Deutschland-ifeu-2020.pdf
B49: Milchgetränk vegan | C49: E31 | D49: Emission pro Liter | E49: 0.4 | F49: kg CO2-Äquiv./ Liter | G49: 2020 | H49: Faktor von Sojamilch (häufigste Verwendung); Umrechnung mit Annahme: Dichte = 1,0 kg/ Liter | I49: Ökologische Fußabdrücke von Lebensmitteln und Gerichten in Deutschland (Guido Reinhardt, Sven Gärtner, Tobias Wagner - Heidelberg, 2020 - ifeu) | J49: https://www.ifeu.de/fileadmin/uploads/Reinhardt-Gaertner-Wagner-2020-Oekologische-Fu%C3%9Fabdruecke-von-Lebensmitteln-und-Gerichten-in-Deutschland-ifeu-2020.pdf
B50: Erfrischungsgetränke pauschal | C50: E32 | D50: Emission pro Liter | E50: =0.000515*1000 -> 0.515 | F50: kg CO2-Äquiv./ Liter | G50: 2018 | I50: Studie Öko-Instiut: COP 23 Umweltbericht Auswertung, 2018, S. 48 (515g)
A53: Mobilität | B53: Auto Verbrennungsmotor Alleinfahrt | C53: E33 | D53: Emission pro Pkm | E53: =0.152*1.4 -> 0.2128 | F53: kg CO2-Äquiv./ Pkm | G53: 2020 | H53: Faktor von 152g/km bezieht sich auf Auslastung des PKWs mit 1,4 Personen | I53: https://www.umweltbundesamt.de/themen/verkehr-laerm/emissionsdaten#verkehrsmittelvergleich_personenverkehr_grafik
B54: Auto Verbrennungsmotor Fahrgemeinschaft (≥2 Pers.) | C54: E34 | D54: Emission pro Pkm | E54: =0.152*1.4/2.3 -> 0.092521739 | F54: kg CO2-Äquiv./ Pkm | G54: 2020 | H54: Alleinfahrer-Emissionen durch 2,3 unter der Annahme, dass im Mittel 2,3 Personen pro Fahrgemeinschaft unterwegs sind | I54: https://www.umweltbundesamt.de/themen/verkehr-laerm/emissionsdaten#verkehrsmittelvergleich_personenverkehr_grafik
B55: Reisebus | C55: E35 | D55: Emission pro Pkm | E55: 0.036 | F55: kg CO2-Äquiv./ Pkm | G55: 2020 | H55: Tabelle "Vergleich der durchschnittlichen Treibhausgas-Emissionen einzelner Verkehrsmittel im Personenverkehr": Sonstige Reisebusse | I55: https://www.umweltbundesamt.de/themen/verkehr-laerm/emissionsdaten#verkehrsmittelvergleich_personenverkehr_grafik
B56: E-Auto Alleinfahrt | C56: E36 | D56: Emission pro Pkm | E56: =AVERAGE(E57:E58) -> 0.05271 | F56: kg CO2-Äquiv./ Pkm | G56: 2021
B57: Betrieb mit deutschem Strommix | E57: =21/100*E78 -> 0.09198 | F57: kg CO2-Äquiv./ Pkm | H57: Annahme: Durchschnittsverbrauch pro 100km = 21 kWh
B58: Betrieb mit Ökostrom | E58: =21/100*E79 -> 0.01344 | F58: kg CO2-Äquiv./ Pkm | H58: Annahme: Durchschnittsverbrauch pro 100km = 21 kWh
B59: E-Auto Fahrgemeinschaft (≥2 Personen) | C59: E37 | D59: Emission pro Pkm | E59: =AVERAGE(E60:E61) -> 0.022917391 | F59: kg CO2-Äquiv./ Pkm | G59: 2021 | H59: Alleinfahrer-Emissionen durch 2,3 unter der Annahme, dass im Mittel 2,3 Personen pro Fahrgemeinschaft unterwegs sind
B60: Betrieb mit deutschem Strommix | E60: =21/100*E78/2.3 -> 0.039991304 | F60: kg CO2-Äquiv./ Pkm | H60: Annahme: Durchschnittsverbrauch pro 100km = 21 kWh
B61: Betrieb mit Ökostrom | E61: =21/100*E79/2.3 -> 0.0058434783 | F61: kg CO2-Äquiv./ Pkm | H61: Annahme: Durchschnittsverbrauch pro 100km = 21 kWh
B62: E-Bike | C62: E38 | D62: Emission pro Pkm | E62: =AVERAGE(E63:E64) -> 0.003514 | F62: kg CO2-Äquiv./ Pkm | G62: 2021 | H62: Berechnung = Mittelwert aus Betrieb mit Strommix und Ökostrom
B63: Betrieb mit deutschem Strommix | E63: =1.4/100*E78 -> 0.006132 | F63: kg CO2-Äquiv./ Pkm | H63: Annahme: Durchschnittsverbrauch = 1,4 kWh/ 100 km | I63: https://www.energie-experten.ch/de/mobilitaet/detail/e-bikes-uebernehmen-die-strasse.html
B64: Betrieb mit Ökostrom | E64: =1.4/100*E79 -> 0.000896 | F64: kg CO2-Äquiv./ Pkm | H64: Annahme: Durchschnittsverbrauch = 1,4 kWh/ 100 km | I64: https://www.energie-experten.ch/de/mobilitaet/detail/e-bikes-uebernehmen-die-strasse.html
B65: E-Roller | C65: E39 | D65: Emission pro Pkm | E65: =AVERAGE(E66:E67) -> 0.003765 | F65: kg CO2-Äquiv./ Pkm | G65: 2021 | H65: Berechnung = Mittelwert aus Betrieb mit Strommix und Ökostrom
B66: Betrieb mit deutschem Strommix | E66: =1.5/100*E78 -> 0.00657 | F66: kg CO2-Äquiv./ Pkm | H66: Annahme: Durchschnittsverbrauch = 1,5 kWh/ 100 km | I66: https://www.epowers.org/elektro-scooter/co2-bilanz/
B67: Betrieb mit Ökostrom | E67: =1.5/100*E79 -> 0.00096 | F67: kg CO2-Äquiv./ Pkm | H67: Annahme: Durchschnittsverbrauch = 1,5 kWh/ 100 km | I67: https://www.epowers.org/elektro-scooter/co2-bilanz/
B68: Motorrad/Roller | C68: E40 | D68: Emission pro Pkm | E68: 0.11355 | F68: kg CO2-Äquiv./ Pkm | G68: 2021 | H68: Emissionsfaktor von "Motorbike average" | I68: DEFRA Conversion Factors 2021 | J68: https://www.gov.uk/government/publications/greenhouse-gas-reporting-conversion-factors-2021
B69: ÖPNV | C69: E41 | D69: Emission pro Pkm | E69: =AVERAGE(E70:E72) -> 0.064 | F69: kg CO2-Äquiv./ Pkm | H69: Faktor ist berechneter Mischfaktor aus den verschiedenen ÖPNV-Verkehrsmitteln | I69: https://www.umweltbundesamt.de/themen/verkehr-laerm/emissionsdaten#verkehrsmittelvergleich_personenverkehr_grafik
B70: Eisenbahn Nahverkehr | D70: Emission pro Pkm | E70: 0.054 | F70: kg CO2-Äquiv./ Pkm | G70: 2019 | H70: Bezugsjahr 2019 wurde gewählt, da der Emissionsfaktor des Jahres 2020 durch die Auswirkungen der Coronapandemie nicht repräsentativ ist | I70: https://www.umweltbundesamt.de/themen/verkehr-laerm/emissionsdaten#verkehrsmittelvergleich_personenverkehr_grafik
B71: Linienbus Nahverkehr | D71: Emission pro Pkm | E71: 0.083 | F71: kg CO2-Äquiv./ Pkm | G71: 2019 | H71: Bezugsjahr 2019 wurde gewählt, da der Emissionsfaktor des Jahres 2020 durch die Auswirkungen der Coronapandemie nicht repräsentativ ist | I71: https://www.umweltbundesamt.de/themen/verkehr-laerm/emissionsdaten#verkehrsmittelvergleich_personenverkehr_grafik
B72: Straßen-, Stadt-, U-Bahn (Mischfaktor) | D72: Emission pro Pkm | E72: 0.055 | F72: kg CO2-Äquiv./ Pkm | G72: 2019 | H72: Bezugsjahr 2019 wurde gewählt, da der Emissionsfaktor des Jahres 2020 durch die Auswirkungen der Coronapandemie nicht repräsentativ ist | I72: https://www.umweltbundesamt.de/themen/verkehr-laerm/emissionsdaten#verkehrsmittelvergleich_personenverkehr_grafik
B73: Flugzeug | C73: E42 | D73: Emission pro Pkm | E73: =AVERAGE(E74:E75) -> 0.2302 | F73: kg CO2-Äquiv./ Pkm | G73: 2019 | H73: Faktor ist berechneter Mischfaktor aus Inlands- und Auslands-/ Interkontinentalflügen | I73: https://www.umweltbundesamt.de/themen/verkehr-laerm/emissionsdaten#verkehrsmittelvergleich_personenverkehr_grafik
B74: Flugzeug (Inland) | E74: =0.0002475*1000 -> 0.2475 | F74: kg CO2-Äquiv./ Pkm | G74: 2019 | H74: Bezugsjahr 2019 wurde gewählt, da der Emissionsfaktor des Jahres 2020 durch die Auswirkungen der Coronapandemie nicht repräsentativ ist | I74: ifeu 2021 auf Basis von TREMOD und unter Einbeziehung eines EW-Faktors von 2,7 (Emission Weighting Factor)
B75: Flugzeug (Ausland/ Interkontinental) | E75: =0.0002129*1000 -> 0.2129 | F75: kg CO2-Äquiv./ Pkm | G75: 2019 | H75: Bezugsjahr 2019 wurde gewählt, da der Emissionsfaktor des Jahres 2020 durch die Auswirkungen der Coronapandemie nicht repräsentativ ist | I75: ifeu 2021 auf Basis von TREMOD und unter Einbeziehung eines EW-Faktors von 2,7 (Emission Weighting Factor)
B76: Schifffahrt | C76: E43 | D76: Emission pro Pkm | E76: 0.018738 | F76: kg CO2-Äquiv./ Pkm | G76: 2021 | H76: Emissionsfaktor von "Ferry - foot passenger" | I76: DEFRA Conversion Factors 2021 | J76: https://www.gov.uk/government/publications/greenhouse-gas-reporting-conversion-factors-2021
A78: Strom | B78: Deutscher Strommix Netzbezug | C78: E44 | D78: Emission pro kWh Strom | E78: 0.438 | F78: kg CO2-Äquiv./ kWh | G78: 2020 | H78: Der vorläufige Emissionsfaktor von 2021 (485g CO2-Äquiv./kWh) wird nicht herangezogen, da der Wert vom UBA bislang nicht bestätigt wurde. | I78: https://www.umweltbundesamt.de/themen/klima-energie/energieversorgung/strom-waermeversorgung-in-zahlen?sprungmarke=Strommix#Strommix
B79: Ökostrom Netzbezug | C79: E45 | D79: Emission pro kWh | E79: 0.064 | F79: kg CO2-Äquiv./ kWh | G79: 2020 | I79: Umweltbundesamt | J79: https://www.umweltbundesamt.de/publikationen/emissionsbilanz-erneuerbarer-energietraeger-2020
B80: Eigenstromverbrauch PV-Anlage | C80: E46 | D80: Emission pro kWh | E80: 0.055714 | F80: kg CO2-Äquiv./ kWh | G80: 2021 | I80: https://www.umweltbundesamt.de/sites/default/files/medien/1410/publikationen/2021-12-13_climate-change_71-2021_emissionsbilanz_erneuerbarer_energien_2020.pdf
B81: Eigenstromverbauch Wasserkraft | C81: E47 | D81: Emission pro kWh | E81: 0.002649 | F81: kg CO2-Äquiv./ kWh | G81: 2021 | I81: https://www.umweltbundesamt.de/sites/default/files/medien/1410/publikationen/2021-12-13_climate-change_71-2021_emissionsbilanz_erneuerbarer_energien_2020.pdf
A84: Wärme | B84: Biogas | C84: E48 | D84: Emission pro kWh | E84: 0.152 | F84: kg CO2-Äquiv./ kWh | G84: 2021 | I84: https://www.bafa.de/SharedDocs/Downloads/DE/Energie/eew_infoblatt_co2_faktoren_2021.pdf?__blob=publicationFile&v=5
B85: Biomasse: Hackschnitzel | C85: E49 | D85: Emission pro kWh | E85: 0.027 | F85: kg CO2-Äquiv./ kWh | G85: 2021 | I85: https://www.bafa.de/SharedDocs/Downloads/DE/Energie/eew_infoblatt_co2_faktoren_2021.pdf?__blob=publicationFile&v=5
B86: Biomasse: Hackschnitzel | C86: E50 | D86: Emission pro Srm | E86: =0.027*800 -> 21.6 | F86: kg CO2-Äquiv./ Srm | G86: 2021 | I86: https://www.bafa.de/SharedDocs/Downloads/DE/Energie/eew_infoblatt_co2_faktoren_2021.pdf?__blob=publicationFile&v=5
B87: Biomasse: Hackschnitzel | C87: E51 | D87: Emission pro Tonne | E87: =0.027*4000 -> 108 | F87: kg CO2-Äquiv./ Tonne | G87: 2021 | I87: https://www.bafa.de/SharedDocs/Downloads/DE/Energie/eew_infoblatt_co2_faktoren_2021.pdf?__blob=publicationFile&v=5
B88: Biomasse: Pellets | C88: E52 | D88: Emission pro kWh | E88: 0.036 | F88: kg CO2-Äquiv./ kWh | G88: 2021 | I88: https://www.bafa.de/SharedDocs/Downloads/DE/Energie/eew_infoblatt_co2_faktoren_2021.pdf?__blob=publicationFile&v=5
B89: Biomasse: Pellets | C89: E53 | D89: Emission pro Tonne | E89: =0.036*5000 -> 180 | F89: kg CO2-Äquiv./ Tonne | G89: 2021 | I89: https://www.bafa.de/SharedDocs/Downloads/DE/Energie/eew_infoblatt_co2_faktoren_2021.pdf?__blob=publicationFile&v=5
B90: Biomasse: Pellets | C90: E54 | D90: Emission pro m³ | E90: =0.036*3250 -> 117 | F90: kg CO2-Äquiv./ m³ | G90: 2021 | I90: https://www.bafa.de/SharedDocs/Downloads/DE/Energie/eew_infoblatt_co2_faktoren_2021.pdf?__blob=publicationFile&v=5
B91: Erdgas | C91: E55 | D91: Emission pro kWh | E91: 0.247 | F91: kg CO2-Äquiv./ kWh | G91: 2020 | I91: lt. Bisko Endenergie Wärme
B92: Erdgas | C92: E56 | D92: Emission pro m³ | E92: =E91*9.77 -> 2.41319 | F92: kg CO2-Äquiv./ m³ | G92: 2021 | H92: Umrechnung ist von Zustandszahl und Brennwert des Gases beim Verbraucher abhängig, daher ist eine Umrechnung mit Faktor 9,77 eine grobe Vereinfachung | I92: lt. Bisko Endenergie Wärme
B93: Fernwärme (Kohle) | C93: E57 | D93: Emission pro kWh | E93: =AVERAGE(E94:E95) -> 0.4224 | F93: kg CO2-Äquiv./ kWh | G93: 2005 | H93: Berechnung = Mittelwert Steinkohle und Braunkohle | I93: https://www.google.com/url?sa=t&rct=j&q=&esrc=s&source=web&cd=&ved=2ahUKEwiiztSCwOv3AhWLQvEDHfovCI8QFnoECAYQAQ&url=https%3A%2F%2Fwww.umweltbundesamt.de%2Fsites%2Fdefault%2Ffiles%2Fmedien%2Fpublikation%2Flong%2F3476.pdf&usg=AOvVaw0sMFtTuiahaNbZKRRCthDo
B94: Steinkohle | D94: Emission pro kWh | E94: 0.3894 | F94: kg CO2-Äquiv./ kWh | H94: Quelle: siehe Tabelle 9 - Brennstoffdifferenzierte direkte und gesamte THG-Emissionsfaktoren für Heizwerke im Jahr 2005 | I94: https://www.google.com/url?sa=t&rct=j&q=&esrc=s&source=web&cd=&ved=2ahUKEwiiztSCwOv3AhWLQvEDHfovCI8QFnoECAYQAQ&url=https%3A%2F%2Fwww.umweltbundesamt.de%2Fsites%2Fdefault%2Ffiles%2Fmedien%2Fpublikation%2Flong%2F3476.pdf&usg=AOvVaw0sMFtTuiahaNbZKRRCthDo
B95: Braunkohle | C95: E57 | D95: Emission pro kWh | E95: 0.4554 | F95: kg CO2-Äquiv./ kWh | H95: Quelle: siehe Tabelle 9 - Brennstoffdifferenzierte direkte und gesamte THG-Emissionsfaktoren für Heizwerke im Jahr 2005 | I95: https://www.google.com/url?sa=t&rct=j&q=&esrc=s&source=web&cd=&ved=2ahUKEwiiztSCwOv3AhWLQvEDHfovCI8QFnoECAYQAQ&url=https%3A%2F%2Fwww.umweltbundesamt.de%2Fsites%2Fdefault%2Ffiles%2Fmedien%2Fpublikation%2Flong%2F3476.pdf&usg=AOvVaw0sMFtTuiahaNbZKRRCthDo
B96: Fernwärme (Erdgas) | C96: E58 | D96: Emission pro kWh | E96: =0.247/0.93/0.85 -> 0.31246047 | F96: kg CO2-Äquiv./ kWh (gelieferte Wärmemenge) | G96: 2021 | H96: Eigenberechnung (Annahme: feuerungstechnischer Wirkungsgrad = 93% sowie Verluste über Fernwärmeleitung = 15%) | I96: https://www.bafa.de/SharedDocs/Downloads/DE/Energie/eew_infoblatt_co2_faktoren_2021.pdf?__blob=publicationFile&v=5
B97: Fernwärme (Biogas) | C97: E59 | D97: Emission pro kWh | E97: =E84/0.93/0.85 -> 0.19228336 | F97: kg CO2-Äquiv./ kWh (gelieferte Wärmemenge) | G97: 2021 | H97: Eigenberechnung (Annahme: feuerungstechnischer Wirkungsgrad = 93% sowie Verluste über Fernwärmeleitung = 15%) | I97: https://www.bafa.de/SharedDocs/Downloads/DE/Energie/eew_infoblatt_co2_faktoren_2021.pdf?__blob=publicationFile&v=5
B98: Fernwärme (Müll HKW) - Variante 1 | C98: E60 | D98: Emission pro kWh | E98: =0.1843/0.85 -> 0.21682353 | F98: kg CO2-Äquiv./ kWh (gelieferte Wärmemenge) | G98: 2005 | H98: Annahme: Verluste über Fernwärmeleitung = 15% (Quelle: siehe Tabelle 19 - Emissionswert von "Müll-HKW-DT-EK") | I98: https://www.google.com/url?sa=t&rct=j&q=&esrc=s&source=web&cd=&ved=2ahUKEwiiztSCwOv3AhWLQvEDHfovCI8QFnoECAYQAQ&url=https%3A%2F%2Fwww.umweltbundesamt.de%2Fsites%2Fdefault%2Ffiles%2Fmedien%2Fpublikation%2Flong%2F3476.pdf&usg=AOvVaw0sMFtTuiahaNbZKRRCthDo
B99: neu: Fernwärme (Müll HKW) - Optional | D99: Emission pro kWh | E99: 0.04 | F99: kg CO2-Äquiv./ kWh (gelieferte Wärmemenge) | G99: 2020 | H99: nach GEG Anlage 9: Emissionsfaktoren Nr. 22 | I99: https://www.geg-info.de/geg/anlage_09_umrechnung_in_treibhausgasemissionen.htm
B100: Fernwärme (Hackschnitzel) | C100: E61 | D100: Emission pro kWh | E100: =0.027/0.93/0.85 -> 0.034155598 | F100: kg CO2-Äquiv./ kWh (gelieferte Wärmemenge) | G100: 2021 | H100: Eigenberechnung (Annahme: feuerungstechnischer Wirkungsgrad = 93% sowie Verluste über Fernwärmeleitung = 15%)
B101: Fernwärme (Industrielle Prozessabwärme) | C101: E62 | D101: Emission pro kWh | E101: 0.04 | F101: kg CO2-Äquiv./ kWh (gelieferte Wärmemenge) | G101: 2020 | H101: nach GEG Anlage 9: Emissionsfaktoren Nr. 17 | I101: https://www.geg-info.de/geg/anlage_09_umrechnung_in_treibhausgasemissionen.htm
B102: Flüssiggas | C102: E63 | D102: Emission pro kWh | E102: =0.000276*1000 -> 0.276 | F102: kg CO2-Äquiv./ kWh | G102: 2020 | I102: lt. Bisko Endenergie Wärme
B103: Flüssiggas | C103: E64 | D103: Emission pro m³ | E103: =0.000276*1000*6.57*1000 -> 1813.32 | F103: kg CO2-Äquiv./ m³ | G103: 2020
B104: Heizöl | C104: E65 | D104: Emission pro Liter | E104: =0.000318*1000*9.94 -> 3.16092 | F104: kg CO2-Äquiv./ kWh | G104: 2020 | H104: Ein Liter Heizöl enthält 9,94 kWh | I104: lt. Bisko Endeergie Wärme
B105: Heizöl | C105: E66 | D105: Emission pro kWh | E105: =0.000318*1000 -> 0.318 | F105: kg CO2-Äquiv./ kWh | G105: 2020 | H105: Ein Liter Heizöl enthält 9,94 kWh | I105: lt. Bisko Endeergie Wärme
B106: Strom (Deutscher Strommix Netzbezug) | C106: E67 | D106: Emission pro kWh | E106: =E78 -> 0.438 | F106: kg CO2-Äquiv./ kWh | G106: 2021 | H106: Vgl. Angabe im Sektor Strom | I106: https://www.umweltbundesamt.de/themen/klima-energie/energieversorgung/strom-waermeversorgung-in-zahlen?sprungmarke=Strommix#Strommix
B107: Jahresarbeitszahl Wärmepumpe (Luft/Wasser) | E107: 3.1
B108: Jahresarbeitszahl Wärmepumpe (Sole/Wasser) | E108: 3.8
A110: Umrechnungsfaktoren Wärme in kWh | B110: Biomasse: Hackschnitzel, Srm nach kWh | C110: U1 | D110: Srm nach kWh | E110: 800 | I110: Bayerische Landesanstalt für Wald und Fortwirtschaft, 2014, Berechnung eza! | N110: https://www.lwf.bayern.de/mam/cms04/service/dateien/mb-12-energiegehalt-holz.pdf
...

Sheet Schlüsselprojekt
A1: Ja
A2: Nein

Sheet Status
A1: Status | C1: CO2-Einsparung | E1: Reichweite | H1: Ziel: CO2-Einsparung ab
A3: umgesetzt | C3: direkt | E3: AG | H3: 2016
A4: wird laufend umgesetzt | C4: indirekt | E4: Klasse | H4: 2017
A5: In Umsetzung (Anfang) | C5: direkt & indirekt | E5: Jahrgangsstufe | H5: 2018
A6: In Umsetzung (Mitte) | E6: Mehrere Jahrgangsstufen | H6: 2019
A7: In Umsetzung (Ende) | E7: Ganze Schule | H7: 2020
A8: zukünftiger Termin | E8: Über die Schule hinaus | H8: 2021
A9: bisher nicht umgesetzt | E9: Kollegium | H9: 2022
A10: Umsetzung nicht möglich | E10: Eltern | H10: 2023
H11: 2024
H12: 2025
H13: 2026
H14: 2027
H15: 2028
H16: 2029
H17: 2030
H18: 2031
H19: 2032
H20: 2033
H21: 2034
H22: 2035
... H27: 2040
